Workbook
Name Base: Base!$A$1:$BI$72
Name Copen: #REF!
Name LimTwo: #REF!
Name Optimal: #REF!
Name Stern: #REF!
Name SternCalib: #REF!

Sheet Version notes and copyright
A1: ADVANCED VERSION
A2: Please read the file "ReadMeExcel-November 2023" for details on them modeling.
A4: File date: November 13, 2023
A5: This is the Excel version of the DICE-2023 model. Authoritative is the GAMS version.
A6: It is still in trial stage and has not been carefully reviewed by users.
A7: It corresponds to the GAMS version "DICE2023-b-4-3-10.gms"
A9: Excel is a secondary model
A10: Note that the authoritative version is the GAMS version.
A11: The Excel version tracks well except for "alpha" which is only approximated in Excel because of computational complexities of the GAMS solution.
A12: This is the 2020+ version. Other versions contain the full file back to 1765. These are not publicly available.
A14: Scenarios
A15: 1. Base is a current policy or "reference" run.
... A40: We welcome comments but will not always respond quickly.

Sheet Interpretation
A1: Each sheet contains the following parts:
A3: Top part is Excel DICE model. This goes through line 159.
A4: Lines 162 - 231 are GAMS output for that scenario. These come from the GAMS output in "GAMS" sheet.
A5: Lines 233 - 285 are from the Excel model. They refer up the sheet to the code and are simply rearraged to make comparison later easy.
A7: Lines 287 - 235 are the error in the Excel model relative to GAMS. These are (Excel/GAMS -1)%
A8: Lines 244 - 396 are averages of different period. These have not be checked.
A10: The colors are descriptive but not always accurate.

Sheet Parameters
A1: Parameters as of October 26, 2016
B2: Parameter value | D2: Notes
A3: Major change | D3: Corrected
A4: KEY PARAMETERS
A5: Rate of social time preference (% py) | B5: 0.026341 | D5: With precautionary
A6: Elasticity of MU of consumption (set) | B6: 0.95 | D6: With precautionary
A7: Damage coefficient on temperature | B7: 0 | D7: Revised in 2023, see lab notes.
A8: Damage coefficient on temperature squared | B8: 0.003467 | D8: Revised in 2023, see lab notes.
A9: Exponent on damages | B9: 2 | D9: Damage coefficients are calibrated to impact analysis and should be adjusted together
A10: Backstop price, 2050 (2019$/tCO2) | B10: 515 | D10: Revised in 2023, see lab notes.
A11: Exponent of control cost function | B11: 2.6 | D11: Revised in 2023, see lab notes.
A12: Maximum carbon resources (GtC) | B12: 6000 | D12: Unchanged, but not used in current model.
A13: Trend sigma growth (per year) | B13: -0.015 | D13: Revised in 2023, see lab notes.
A14: Time step | B14: 5 | D14: 5 years
A15: OUTPUT and PRODUCTION
A16: Capital share | B16: 0.3 | D16: assumed
A17: Rate of depreciation (percent per year) | B17: 0.1 | D17: assumed
A18: Initial output (2010 US International $, trillions)
A19: Year 2020 (centered trilliions 2029 PPP $) | B19: 135.7 | D19: Revised in 2023, see lab notes.
A20: Population
A21: Initial, 2020 (millions) | B21: 7752.9 | D21: Revised in 2023, see lab notes.
A22: 2050 parameter | B22: 0.145 | D22: Revised in 2023, see lab notes.
A23: Asymptotic | B23: 10825 | D23: Revised in 2023, see lab notes.
A24: Total factor productivity
A25: Initial K | B25: 295 | D25: Recalibrated 4-3-7
A26: Initial level of total factor productivity | B26: 5.84 | D26: Revised in 2023, see lab notes.
A27: Initial growth rate for TFP per 5 years | B27: 0.066 | D27: Revised Oct 2023, see appendix
A28: Decline rate of TFP per 5 years | B28: 0.0015 | D28: Revised Oct 2023, see appendix
A29: ABATEMENT
A30: Upper limit control rate | D30: In program.
A31: EMISSIONS
A32: Initial sigma (tCO2 per $1000 GDP US $, 2019 prices) 2020 | D32: 0.29135477 | E32: DICE GAMS
A33: Initial carbon emissions from land use change (GTC)2 per year), 2020 | D33: In program. | E33: IPCC AR6
A34: Decline rate of land emissions per five years | D34: 0.1 | E34: FAO
A35: delgsig | B35: 0.96
A36: CONCENTRATIONS | B36: ppm | D36: GtC
A37: Initial atmospheric concentration of CO2 (GTC, end 2010) | C37: In program
A40: NON-CO2 GHG MODULE
A42: Carbonemissionsfromland2015(GtCO2peryear) | B42: eland0 | C42: 5.9
A43: Declinerateoflandemission | B43: deland | C43: 0.1
A44: Non-abatableforcings2020 | B44: F_Misc2020 | C44: -0.054
A45: Non-abatableforcings2100 | B45: F_Misc2100 | C45: 0.265
A46: ForcingsofabatablenonCO2GHG | B46: F_GHGabate2020 | C46: 0.518
A47: ForcingsofabatablenonCO2GHG | B47: F_GHGabate2100 | C47: 0.957
A48: EmisofabatablenonCO2GHGGtCO2e2020 | B48: ECO2eGHGB2020 | C48: 9.96
A49: EmisofabatablenonCO2GHGGtCO2e2100 | B49: ECO2eGHGB2100 | C49: 15.5
A50: RatioofCO2etoindustrialCO22020 | B50: emissrat2020 | C50: 1.4
A51: RatioofCO2etoindustrialCO22020 | B51: emissrat2100 | C51: 1.21
A52: Coefficientofnonco2abateableemissions | B52: Fcoef1 | C52: 0.00955
A53: Coefficientofnonco2abateableemissions | B53: Fcoef2 | C53: 0.861
B55: FAIR Parameters
D56: Source for all parameters is Millar et al. (2017) unless noted otherwise
D57: Source for historical emissions and exogenous forcing is Meinhausen et al. (2011).
C58: FAIR
A59: Share of emissions into reservoir i | B59: a0 | C59: 0.2173
A60: Share of emissions into reservoir i | B60: a1 | C60: 0.224
A61: Share of emissions into reservoir i | B61: a2 | C61: 0.2824
A62: Share of emissions into reservoir i | B62: a3 | C62: 0.2763
A63: Time constant of reservoir i | B63: t0 (year) | C63: =1*10^6 -> 1000000
A64: Time constant of reservoir i | B64: t1 (year) | C64: 394.4
A65: Time constant of reservoir i | B65: t2 (year) | C65: 36.53
A66: Time constant of reservoir i | B66: t3 (year) | C66: 4.304
A67: Parameters temperature module | B67: q1 (m2/KW) | C67: 0.324
A68: Parameters temperature module | B68: q2 (m2/KW) | C68: 0.44
A69: Parameters temperature module | B69: d1 (year) | C69: 236 | D69: Not used because of different structure
A70: Parameters temperature module | B70: d2 (year) | C70: 4.07 | D70: Not used because of different structure
A71: Parameters IRF equation (not used) | B71: r0 (year) | C71: 32.4 | D71: Not used because of different structure
A72: Parameters IRF equation (not used) | B72: rc (year/GtC) | C72: 0.019
A73: Parameters IRF equation (not used) | B73: rT (year/K) | C73: 4.165 | D73: conversion
A75: Conversion factor | B75: GtC per 1 ppm | C75: 2.13 | D75: conversion
B77: C0 | C77: =+C78/2.13 -> 276.05634 | D77: Pre-industrial CO2 in ppm. Source: Smith et al. (2017) | H77: https://gmd.copernicus.org/articles/11/2273/2018/
C78: 588
B79: F2x (W/m2) | C79: 3.93 | E79: Changed to match ESC and TSC
A81: Equation for ALPHA (july 25, 2023)
A82: Dependent Variable: ALPHA
A83: Method: Least Squares (Gauss-Newton / Marquardt steps)
A84: Date: 07/24/23 Time: 16:50
A85: Sample: 1 246 IF YEAR<2150 AND YEAR>YEAR(-1) AND YEAR>2020
A86: AND (SCEN="OPTIMAL" OR SCEN="BASE")
A87: Included observations: 50
A88: Convergence achieved after 0 iterations
A89: Coefficient covariance computed using outer product of gradients
A90: ALPHA=EXP(C(1)+C(2)*IFR)
B92: Coefficient | C92: Std. Error | D92: t-Statistic | E92: Prob.
A94: CCATOTALL(-1) | B94: -4.533852 | C94: 0.000562 | D94: -8.200346 | E94: 0
A95: CCATOTALL(-1)^2 | B95: 0.0863147 | C95: 5.92e-08 | D95: 22.88385 | E95: 0
A97: R-squared | B97: 0.999525 | C97: Mean dependent var | E97: 1.571116
A98: Adjusted R-squared | B98: 0.999506 | C98: S.D. dependent var | E98: 1.121037
A99: S.E. of regression | B99: 0.024929 | C99: Akaike info criterion | E99: -4.496899
A100: Sum squared resid | B100: 0.059036 | C100: Schwarz criterion | E100: -4.366641
A101: Log likelihood | B101: 229.845 | C101: Hannan-Quinn criter. | E101: -4.444181
A102: F-statistic | B102: 50028.19 | C102: Durbin-Watson stat | E102: 0.287496
A103: Prob(F-statistic) | B103: 0
A105: Dependent Variable: IFR
A106: Method: Least Squares
A107: Date: 07/25/23 Time: 09:45
A108: Sample: 1 246 IF YEAR<2150 AND YEAR>YEAR(-1) AND YEAR>2020
A109: AND (SCEN="OPTIMAL" OR SCEN="BASE")
A110: Included observations: 50
A112: Variable | B112: Coefficient | C112: Std. Error | D112: t-Statistic | E112: Prob.
...

Sheet GAMS
A2: Results of DICE2023-b-4-3-10.csv: October 16, 2023
A3: SCENARIO: OPTIMAL
A4: Results of DICE2023-opt-b-4-3-10
A5: OPTIMAL
A6: This is optimal if ifopt = 1 and baseline if ifopt = 0
A7: ifopt = | B7: 1
A9: Period | B9: 1 | C9: 2 | D9: 3 | E9: 4 | F9: 5 | G9: 6 | H9: 7 | I9: 8 | J9: 9 | K9: 10 | L9: 11 | M9: 12 | N9: 13 | O9: 14 | P9: 15 | Q9: 16 | R9: 17 | S9: 18 | T9: 19 | U9: 20 | V9: 21 | W9: 22 | X9: 23 | Y9: 24 | Z9: 25 | AA9: 26 | AB9: 27 | AC9: 28 | AD9: 29 | AE9: 30 | AF9: 31 | AG9: 32 | AH9: 33 | AI9: 34 | AJ9: 35 | AK9: 36 | AL9: 37 | AM9: 38 | AN9: 39 | AO9: 40 | AP9: 41 | AQ9: 42 | AR9: 43 | AS9: 44 | AT9: 45 | AU9: 46 | AV9: 47 | AW9: 48 | AX9: 49 | AY9: 50 | AZ9: 51 | BA9: 52 | BB9: 53 | BC9: 54 | BD9: 55 | BE9: 56 | BF9: 57 | BG9: 58 | BH9: 59 | BI9: 60 | BJ9: 61 | BK9: 62 | BL9: 63 | BM9: 64 | BN9: 65 | BO9: 66 | BP9: 67 | BQ9: 68 | BR9: 69 | BS9: 70 | BT9: 71 | BU9: 72 | BV9: 73 | BW9: 74 | BX9: 75 | BY9: 76 | BZ9: 77 | CA9: 78 | CB9: 79 | CC9: 80 | CD9: 81
A10: Year | B10: 2020 | C10: 2025 | D10: 2030 | E10: 2035 | F10: 2040 | G10: 2045 | H10: 2050 | I10: 2055 | J10: 2060 | K10: 2065 | L10: 2070 | M10: 2075 | N10: 2080 | O10: 2085 | P10: 2090 | Q10: 2095 | R10: 2100 | S10: 2105 | T10: 2110 | U10: 2115 | V10: 2120 | W10: 2125 | X10: 2130 | Y10: 2135 | Z10: 2140 | AA10: 2145 | AB10: 2150 | AC10: 2155 | AD10: 2160 | AE10: 2165 | AF10: 2170 | AG10: 2175 | AH10: 2180 | AI10: 2185 | AJ10: 2190 | AK10: 2195 | AL10: 2200 | AM10: 2205 | AN10: 2210 | AO10: 2215 | AP10: 2220 | AQ10: 2225 | AR10: 2230 | AS10: 2235 | AT10: 2240 | AU10: 2245 | AV10: 2250 | AW10: 2255 | AX10: 2260 | AY10: 2265 | AZ10: 2270 | BA10: 2275 | BB10: 2280 | BC10: 2285 | BD10: 2290 | BE10: 2295 | BF10: 2300 | BG10: 2305 | BH10: 2310 | BI10: 2315 | BJ10: 2320 | BK10: 2325 | BL10: 2330 | BM10: 2335 | BN10: 2340 | BO10: 2345 | BP10: 2350 | BQ10: 2355 | BR10: 2360 | BS10: 2365 | BT10: 2370 | BU10: 2375 | BV10: 2380 | BW10: 2385 | BX10: 2390 | BY10: 2395 | BZ10: 2400 | CA10: 2405 | CB10: 2410 | CC10: 2415 | CD10: 2420
A11: Objective function (2019$) | B11: 6659.4769
A12: Industrial CO2 GtCO2/yr | B12: 37.3362 | C12: 38.131323 | D12: 34.515239 | E12: 35.13528 | F12: 35.540702 | G12: 35.561383 | H12: 35.14935 | I12: 34.993031 | J12: 34.528333 | K12: 33.729637 | L12: 32.5674 | M12: 31.007783 | N12: 29.012335 | O12: 26.537653 | P12: 23.534914 | Q12: 19.949062 | R12: 15.717116 | S12: 11.473519 | T12: 6.5724669 | U12: 0.93053808 | V12: -5.5567681 | W12: -12.886398 | X12: -13.612484 | Y12: -14.395617 | Z12: -15.235115 | AA12: -16.132174 | AB12: -17.089186 | AC12: -18.109304 | AD12: -19.194474 | AE12: -20.32997 | AF12: -21.517474 | AG12: -22.758634 | AH12: -24.055018 | AI12: -25.408006 | AJ12: -26.818599 | AK12: -28.28703 | AL12: -29.811997 | AM12: -15.69457 | AN12: -16.53017 | AO12: -17.385962 | AP12: -18.265444 | AQ12: -19.171321 | AR12: -20.105698 | AS12: -21.070238 | AT12: -22.066284 | AU12: -23.094948 | AV12: -24.157162 | AW12: -25.253726 | AX12: -26.385334 | AY12: -27.552594 | AZ12: -28.75604 | BA12: -29.99614 | BB12: -31.273304 | BC12: -32.587885 | BD12: -33.940179 | BE12: -35.33043 | BF12: -36.758822 | BG12: 0 | BH12: 0 | BI12: 0 | BJ12: 0 | BK12: 0 | BL12: 0 | BM12: 0 | BN12: 0 | BO12: 0 | BP12: 0 | BQ12: 0 | BR12: 0 | BS12: 0 | BT12: 0 | BU12: 0 | BV12: 0 | BW12: 0 | BX12: 0 | BY12: 0 | BZ12: 0 | CA12: 0 | CB12: 0 | CC12: 0 | CD12: 0
A13: Atmospheric concentration C (ppm) | B13: 416.20319 | C13: 429.91481 | D13: 441.20381 | E13: 452.89512 | F13: 464.68532 | G13: 476.38057 | H13: 487.79492 | I13: 499.1359 | J13: 510.24229 | K13: 520.96407 | L13: 531.14054 | M13: 540.59401 | N13: 549.12654 | O13: 556.51745 | P13: 562.52093 | Q13: 566.86376 | R13: 569.24253 | S13: 569.71726 | T13: 567.95571 | U13: 563.61015 | V13: 556.29912 | W13: 545.67482 | X13: 535.78635 | Y13: 526.2447 | Z13: 516.83214 | AA13: 507.42119 | AB13: 497.93247 | AC13: 488.31233 | AD13: 478.52209 | AE13: 468.54164 | AF13: 458.35524 | AG13: 447.95062 | AH13: 437.31862 | AI13: 426.45326 | AJ13: 415.35207 | AK13: 404.01678 | AL13: 392.45443 | AM13: 389.57161 | AN13: 385.20275 | AO13: 380.11595 | AP13: 374.59864 | AQ13: 368.75817 | AR13: 362.63727 | AS13: 356.25659 | AT13: 349.62992 | AU13: 342.76952 | AV13: 335.68807 | AW13: 328.39941 | AX13: 320.91896 | AY13: 313.26389 | AZ13: 305.4533 | BA13: 297.50822 | BB13: 289.45151 | BC13: 281.30753 | BD13: 273.10167 | BE13: 264.85967 | BF13: 256.60697 | BG13: 266.62006 | BH13: 272.22594 | BI13: 276.13388 | BJ13: 278.96307 | BK13: 281.08793 | BL13: 282.74908 | BM13: 284.10148 | BN13: 285.24503 | BO13: 286.24423 | BP13: 287.14079 | BQ13: 287.9618 | BR13: 288.72494 | BS13: 289.44181 | BT13: 290.12018 | BU13: 290.76528 | BV13: 291.38075 | BW13: 291.96923 | BX13: 292.53265 | BY13: 293.07255 | BZ13: 293.59015 | CA13: 294.08652 | CB13: 294.56259 | CC13: 295.01919 | CD13: 295.4571
A14: Atmospheric concentrations GtC | B14: 886.5128 | C14: 915.71855 | D14: 939.76411 | E14: 964.6666 | F14: 989.77973 | G14: 1014.6906 | H14: 1039.0032 | I14: 1063.1595 | J14: 1086.8161 | K14: 1109.6535 | L14: 1131.3294 | M14: 1151.4652 | N14: 1169.6395 | O14: 1185.3822 | P14: 1198.1696 | Q14: 1207.4198 | R14: 1212.4866 | S14: 1213.4978 | T14: 1209.7457 | U14: 1200.4896 | V14: 1184.9171 | W14: 1162.2874 | X14: 1141.2249 | Y14: 1120.9012 | Z14: 1100.8525 | AA14: 1080.8071 | AB14: 1060.5962 | AC14: 1040.1053 | AD14: 1019.2521 | AE14: 997.99369 | AF14: 976.29665 | AG14: 954.13482 | AH14: 931.48867 | AI14: 908.34545 | AJ14: 884.69992 | AK14: 860.55574 | AL14: 835.92794 | AM14: 829.78753 | AN14: 820.48185 | AO14: 809.64697 | AP14: 797.89511 | AQ14: 785.4549 | AR14: 772.41738 | AS14: 758.82654 | AT14: 744.71174 | AU14: 730.09908 | AV14: 715.01558 | AW14: 699.49075 | AX14: 683.55739 | AY14: 667.25209 | AZ14: 650.61554 | BA14: 633.69252 | BB14: 616.53171 | BC14: 599.18504 | BD14: 581.70656 | BE14: 564.15109 | BF14: 546.57285 | BG14: 567.90073 | BH14: 579.84125 | BI14: 588.16516 | BJ14: 594.19133 | BK14: 598.71729 | BL14: 602.25554 | BM14: 605.13616 | BN14: 607.57192 | BO14: 609.7002 | BP14: 611.60988 | BQ14: 613.35864 | BR14: 614.98411 | BS14: 616.51107 | BT14: 617.95598 | BU14: 619.33004 | BV14: 620.64101 | BW14: 621.89446 | BX14: 623.09455 | BY14: 624.24452 | BZ14: 625.34702 | CA14: 626.40429 | CB14: 627.41831 | CC14: 628.39087 | CD14: 629.32362
A15: Atmospheric temperaturer (deg c above preind) | B15: 1.24715 | C15: 1.4248441 | D15: 1.5463166 | E15: 1.6481448 | F15: 1.7435344 | G15: 1.8355836 | H15: 1.9244085 | I15: 2.0107163 | J15: 2.094475 | K15: 2.1751117 | L15: 2.2518913 | M15: 2.3240014 | N15: 2.3905627 | O15: 2.4506173 | P15: 2.5031104 | Q15: 2.5468639 | R15: 2.5805427 | S15: 2.5975234 | T15: 2.6011335 | U15: 2.5911288 | V15: 2.5659428 | W15: 2.5234844 | X15: 2.4760724 | Y15: 2.4287915 | Z15: 2.3821993 | AA15: 2.3358171 | AB15: 2.2890249 | AC15: 2.2412524 | AD15: 2.1919986 | AE15: 2.1408531 | AF15: 2.0874497 | AG15: 2.031448 | AH15: 1.9725235 | AI15: 1.9103641 | AJ15: 1.8446684 | AK15: 1.7751467 | AL15: 1.7015266 | AM15: 1.6651942 | AN15: 1.6350796 | AO15: 1.602724 | AP15: 1.5668625 | AQ15: 1.527536 | AR15: 1.4848732 | AS15: 1.4389228 | AT15: 1.3896722 | AU15: 1.337078 | AV15: 1.2810844 | AW15: 1.2216326 | AX15: 1.1586669 | AY15: 1.0921384 | AZ15: 1.0220085 | BA15: 0.94825205 | BB15: 0.87085979 | BC15: 0.78983948 | BD15: 0.70521575 | BE15: 0.61702797 | BF15: 0.52532762 | BG15: 0.5580256 | BH15: 0.5991965 | BI15: 0.63145576 | BJ15: 0.65406419 | BK15: 0.66934425 | BL15: 0.67956856 | BM15: 0.68641346 | BN15: 0.69101661 | BO15: 0.69412764 | BP15: 0.69623593 | BQ15: 0.69766074 | BR15: 0.69861116 | BS15: 0.69922509 | BT15: 0.69959439 | BU15: 0.69978103 | BV15: 0.69982749 | BW15: 0.69976349 | BX15: 0.69961027 | BY15: 0.69938346 | BZ15: 0.6990948 | CA15: 0.69875343 | CB15: 0.6983666 | CC15: 0.69794021 | CD15: 0.69747921
A16: Total forcings w/m2 | B16: 2.7918385 | C16: 3.0139138 | D16: 3.1948396 | E16: 3.3638747 | F16: 3.5290935 | G16: 3.6881724 | H16: 3.8387474 | I16: 3.9830906 | J16: 4.1205681 | K16: 4.2495334 | L16: 4.3683486 | M16: 4.4753032 | N16: 4.5685686 | O16: 4.6461546 | P16: 4.7058618 | Q16: 4.745221 | R16: 4.7614122 | S16: 4.735166 | T16: 4.6836487 | U16: 4.6033702 | V16: 4.4900142 | W16: 4.3388871 | X16: 4.1911529 | Y16: 4.0513476 | Z16: 3.9163657 | AA16: 3.7840597 | AB16: 3.6528253 | AC16: 3.5213706 | AD16: 3.3885969 | AE16: 3.2536422 | AF16: 3.115715 | AG16: 2.9740745 | AH16: 2.8280193 | AI16: 2.6768807 | AJ16: 2.5200224 | AK16: 2.3568442 | AL16: 2.1867969 | AM16: 2.1403289 | AN16: 2.0797693 | AO16: 2.0073114 | AP16: 1.9269209 | AQ16: 1.8399849 | AR16: 1.7469436 | AS16: 1.6478954 | AT16: 1.5428179 | AU16: 1.4316468 | AV16: 1.3143066 | AW16: 1.1907245 | AX16: 1.060839 | AY16: 0.92460727 | AZ16: 0.78201214 | BA16: 0.63306805 | BB16: 0.47782542 | BC16: 0.316372 | BD16: 0.14883025 | BE16: -0.024649274 | BF16: -0.20389485 | BG16: 0.013336201 | BH16: 0.13888257 | BI16: 0.22621505 | BJ16: 0.28962301 | BK16: 0.33747845 | BL16: 0.37504735 | BM16: 0.40568388 | BN16: 0.43154418 | BO16: 0.45402599 | BP16: 0.47404341 | BQ16: 0.49220042 | BR16: 0.50890122 | BS16: 0.52442079 | BT16: 0.53895009 | BU16: 0.55262508 | BV16: 0.56554545 | BW16: 0.57778667 | BX16: 0.58940786 | BY16: 0.60045686 | BZ16: 0.61097356 | CA16: 0.62099211 | CB16: 0.6305424 | CC16: 0.63965105 | CD16: 0.64834212
A17: Forcings, exogenous w/m2 | B17: -0.054 | C17: -0.0340625 | D17: -0.014125 | E17: 0.0058125 | F17: 0.02575 | G17: 0.0456875 | H17: 0.065625 | I17: 0.0855625 | J17: 0.1055 | K17: 0.1254375 | L17: 0.145375 | M17: 0.1653125 | N17: 0.18525 | O17: 0.2051875 | P17: 0.225125 | Q17: 0.2450625 | R17: 0.265 | S17: 0.265 | T17: 0.265 | U17: 0.265 | V17: 0.265 | W17: 0.265 | X17: 0.265 | Y17: 0.265 | Z17: 0.265 | AA17: 0.265 | AB17: 0.265 | AC17: 0.265 | AD17: 0.265 | AE17: 0.265 | AF17: 0.265 | AG17: 0.265 | AH17: 0.265 | AI17: 0.265 | AJ17: 0.265 | AK17: 0.265 | AL17: 0.265 | AM17: 0.265 | AN17: 0.265 | AO17: 0.265 | AP17: 0.265 | AQ17: 0.265 | AR17: 0.265 | AS17: 0.265 | AT17: 0.265 | AU17: 0.265 | AV17: 0.265 | AW17: 0.265 | AX17: 0.265 | AY17: 0.265 | AZ17: 0.265 | BA17: 0.265 | BB17: 0.265 | BC17: 0.265 | BD17: 0.265 | BE17: 0.265 | BF17: 0.265 | BG17: 0.265 | BH17: 0.265 | BI17: 0.265 | BJ17: 0.265 | BK17: 0.265 | BL17: 0.265 | BM17: 0.265 | BN17: 0.265 | BO17: 0.265 | BP17: 0.265 | BQ17: 0.265 | BR17: 0.265 | BS17: 0.265 | BT17: 0.265 | BU17: 0.265 | BV17: 0.265 | BW17: 0.265 | BX17: 0.265 | BY17: 0.265 | BZ17: 0.265 | CA17: 0.265 | CB17: 0.265 | CC17: 0.265 | CD17: 0.265
A18: CO2 forcings w/m2 | B18: 2.3278385 | C18: 2.5116162 | D18: 2.6585763 | E18: 2.8068621 | F18: 2.952575 | G18: 3.0935067 | H18: 3.2277562 | I18: 3.3580669 | J18: 3.4828436 | K18: 3.6007491 | L18: 3.7104345 | M18: 3.8104604 | N18: 3.8992514 | O18: 3.9750543 | P18: 4.0358901 | Q18: 4.0794945 | R18: 4.1032372 | S18: 4.1079637 | T18: 4.0904057 | U18: 4.0468581 | V18: 3.9728295 | W18: 3.8634995 | X18: 3.7598117 | Y18: 3.6579303 | Z18: 3.555601 | AA18: 3.4514087 | AB18: 3.3443803 | AC18: 3.233767 | AD18: 3.1189376 | AE18: 2.9994331 | AF18: 2.8748085 | AG18: 2.7446215 | AH18: 2.6084277 | AI18: 2.4657799 | AJ18: 2.3162321 | AK18: 2.1593483 | AL18: 1.9947204 | AM18: 1.9529185 | AN18: 1.8889752 | AO18: 1.8136039 | AP18: 1.730705 | AQ18: 1.6416093 | AR18: 1.5467084 | AS18: 1.4460592 | AT18: 1.3396031 | AU18: 1.2272451 | AV18: 1.108883 | AW18: 0.98442108 | AX18: 0.85377799 | AY18: 0.71689399 | AZ18: 0.57373726 | BA18: 0.42430963 | BB18: 0.26865067 | BC18: 0.10683879 | BD18: -0.061011596 | BE18: -0.23475685 | BF18: -0.41423122 | BG18: -0.19719717 | BH18: -0.079221657 | BI18: 0.0015923116 | BJ18: 0.059387828 | BK18: 0.10241095 | BL18: 0.13581924 | BM18: 0.16287347 | BN18: 0.18564942 | BO18: 0.20547561 | BP18: 0.22320653 | BQ18: 0.23939486 | BR18: 0.25440063 | BS18: 0.26846079 | BT18: 0.28173353 | BU18: 0.29432662 | BV18: 0.30631547 | BW18: 0.31775466 | BX18: 0.3286853 | BY18: 0.33913974 | BZ18: 0.34914451 | CA18: 0.3587223 | CB18: 0.36789309 | CC18: 0.376675 | CD18: 0.38508474
A19: Actual other abatable GHG forcings w/m2 | B19: 0.518 | C19: 0.5363601 | D19: 0.55038826 | E19: 0.55120014 | F19: 0.55076855 | G19: 0.54897819 | H19: 0.54536617 | I19: 0.53946122 | J19: 0.53222445 | K19: 0.52334681 | L19: 0.51253906 | M19: 0.49953035 | N19: 0.48406722 | O19: 0.46591284 | P19: 0.44484667 | Q19: 0.42066399 | R19: 0.39317499 | S19: 0.36220223 | T19: 0.32824301 | U19: 0.29151208 | V19: 0.25218467 | W19: 0.21038755 | X19: 0.16634118 | Y19: 0.12841726 | Z19: 0.09576476 | AA19: 0.067650958 | AB19: 0.043444975 | AC19: 0.022603623 | AD19: 0.0046592197 | AE19: -0.010790912 | AF19: -0.024093475 | AG19: -0.035546982 | AH19: -0.045408452 | AI19: -0.053899177 | AJ19: -0.061209691 | AK19: -0.067504044 | AL19: -0.072923482 | AM19: -0.077589618 | AN19: -0.074205911 | AO19: -0.07129254 | AP19: -0.068784127 | AQ19: -0.066624383 | AR19: -0.064764844 | AS19: -0.06316378 | AT19: -0.061785265 | AU19: -0.060598363 | AV19: -0.059576441 | AW19: -0.058696565 | AX19: -0.057938993 | AY19: -0.057286723 | AZ19: -0.056725118 | BA19: -0.056241577 | BB19: -0.055825248 | BC19: -0.055466788 | BD19: -0.055158155 | BE19: -0.054892421 | BF19: -0.054663625 | BG19: -0.054466631 | BH19: -0.046895769 | BI19: -0.040377257 | BJ19: -0.034764819 | BK19: -0.029932509 | BL19: -0.02577189 | BM19: -0.022189597 | BN19: -0.019105243 | BO19: -0.016449614 | BP19: -0.014163118 | BQ19: -0.012194445 | BR19: -0.010499417 | BS19: -0.0090399979 | BT19: -0.0077834382 | BU19: -0.0067015403 | BV19: -0.0057700262 | BW19: -0.0049679925 | BX19: -0.0042774416 | BY19: -0.0036828772 | BZ19: -0.0031709573 | CA19: -0.0027301942 | CB19: -0.0023506972 | CC19: -0.0020239503 | CD19: -0.0017426212
A20: Carbon price (2019 $ per t CO2) | B20: 5.7603329 | C20: 16.610429 | D20: 64.121565 | E20: 75.700408 | F20: 87.344907 | G20: 100.42665 | H20: 115.07107 | I20: 131.38922 | J20: 149.49999 | K20: 169.51384 | L20: 191.5355 | M20: 215.66273 | N20: 241.98451 | O20: 270.57973 | P20: 301.5167 | Q20: 334.85524 | R20: 370.65493 | S20: 404.01318 | T20: 439.22539 | U20: 476.38298 | V20: 515.65873 | W20: 556.49778 | X20: 553.72224 | Y20: 550.96054 | Z20: 548.21261 | AA20: 545.47839 | AB20: 542.7578 | AC20: 540.05079 | AD20: 537.35727 | AE20: 534.67719 | AF20: 532.01048 | AG20: 529.35707 | AH20: 526.71689 | AI20: 524.08988 | AJ20: 521.47597 | AK20: 518.87509 | AL20: 516.28719 | AM20: 476.86392 | AN20: 474.48555 | AO20: 472.11904 | AP20: 469.76434 | AQ20: 467.42138 | AR20: 465.09011 | AS20: 462.77046 | AT20: 460.46238 | AU20: 458.16582 | AV20: 455.8807 | AW20: 453.60699 | AX20: 451.34462 | AY20: 449.09353 | AZ20: 446.85366 | BA20: 444.62497 | BB20: 442.40739 | BC20: 440.20088 | BD20: 438.00537 | BE20: 435.82081 | BF20: 433.64714 | BG20: 399.082 | BH20: 397.09157 | BI20: 395.11106 | BJ20: 393.14044 | BK20: 391.17964 | BL20: 389.22863 | BM20: 387.28734 | BN20: 385.35574 | BO20: 383.43377 | BP20: 381.52138 | BQ20: 379.61854 | BR20: 377.72518 | BS20: 375.84127 | BT20: 373.96675 | BU20: 372.10159 | BV20: 370.24572 | BW20: 368.39911 | BX20: 366.56172 | BY20: 364.73348 | BZ20: 362.91437 | CA20: 361.10432 | CB20: 359.30331 | CC20: 357.51128 | CD20: 355.72818
A21: Emissions control rate | B21: 0.05 | C21: 0.1 | D21: 0.24 | E21: 0.27468931 | F21: 0.30992069 | G21: 0.34890274 | H21: 0.39194427 | I21: 0.42714712 | J21: 0.46449982 | K21: 0.50401703 | L21: 0.54570128 | M21: 0.58954338 | N21: 0.63552221 | O21: 0.68360496 | P21: 0.73374888 | Q21: 0.78590617 | R21: 0.84003677 | S21: 0.88929646 | T21: 0.93990978 | U21: 0.99194215 | V21: 1.0455561 | W21: 1.1 | X21: 1.1 | Y21: 1.1 | Z21: 1.1 | AA21: 1.1 | AB21: 1.1 | AC21: 1.1 | AD21: 1.1 | AE21: 1.1 | AF21: 1.1 | AG21: 1.1 | AH21: 1.1 | AI21: 1.1 | AJ21: 1.1 | AK21: 1.1 | AL21: 1.1 | AM21: 1.05 | AN21: 1.05 | AO21: 1.05 | AP21: 1.05 | AQ21: 1.05 | AR21: 1.05 | AS21: 1.05 | AT21: 1.05 | AU21: 1.05 | AV21: 1.05 | AW21: 1.05 | AX21: 1.05 | AY21: 1.05 | AZ21: 1.05 | BA21: 1.05 | BB21: 1.05 | BC21: 1.05 | BD21: 1.05 | BE21: 1.05 | BF21: 1.05 | BG21: 1 | BH21: 1 | BI21: 1 | BJ21: 1 | BK21: 1 | BL21: 1 | BM21: 1 | BN21: 1 | BO21: 1 | BP21: 1 | BQ21: 1 | BR21: 1 | BS21: 1 | BT21: 1 | BU21: 1 | BV21: 1 | BW21: 1 | BX21: 1 | BY21: 1 | BZ21: 1 | CA21: 1 | CB21: 1 | CC21: 1 | CD21: 1
A22: Social cost of carbon $/tCO2 | B22: 50.206567 | C22: 59.066549 | D22: 69.491578 | E22: 81.088921 | F22: 94.047575 | G22: 108.49264 | H22: 124.53983 | I22: 142.28698 | J22: 161.84389 | K22: 183.30824 | L22: 206.771 | M22: 232.31519 | N22: 260.01391 | O22: 289.92826 | P22: 322.10548 | Q22: 356.5783 | R22: 393.36793 | S22: 432.48839 | T22: 474.06974 | U22: 518.19935 | V22: 565.02771 | W22: 614.87714 | X22: 668.19044 | Y22: 724.94298 | Z22: 784.87623 | AA22: 847.72602 | AB22: 913.215 | AC22: 981.03924 | AD22: 1050.8603 | AE22: 1122.3077 | AF22: 1194.9712 | AG22: 1268.4125 | AH22: 1342.1899 | AI22: 1415.8998 | AJ22: 1489.2404 | AK22: 1562.0862 | AL22: 1634.4306 | AM22: 1700.9507 | AN22: 1767.7729 | AO22: 1826.842 | AP22: 1876.5796 | AQ22: 1915.5809 | AR22: 1942.429 | AS22: 1955.6947 | AT22: 1953.9982 | AU22: 1936.1125 | AV22: 1901.1328 | AW22: 1848.8582 | AX22: 1880.9185 | AY22: 1910.1228 | AZ22: 1937.7868 | BA22: 1966.0181 | BB22: 1998.0482 | BC22: 2038.737 | BD22: 2095.3348 | BE22: 2178.4618 | BF22: 2302.1964 | BG22: 2465.9961 | BH22: 2635.546 | BI22: 2793.6279 | BJ22: 2940.1938 | BK22: 3076.3028 | BL22: 3202.4118 | BM22: 3318.1396 | BN22: 3422.3353 | BO22: 3513.1795 | BP22: 3588.2625 | BQ22: 3644.6321 | BR22: 3678.8213 | BS22: 3686.8623 | BT22: 3664.2936 | BU22: 3606.1659 | BV22: 3507.0532 | BW22: 3361.0734 | BX22: 3161.9348 | BY22: 2903.0324 | BZ22: 2577.6705 | CA22: 2179.6123 | CB22: 1704.586 | CC22: 1154.8237 | CD22: 553.88595
A23: Output, net net trill 2019$ | B23: 134.15794 | C23: 155.60259 | D23: 178.69113 | E23: 203.90276 | F23: 231.27092 | G23: 260.92193 | H23: 293.00155 | I23: 327.70838 | J23: 365.21333 | K23: 405.72146 | L23: 449.45932 | M23: 496.67618 | N23: 547.64568 | O23: 602.6676 | P23: 662.0695 | Q23: 726.20705 | R23: 795.46073 | S23: 870.48172 | T23: 951.6298 | U23: 1039.3497 | V23: 1134.0662 | W23: 1236.1741 | X23: 1350.6655 | Y23: 1475.3957 | Z23: 1610.713 | AA23: 1757.1697 | AB23: 1915.4557 | AC23: 2086.3612 | AD23: 2270.7612 | AE23: 2469.6452 | AF23: 2684.0368 | AG23: 2915.0154 | AH23: 3163.7111 | AI23: 3431.2921 | AJ23: 3718.9363 | AK23: 4027.7715 | AL23: 4358.7483 | AM23: 4719.4889 | AN23: 5100.7315 | AO23: 5505.1048 | AP23: 5934.9428 | AQ23: 6392.4056 | AR23: 6879.585 | AS23: 7398.5528 | AT23: 7951.3902 | AU23: 8540.2077 | AV23: 9167.1592 | AW23: 9834.4525 | AX23: 10544.356 | AY23: 11299.204 | AZ23: 12101.399 | BA23: 12953.412 | BB23: 13857.783 | BC23: 14817.118 | BD23: 15834.09 | BE23: 16911.433 | BF23: 18051.941 | BG23: 19269.156 | BH23: 20537.405 | BI23: 21876.664 | BJ23: 23291.148 | BK23: 24784.793 | BL23: 26361.484 | BM23: 28025.145 | BN23: 29779.789 | BO23: 31629.545 | BP23: 33578.665 | BQ23: 35631.538 | BR23: 37792.692 | BS23: 40066.801 | BT23: 42458.686 | BU23: 44973.318 | BV23: 47615.823 | BW23: 50391.481 | BX23: 53305.728 | BY23: 56364.162 | BZ23: 59572.541 | CA23: 62936.785 | CB23: 66462.98 | CC23: 70157.375 | CD23: 74026.389
... A28: Change TFP, %/year | B28: 0.066 | C28: 0.065506852 | D28: 0.065017388 | E28: 0.064531582 | F28: 0.064049405 | G28: 0.063570832 | H28: 0.063095834 | I28: 0.062624385 | J28: 0.062156459 | K28: 0.06169203 | L28: 0.06123107 | M28: 0.060773555 | N28: 0.060319458 | O28: 0.059868755 | P28: 0.059421419 | Q28: 0.058977425 | R28: 0.058536749 | S28: 0.058099365 | T28: 0.05766525 | U28: 0.057234379 | V28: 0.056806726 | W28: 0.05638227 | X28: 0.055960984 | Y28: 0.055542847 | Z28: 0.055127834 | AA28: 0.054715922 | AB28: 0.054307087 | AC28: 0.053901308 | AD28: 0.05349856 | AE28: 0.053098822 | AF28: 0.05270207 | AG28: 0.052308283 | AH28: 0.051917439 | AI28: 0.051529515 | AJ28: 0.051144489 | AK28: 0.05076234 | AL28: 0.050383047 | AM28: 0.050006587 | AN28: 0.049632941 | AO28: 0.049262086 | AP28: 0.048894003 | AQ28: 0.048528669 | AR28: 0.048166066 | AS28: 0.047806172 | AT28: 0.047448966 | AU28: 0.04709443 | AV28: 0.046742543 | AW28: 0.046393286 | AX28: 0.046046638 | AY28: 0.04570258 | AZ28: 0.045361092 | BA28: 0.045022157 | BB28: 0.044685754 | BC28: 0.044351864 | BD28: 0.044020469 | BE28: 0.043691551 | BF28: 0.04336509 | BG28: 0.043041069 | BH28: 0.042719468 | BI28: 0.04240027 | BJ28: 0.042083458 | BK28: 0.041769013 | BL28: 0.041456917 | BM28: 0.041147153 | BN28: 0.040839704 | BO28: 0.040534552 | BP28: 0.04023168 | BQ28: 0.039931071 | BR28: 0.039632708 | BS28: 0.039336575 | BT28: 0.039042654 | BU28: 0.03875093 | BV28: 0.038461385 | BW28: 0.038174003 | BX28: 0.037888769 | BY28: 0.037605666 | BZ28: 0.037324679 | CA28: 0.037045791 | CB28: 0.036768987 | CC28: 0.036494251 | CD28: 0.036221568
A29: Capital stock, 2019$ | B29: 295 | C29: 346.16408 | D29: 401.81408 | E29: 461.65546 | F29: 527.04109 | G29: 598.47595 | H29: 676.42341 | I29: 761.33824 | J29: 853.92601 | K29: 954.85009 | L29: 1064.8557 | M29: 1184.7775 | N29: 1315.5473 | O29: 1458.1999 | P29: 1613.8748 | Q29: 1783.8054 | R29: 1969.2764 | S29: 2171.5081 | T29: 2392.7578 | U29: 2634.5041 | V29: 2897.8021 | W29: 3182.5614 | X29: 3486.2545 | Y29: 3825.017 | Z29: 4198.3761 | AA29: 4607.1576 | AB29: 5053.0701 | AC29: 5538.426 | AD29: 6065.9651 | AE29: 6638.7559 | AF29: 7260.2786 | AG29: 7934.2021 | AH29: 8664.3268 | AI29: 9454.4582 | AJ29: 10308.132 | AK29: 11228.038 | AL29: 12214.812 | AM29: 13264.565 | AN29: 14439.877 | AO29: 15667.627 | AP29: 16958.724 | AQ29: 18322.877 | AR29: 19768.843 | AS29: 21304.723 | AT29: 22938.2 | AU29: 24676.724 | AV29: 26527.65 | AW29: 28498.335 | AX29: 30596.215 | AY29: 32828.858 | AZ29: 35203.998 | BA29: 37729.568 | BB29: 40413.71 | BC29: 43264.787 | BD29: 46291.389 | BE29: 49502.328 | BF29: 52906.636 | BG29: 56513.557 | BH29: 60347.508 | BI29: 64386.968 | BJ29: 68647.191 | BK29: 73143.086 | BL29: 77888.972 | BM29: 82898.737 | BN29: 88186.078 | BO29: 93764.702 | BP29: 99648.482 | BQ29: 105851.5629226522 | BR29: 112388.4426367981 | BS29: 119274.0209166938 | BT29: 126523.6386557094 | BU29: 134153.1040726643 | BV29: 142178.7122922413 | BW29: 150617.2602878730 | BX29: 159486.0587678697 | BY29: 168802.9420355965 | BZ29: 178586.2764872642 | CA29: 188854.9681680610 | CB29: 199628.4696482240 | CC29: 210926.7863773290 | CD29: 222770.4826086840
A30: Savings rate, fraction gross output | B30: 0.25636878 | C30: 0.25373313 | D30: 0.25114651 | E30: 0.24956814 | F30: 0.24842159 | G30: 0.24760613 | H30: 0.247041 | I30: 0.24678246 | J30: 0.24676827 | K30: 0.24698039 | L30: 0.24740432 | M30: 0.24802802 | N30: 0.24884059 | O30: 0.24983004 | P30: 0.25097922 | Q30: 0.25225787 | R30: 0.25360651 | S30: 0.25514699 | T30: 0.25673945 | U30: 0.25826798 | V30: 0.25949777 | W30: 0.25999313 | X30: 0.26156271 | Y30: 0.2629453 | Z30: 0.26423807 | AA30: 0.26549395 | AB30: 0.26673952 | AC30: 0.26798618 | AD30: 0.26923696 | AE30: 0.27049713 | AF30: 0.27176082 | AG30: 0.2730181 | AH30: 0.27425133 | AI30: 0.27542799 | AJ30: 0.27648707 | AK30: 0.27731305 | AL30: 0.27768706 | AM30: 0.28 | AN30: 0.28 | AO30: 0.28 | AP30: 0.28 | AQ30: 0.28 | AR30: 0.28 | AS30: 0.28 | AT30: 0.28 | AU30: 0.28 | AV30: 0.28 | AW30: 0.28 | AX30: 0.28 | AY30: 0.28 | AZ30: 0.28 | BA30: 0.28 | BB30: 0.28 | BC30: 0.28 | BD30: 0.28 | BE30: 0.28 | BF30: 0.28 | BG30: 0.28 | BH30: 0.28 | BI30: 0.28 | BJ30: 0.28 | BK30: 0.28 | BL30: 0.28 | BM30: 0.28 | BN30: 0.28 | BO30: 0.28 | BP30: 0.28 | BQ30: 0.28 | BR30: 0.28 | BS30: 0.28 | BT30: 0.28 | BU30: 0.28 | BV30: 0.28 | BW30: 0.28 | BX30: 0.28 | BY30: 0.28 | BZ30: 0.28 | CA30: 0.28 | CB30: 0.28 | CC30: 0.28 | CD30: 0.28
A31: Gross investment, 2019$ | B31: 34.393906 | C31: 39.481531 | D31: 44.877652 | E31: 50.887632 | F31: 57.452691 | G31: 64.605869 | H31: 72.383395 | I31: 80.87268 | J31: 90.123064 | K31: 100.20525 | L31: 111.19818 | M31: 123.18961 | N31: 136.27647 | O31: 150.56447 | P31: 166.16569 | Q31: 183.19144 | R31: 201.73402 | S31: 222.10079 | T31: 244.32091 | U31: 268.43075 | V31: 294.28764 | W31: 321.39677 | X31: 353.28373 | Y31: 387.94836 | Z31: 425.61169 | AA31: 466.51793 | AB31: 510.92773 | AC31: 559.11598 | AD31: 611.37284 | AE31: 668.03192 | AF31: 729.41603 | AG31: 795.85197 | AH31: 867.65196 | AI31: 945.07388 | AJ31: 1028.2378 | AK31: 1116.9536 | AL31: 1210.368 | AM31: 1321.4569 | AN31: 1428.2048 | AO31: 1541.4293 | AP31: 1661.784 | AQ31: 1789.8736 | AR31: 1926.2838 | AS31: 2071.5948 | AT31: 2226.3893 | AU31: 2391.2582 | AV31: 2566.8046 | AW31: 2753.6467 | AX31: 2952.4197 | AY31: 3163.7772 | AZ31: 3388.3918 | BA31: 3626.9554 | BB31: 3880.1791 | BC31: 4148.793 | BD31: 4433.5451 | BE31: 4735.2013 | BF31: 5054.5436 | BG31: 5395.3635 | BH31: 5750.4735 | BI31: 6125.466 | BJ31: 6521.5213 | BK31: 6939.7422 | BL31: 7381.2156 | BM31: 7847.0405 | BN31: 8338.341 | BO31: 8856.2725 | BP31: 9402.0262 | BQ31: 9976.8306 | BR31: 10581.954 | BS31: 11218.704 | BT31: 11888.432 | BU31: 12592.529 | BV31: 13332.43 | BW31: 14109.615 | BX31: 14925.604 | BY31: 15781.965 | BZ31: 16680.312 | CA31: 17622.3 | CB31: 18609.634 | CC31: 19644.065 | CD31: 20727.389
A32: Y gross-net, 2019$ | B32: 134.16403 | C32: 155.64016 | D32: 179.06107 | E32: 204.43135 | F32: 231.99616 | G32: 261.90871 | H32: 294.33395 | I32: 329.44477 | J32: 367.46073 | K32: 408.61123 | L32: 453.1517 | M32: 501.36551 | N32: 553.56627 | O32: 610.10032 | P32: 671.3492 | Q32: 737.73096 | R32: 809.69819 | S32: 887.81135 | T32: 972.64388 | U32: 1064.746 | V32: 1164.6715 | W32: 1272.8854 | X32: 1389.2519 | Y32: 1515.9984 | Z32: 1653.4692 | AA32: 1802.2177 | AB32: 1962.9381 | AC32: 2136.427 | AD32: 2323.5625 | AE32: 2525.2911 | AF32: 2742.6393 | AG32: 2976.689 | AH32: 3228.5727 | AI32: 3499.4601 | AJ32: 3790.5301 | AK32: 4102.9086 | AL32: 4437.5412 | AM32: 4792.6323 | AN32: 5177.3849 | AO32: 5585.3246 | AP32: 6018.8002 | AQ32: 6479.983 | AR32: 6970.9727 | AS32: 7493.847 | AT32: 8050.6914 | AU32: 8643.6197 | AV32: 9274.788 | AW32: 9946.4057 | AX32: 10660.743 | AY32: 11420.133 | AZ32: 12226.981 | BA32: 13083.756 | BB32: 13992.998 | BC32: 14957.315 | BD32: 15979.376 | BE32: 17061.916 | BF32: 18207.728 | BG32: 19411.145 | BH32: 20684.26 | BI32: 22028.462 | BJ32: 23447.967 | BK32: 24946.717 | BL32: 26528.594 | BM32: 28197.524 | BN32: 29957.519 | BO32: 31812.706 | BP32: 33767.336 | BQ32: 35825.796 | BR32: 37992.612 | BS32: 40272.455 | BT32: 42670.144 | BU32: 45190.649 | BV32: 47839.091 | BW32: 50620.748 | BX32: 53541.055 | BY32: 56605.605 | BZ32: 59820.154 | CA32: 63190.619 | CB32: 66723.081 | CC32: 70423.788 | CD32: 74299.155
A33: Consumption per capita, 2019$ | B33: 12.867963 | C33: 14.270101 | D33: 15.777713 | E33: 17.414565 | F33: 19.192683 | G33: 21.123374 | H33: 23.219057 | I33: 25.491757 | J33: 27.954142 | K33: 30.619802 | L33: 33.503316 | M33: 36.620347 | N33: 39.987782 | O33: 43.623967 | P33: 47.549104 | Q33: 51.785974 | R33: 56.361351 | S33: 61.307097 | T33: 66.653646 | U33: 72.438649 | V33: 78.714526 | W33: 85.563667 | X33: 93.121972 | Y33: 101.37462 | Z33: 110.33261 | AA33: 120.02396 | AB33: 130.48803 | AC33: 141.77223 | AD33: 153.93042 | AE33: 167.02303 | AF33: 181.11465 | AG33: 196.27468 | AH33: 212.57852 | AI33: 230.11013 | AJ33: 248.96712 | AK33: 269.27113 | AL33: 291.18873 | AM33: 314.22455 | AN33: 339.55782 | AO33: 366.43103 | AP33: 394.99945 | AQ33: 425.40673 | AR33: 457.79193 | AS33: 492.29279 | AT33: 529.04768 | AU33: 568.19687 | AV33: 609.88358 | AW33: 654.25455 | AX33: 701.46063 | AY33: 751.65698 | AZ33: 805.00332 | BA33: 861.66395 | BB33: 921.80776 | BC33: 985.60808 | BD33: 1053.2426 | BE33: 1124.8931 | BF33: 1200.7455 | BG33: 1281.7003 | BH33: 1366.05 | BI33: 1455.1231 | BJ33: 1549.2 | BK33: 1648.5425 | BL33: 1753.409 | BM33: 1864.0603 | BN33: 1980.7635 | BO33: 2103.7931 | BP33: 2233.4319 | BQ33: 2369.9717 | BR33: 2513.7139 | BS33: 2664.9692 | BT33: 2824.0582 | BU33: 2991.3117 | BV33: 3167.0704 | BW33: 3351.6856 | BX33: 3545.5189 | BY33: 3748.9426 | BZ33: 3962.3396 | CA33: 4186.1037 | CB33: 4420.6396 | CC33: 4666.3631 | CD33: 4923.7011
A34: Consumption | B34: 99.764031 | C34: 116.12106 | D34: 133.81347 | E34: 153.01513 | F34: 173.81823 | G34: 196.31606 | H34: 220.61815 | I34: 246.8357 | J34: 275.09027 | K34: 305.51622 | L34: 338.26114 | M34: 373.48657 | N34: 411.36921 | O34: 452.10314 | P34: 495.90382 | Q34: 543.01561 | R34: 593.72671 | S34: 648.38093 | T34: 707.30889 | U34: 770.91898 | V34: 839.77852 | W34: 914.7773 | X34: 997.38178 | Y34: 1087.4473 | Z34: 1185.1013 | AA34: 1290.6518 | AB34: 1404.528 | AC34: 1527.2452 | AD34: 1659.3884 | AE34: 1801.6133 | AF34: 1954.6207 | AG34: 2119.1634 | AH34: 2296.0591 | AI34: 2486.2182 | AJ34: 2690.6985 | AK34: 2910.8179 | AL34: 3148.3803 | AM34: 3398.032 | AN34: 3672.5267 | AO34: 3963.6755 | AP34: 4273.1588 | AQ34: 4602.5321 | AR34: 4953.3012 | AS34: 5326.958 | AT34: 5725.0009 | AU34: 6148.9495 | AV34: 6600.3547 | AW34: 7080.8058 | AX34: 7591.9365 | AY34: 8135.4272 | AZ34: 8713.0075 | BA34: 9326.4567 | BB34: 9977.6035 | BC34: 10668.325 | BD34: 11400.545 | BE34: 12176.232 | BF34: 12997.398 | BG34: 13873.792 | BH34: 14786.932 | BI34: 15751.198 | BJ34: 16769.626 | BK34: 17845.051 | BL34: 18980.269 | BM34: 20178.104 | BN34: 21441.448 | BO34: 22773.272 | BP34: 24176.639 | BQ34: 25654.707 | BR34: 27210.739 | BS34: 28848.097 | BT34: 30570.254 | BU34: 32380.789 | BV34: 34283.393 | BW34: 36281.866 | BX34: 38380.124 | BY34: 40582.197 | BZ34: 42892.23 | CA34: 45314.485 | CB34: 47853.345 | CC34: 50513.31 | CD34: 53299
A35: Climate damages, fraction of output | B35: 0.0053925133 | C35: 0.0070386364 | D35: 0.0082899263 | E35: 0.0094176933 | F35: 0.010539376 | G35: 0.011681596 | H35: 0.012839507 | I35: 0.014017012 | J35: 0.015209123 | K35: 0.016402761 | L35: 0.017581207 | M35: 0.018725207 | N35: 0.019813177 | O35: 0.020821156 | P35: 0.021722702 | Q35: 0.022488751 | R35: 0.023087448 | S35: 0.023392292 | T35: 0.02345736 | U35: 0.02327726 | V35: 0.022826945 | W35: 0.022077765 | X35: 0.02125595 | Y35: 0.02045193 | Z35: 0.019674786 | AA35: 0.018916097 | AB35: 0.018165815 | AC35: 0.017415476 | AD35: 0.016658442 | AE35: 0.015890134 | AF35: 0.015107267 | AG35: 0.014307549 | AH35: 0.013489573 | AI35: 0.012652785 | AJ35: 0.011797513 | AK35: 0.010925023 | AL35: 0.010037633 | AM35: 0.0096135462 | AN35: 0.0092689738 | AO35: 0.0089057666 | AP35: 0.0085116863 | AQ35: 0.0080897803 | AR35: 0.0076442094 | AS35: 0.0071784193 | AT35: 0.0066954315 | AU35: 0.0061982249 | AV35: 0.0056899612 | AW35: 0.005174103 | AX35: 0.0046544787 | AY35: 0.0041353205 | AZ35: 0.0036212861 | BA35: 0.0031174638 | BB35: 0.0026293616 | BC35: 0.0021628755 | BD35: 0.0017242405 | BE35: 0.0013199684 | BF35: 0.0009567849 | BG35: 0.0010795981 | BH35: 0.0012447794 | BI35: 0.001382419 | BJ35: 0.0014831825 | BK35: 0.0015532913 | BL35: 0.0016011071 | BM35: 0.0016335236 | BN35: 0.0016555062 | BO35: 0.0016704463 | BP35: 0.0016806091 | BQ35: 0.0016874947 | BR35: 0.0016920955 | BS35: 0.0016950708 | BT35: 0.0016968618 | BU35: 0.0016977673 | BV35: 0.0016979928 | BW35: 0.0016976822 | BX35: 0.0016969389 | BY35: 0.0016958388 | BZ35: 0.0016944392 | CA35: 0.0016927848 | CB35: 0.001690911 | CC35: 0.0016888469 | CD35: 0.0016866166
A36: Damages, 2019$ | B36: 0.72740386 | C36: 1.1032599 | D36: 1.4968115 | E36: 1.9435758 | F36: 2.4711389 | G36: 3.0956741 | H36: 3.8282558 | I36: 4.6834796 | J36: 5.6750684 | K36: 6.8141228 | L36: 8.109529 | M36: 9.5673231 | N36: 11.189608 | O36: 12.973109 | P36: 14.907347 | Q36: 16.972334 | R36: 19.135659 | S36: 21.265389 | T36: 23.363709 | U36: 25.37503 | V36: 27.206943 | W36: 28.73691 | X36: 30.171186 | Y36: 31.652447 | Z36: 33.184552 | AA36: 34.748225 | AB36: 36.318118 | AC36: 37.866355 | AD36: 39.362651 | AE36: 40.775136 | AF36: 42.069336 | AG36: 43.207315 | AH36: 44.147599 | AI36: 44.845337 | AJ36: 45.252696 | AK36: 45.319487 | AL36: 44.994044 | AM36: 46.521428 | AN36: 48.438016 | AO36: 50.188565 | AP36: 51.669938 | AQ36: 52.849177 | AR36: 53.698054 | AS36: 54.182923 | AT36: 54.266188 | AU36: 53.90924 | AV36: 53.075179 | AW36: 51.731391 | AX36: 49.852236 | AY36: 47.422018 | AZ36: 44.438319 | BA36: 40.915689 | BB36: 36.889649 | BC36: 32.420932 | BD36: 27.599876 | BE36: 22.550957 | BF36: 17.437563 | BG36: 20.978883 | BH36: 25.77943 | BI36: 30.494721 | BJ36: 34.829272 | BK36: 38.809802 | BL36: 42.543238 | BM36: 46.136688 | BN36: 49.6771 | BO36: 53.230335 | BP36: 56.845226 | BQ36: 60.558031 | BR36: 64.396093 | BS36: 68.380574 | BT36: 72.52841 | BU36: 76.853686 | BV36: 81.368593 | BW36: 86.084086 | BX36: 91.010336 | BY36: 96.157046 | BZ36: 101.53366 | CA36: 107.1495 | CB36: 113.01389 | CC36: 119.1362 | CD36: 125.52591
A37: Abatement, 2019$ | B37: 0.0060950712 | C37: 0.037572963 | D37: 0.36994455 | E37: 0.52859096 | F37: 0.72523553 | G37: 0.98677944 | H37: 1.332399 | I37: 1.7363884 | J37: 2.2473973 | K37: 2.8897643 | L37: 3.6923798 | M37: 4.6893312 | N37: 5.9205841 | O37: 7.4327114 | P37: 9.2796973 | Q37: 11.523902 | R37: 14.237469 | S37: 17.329629 | T37: 21.014075 | U37: 25.396253 | V37: 30.605341 | W37: 36.711293 | X37: 38.58638 | Y37: 40.602753 | Z37: 42.756236 | AA37: 45.047963 | AB37: 47.482345 | AC37: 50.065789 | AD37: 52.801231 | AE37: 55.645892 | AF37: 58.602504 | AG37: 61.673646 | AH37: 64.861597 | AI37: 68.16808 | AJ37: 71.593746 | AK37: 75.137178 | AL37: 78.792908 | AM37: 73.143408 | AN37: 76.653436 | AO37: 80.219799 | AP37: 83.857439 | AQ37: 87.577378 | AR37: 91.387663 | AS37: 95.29418 | AT37: 99.301242 | AU37: 103.41201 | AV37: 107.62878 | AW37: 111.9532 | AX37: 116.38639 | AY37: 120.92904 | AZ37: 125.58151 | BA37: 130.34385 | BB37: 135.21581 | BC37: 140.19689 | BD37: 145.28637 | BE37: 150.48326 | BF37: 155.78635 | BG37: 141.98981 | BH37: 146.85509 | BI37: 151.79735 | BJ37: 156.81955 | BK37: 161.92357 | BL37: 167.11017 | BM37: 172.37921 | BN37: 177.72989 | BO37: 183.16096 | BP37: 188.6708 | BQ37: 194.25754 | BR37: 199.91914 | BS37: 205.65335 | BT37: 211.45781 | BU37: 217.33004 | BV37: 223.26742 | BW37: 229.26726 | BX37: 235.32672 | BY37: 241.4429 | BZ37: 247.6128 | CA37: 253.83331 | CB37: 260.10126 | CC37: 266.41336 | CD37: 272.76629
A38: Abatement/0utput | B38: 4.54321e-05 | C38: 0.0002414675 | D38: 0.0020703017 | E38: 0.0025923678 | F38: 0.0031358699 | G38: 0.0037818954 | H38: 0.0045474129 | I38: 0.0052985781 | J38: 0.0061536562 | K38: 0.0071225324 | L38: 0.008215159 | M38: 0.0094414255 | N38: 0.010810976 | O38: 0.01233302 | P38: 0.014016198 | Q38: 0.015868617 | R38: 0.017898393 | S38: 0.01990809 | T38: 0.022082195 | U38: 0.024434752 | V38: 0.026987263 | W38: 0.029697511 | X38: 0.028568421 | Y38: 0.027519908 | Z38: 0.026544913 | AA38: 0.02563666 | AB38: 0.024789059 | AC38: 0.023996702 | AD38: 0.023252656 | AE38: 0.022531938 | AF38: 0.021833719 | AG38: 0.021157228 | AH38: 0.020501745 | AI38: 0.019866592 | AJ38: 0.019251135 | AK38: 0.018654777 | AL38: 0.018076957 | AM38: 0.015498163 | AN38: 0.01502793 | AO38: 0.014571893 | AP38: 0.014129444 | AQ38: 0.013700222 | AR38: 0.013283892 | AS38: 0.012880111 | AT38: 0.012488538 | AU38: 0.01210884 | AV38: 0.011740691 | AW38: 0.011383776 | AX38: 0.01103779 | AY38: 0.010702439 | AZ38: 0.010377437 | BA38: 0.010062511 | BB38: 0.0097573912 | BC38: 0.0094618195 | BD38: 0.0091755431 | BE38: 0.0088983151 | BF38: 0.0086298944 | BG38: 0.0073687615 | BH38: 0.0071506156 | BI38: 0.0069387797 | BJ38: 0.0067330111 | BK38: 0.0065331823 | BL38: 0.0063391791 | BM38: 0.0061508767 | BN38: 0.0059681381 | BO38: 0.0057908187 | BP38: 0.0056187701 | BQ38: 0.0054518428 | BR38: 0.0052898887 | BS38: 0.0051327617 | BT38: 0.0049803192 | BU38: 0.0048324216 | BV38: 0.0046889334 | BW38: 0.0045497225 | BX38: 0.004414661 | BY38: 0.0042836244 | BZ38: 0.0041564921 | CA38: 0.0040331471 | CB38: 0.0039134757 | CC38: 0.0037973679 | CD38: 0.0036847169
A39: Sigmabase (CO2/output, no controls, industrial CO2) | B39: 0.29135477 | C39: 0.27030249 | D39: 0.25152482 | E39: 0.23472665 | F39: 0.21965683 | G39: 0.20610082 | H39: 0.19387479 | I39: 0.18282066 | J39: 0.17280212 | K39: 0.16370121 | L39: 0.15541561 | M39: 0.14785623 | N39: 0.14094538 | O39: 0.13461505 | P39: 0.12880558 | Q39: 0.12346449 | R39: 0.11854553 | S39: 0.11400781 | T39: 0.10981509 | U39: 0.10593521 | V39: 0.10233955 | W39: 0.099002593 | X39: 0.095901523 | Y39: 0.09301592 | Z39: 0.090327459 | AA39: 0.08781967 | AB39: 0.085477719 | AC39: 0.083288225 | AD39: 0.081231832 | AE39: 0.079226211 | AF39: 0.077270109 | AG39: 0.075362303 | AH39: 0.073501601 | AI39: 0.07168684 | AJ39: 0.069916886 | AK39: 0.068190632 | AL39: 0.066506999 | AM39: 0.064864935 | AN39: 0.063263414 | AO39: 0.061701435 | AP39: 0.060178021 | AQ39: 0.058692221 | AR39: 0.057243104 | AS39: 0.055829767 | AT39: 0.054451325 | AU39: 0.053106917 | AV39: 0.051795703 | AW39: 0.050516862 | AX39: 0.049269596 | AY39: 0.048053126 | AZ39: 0.04686669 | BA39: 0.045709547 | BB39: 0.044580975 | BC39: 0.043480266 | BD39: 0.042406735 | BE39: 0.041359709 | BF39: 0.040338534 | BG39: 0.039342572 | BH39: 0.0383712 | BI39: 0.037423812 | BJ39: 0.036499815 | BK39: 0.035598631 | BL39: 0.034719698 | BM39: 0.033862466 | BN39: 0.033026398 | BO39: 0.032210973 | BP39: 0.031415682 | BQ39: 0.030640026 | BR39: 0.029883521 | BS39: 0.029145694 | BT39: 0.028426084 | BU39: 0.027724242 | BV39: 0.027039728 | BW39: 0.026372115 | BX39: 0.025720985 | BY39: 0.025085931 | BZ39: 0.024466558 | CA39: 0.023862476 | CB39: 0.023273309 | CC39: 0.022698689 | CD39: 0.022138257
A40: Sigmatot,(CO2/output, no controls, all CO2) | B40: 0.40789668 | C40: 0.37521364 | D40: 0.34616103 | E40: 0.32025518 | F40: 0.29708586 | G40: 0.27630391 | H40: 0.25761112 | I40: 0.24075196 | J40: 0.22550677 | K40: 0.21168613 | L40: 0.19912624 | M40: 0.18768501 | N40: 0.17723882 | O40: 0.16767987 | P40: 0.15891388 | Q40: 0.15085818 | R40: 0.1434401 | S40: 0.13794945 | T40: 0.13287625 | U40: 0.1281816 | V40: 0.12383086 | W40: 0.11979314 | X40: 0.11604084 | Y40: 0.11254926 | Z40: 0.10929623 | AA40: 0.1062618 | AB40: 0.10342804 | AC40: 0.10077875 | AD40: 0.098290516 | AE40: 0.095863715 | AF40: 0.093496831 | AG40: 0.091188386 | AH40: 0.088936937 | AI40: 0.086741076 | AJ40: 0.084599432 | AK40: 0.082510664 | AL40: 0.080473469 | AM40: 0.078486572 | AN40: 0.076548731 | AO40: 0.074658736 | AP40: 0.072815405 | AQ40: 0.071017587 | AR40: 0.069264156 | AS40: 0.067554018 | AT40: 0.065886104 | AU40: 0.06425937 | AV40: 0.0626728 | AW40: 0.061125403 | AX40: 0.059616212 | AY40: 0.058144282 | AZ40: 0.056708695 | BA40: 0.055308552 | BB40: 0.053942979 | BC40: 0.052611122 | BD40: 0.051312149 | BE40: 0.050045248 | BF40: 0.048809626 | BG40: 0.047604512 | BH40: 0.046429152 | BI40: 0.045282813 | BJ40: 0.044164776 | BK40: 0.043074344 | BL40: 0.042010834 | BM40: 0.040973583 | BN40: 0.039961942 | BO40: 0.038975278 | BP40: 0.038012975 | BQ40: 0.037074431 | BR40: 0.03615906 | BS40: 0.03526629 | BT40: 0.034395562 | BU40: 0.033546333 | BV40: 0.032718071 | BW40: 0.031910259 | BX40: 0.031122392 | BY40: 0.030353977 | BZ40: 0.029604535 | CA40: 0.028873596 | CB40: 0.028160705 | CC40: 0.027465414 | CD40: 0.026787291
A41: Cost, backstop technology ($/tCO2) | B41: 695.17729 | C41: 661.27309 | D41: 629.02242 | E41: 598.34464 | F41: 569.16302 | G41: 541.40461 | H41: 515 | I41: 512.43143 | J41: 509.87566 | K41: 507.33265 | L41: 504.80232 | M41: 502.2846 | N41: 499.77945 | O41: 497.28679 | P41: 494.80656 | Q41: 492.3387 | R41: 489.88315 | S41: 487.43985 | T41: 485.00873 | U41: 482.58974 | V41: 480.18282 | W41: 477.7879 | X41: 475.40492 | Y41: 473.03383 | Z41: 470.67456 | AA41: 468.32706 | AB41: 465.99127 | AC41: 463.66713 | AD41: 461.35458 | AE41: 459.05356 | AF41: 456.76402 | AG41: 454.4859 | AH41: 452.21915 | AI41: 449.96369 | AJ41: 447.71949 | AK41: 445.48648 | AL41: 443.26461 | AM41: 441.05382 | AN41: 438.85405 | AO41: 436.66526 | AP41: 434.48738 | AQ41: 432.32037 | AR41: 430.16416 | AS41: 428.01871 | AT41: 425.88395 | AU41: 423.75985 | AV41: 421.64634 | AW41: 419.54337 | AX41: 417.45089 | AY41: 415.36884 | AZ41: 413.29718 | BA41: 411.23585 | BB41: 409.18481 | BC41: 407.14399 | BD41: 405.11335 | BE41: 403.09284 | BF41: 401.0824 | BG41: 399.082 | BH41: 397.09157 | BI41: 395.11106 | BJ41: 393.14044 | BK41: 391.17964 | BL41: 389.22863 | BM41: 387.28734 | BN41: 385.35574 | BO41: 383.43377 | BP41: 381.52138 | BQ41: 379.61854 | BR41: 377.72518 | BS41: 375.84127 | BT41: 373.96675 | BU41: 372.10159 | BV41: 370.24572 | BW41: 368.39911 | BX41: 366.56172 | BY41: 364.73348 | BZ41: 362.91437 | CA41: 361.10432 | CB41: 359.30331 | CC41: 357.51128 | CD41: 355.72818
... A68: Growth TFP | B68: 0.013655768 | C68: 0.013550197 | D68: 0.013445469 | E68: 0.013341579 | F68: 0.013238517 | G68: 0.013136279 | H68: 0.013034856 | I68: 0.012934242 | J68: 0.012834429 | K68: 0.012735411 | L68: 0.012637182 | M68: 0.012539735 | N68: 0.012443062 | O68: 0.012347158 | P68: 0.012252016 | Q68: 0.01215763 | R68: 0.012063993 | S68: 0.011971099 | T68: 0.011878941 | U68: 0.011787515 | V68: 0.011696812 | W68: 0.011606828 | X68: 0.011517557 | Y68: 0.011428992 | Z68: 0.011341127 | AA68: 0.011253957 | AB68: 0.011167476 | AC68: 0.011081678 | AD68: 0.010996557 | AE68: 0.010912109 | AF68: 0.010828326 | AG68: 0.010745205 | AH68: 0.010662738 | AI68: 0.010580921 | AJ68: 0.010499749 | AK68: 0.010419216 | AL68: 0.010339316 | AM68: 0.010260046 | AN68: 0.010181398 | AO68: 0.010103369 | AP68: 0.010025953 | AQ68: 0.0099491447 | AR68: 0.0098729396 | AS68: 0.0097973327 | AT68: 0.009722319 | AU68: 0.0096478935 | AV68: 0.0095740516 | AW68: 0.0095007883 | AX68: 0.009428099 | AY68: 0.0093559789 | AZ68: 0.0092844234 | BA68: 0.0092134279 | BB68: 0.0091429878 | BC68: 0.0090730985 | BD68: 0.0090037556 | BE68: 0.0089349545 | BF68: 0.0088666909 | BG68: 0.0087989605 | BH68: 0.0087317587 | BI68: 0.0086650814 | BJ68: 0.0085989243 | BK68: 0.0085332832 | BL68: 0.0084681538 | BM68: 0.008403532 | BN68: 0.0083394138 | BO68: 0.0082757949 | BP68: 0.0082126714 | BQ68: 0.0081500392 | BR68: 0.0080878944 | BS68: 0.0080262331 | BT68: 0.0079650512 | BU68: 0.007904345 | BV68: 0.0078441106 | BW68: 0.0077843443 | BX68: 0.0077250421 | BY68: 0.0076662004 | BZ68: 0.0076078155 | CA68: 0.0075498837 | CB68: 0.0074924014 | CC68: 0.0074353649 | CD68: 0
A69: yr0 = | B69: 2020 | C69: emshare0 = | D69: 0.2173 | E69: emshare1 = | F69: 0.224 | G69: emshare2 = | H69: 0.2824 | I69: emshare3 = | J69: 0.2763 | K69: tau0 = | L69: 1000000.0000000000 | M69: tau1 = | N69: 394.4 | O69: tau2 = | P69: 36.53 | Q69: tau3 = | R69: 4.304 | S69: teq1 = | T69: 0.324 | U69: teq2 = | V69: 0.44 | W69: d1 = | X69: 236 | Y69: d2 = | Z69: 4.07 | AA69: IRF0 = | AB69: 32.4 | AC69: irC = | AD69: 0.019 | AE69: irT = | AF69: 4.165
A70: fco22x = | B70: 3.93 | C70: mat0 = | D70: 886.5128 | E70: res00 = | F70: 150.093 | G70: res10 = | H70: 102.698 | I70: res20 = | J70: 39.534 | K70: res30 = | L70: 6.1865 | M70: mateq = | N70: 588 | O70: tbox10 = | P70: 0.1477 | Q70: tbox20 = | R70: 1.099454 | S70: tatm0 = | T70: 1.24715
A71: a2 = | B71: 0.003467 | C71: elasmu = | D71: 0.95 | E71: prstp = | F71: 0.001 | G71: gsigma1 = | H71: -0.015 | I71: e1 = | J71: 37.56 | K71: expcost2 = | L71: 2.6 | M71: gback = | N71: -0.012 | O71: limmiu2050 = | P71: 1 | Q71: limmiu2100 = | R71: 1.1 | S71: cprice1 = | T71: 6 | U71: gcprice = | V71: 0.025
A73: SCENARIO: T < 2%
A74: Results of DICE2023-opt-b-4-3-1
A75: Temp limit 2.0
A76: This is optimal if ifopt = 1 and baseline if ifopt = 0
A77: ifopt = | B77: 1
A79: Period | B79: 1 | C79: 2 | D79: 3 | E79: 4 | F79: 5 | G79: 6 | H79: 7 | I79: 8 | J79: 9 | K79: 10 | L79: 11 | M79: 12 | N79: 13 | O79: 14 | P79: 15 | Q79: 16 | R79: 17 | S79: 18 | T79: 19 | U79: 20 | V79: 21 | W79: 22 | X79: 23 | Y79: 24 | Z79: 25 | AA79: 26 | AB79: 27 | AC79: 28 | AD79: 29 | AE79: 30 | AF79: 31 | AG79: 32 | AH79: 33 | AI79: 34 | AJ79: 35 | AK79: 36 | AL79: 37 | AM79: 38 | AN79: 39 | AO79: 40 | AP79: 41 | AQ79: 42 | AR79: 43 | AS79: 44 | AT79: 45 | AU79: 46 | AV79: 47 | AW79: 48 | AX79: 49 | AY79: 50 | AZ79: 51 | BA79: 52 | BB79: 53 | BC79: 54 | BD79: 55 | BE79: 56 | BF79: 57 | BG79: 58 | BH79: 59 | BI79: 60 | BJ79: 61 | BK79: 62 | BL79: 63 | BM79: 64 | BN79: 65 | BO79: 66 | BP79: 67 | BQ79: 68 | BR79: 69 | BS79: 70 | BT79: 71 | BU79: 72 | BV79: 73 | BW79: 74 | BX79: 75 | BY79: 76 | BZ79: 77 | CA79: 78 | CB79: 79 | CC79: 80 | CD79: 81
A80: Year | B80: 2020 | C80: 2025 | D80: 2030 | E80: 2035 | F80: 2040 | G80: 2045 | H80: 2050 | I80: 2055 | J80: 2060 | K80: 2065 | L80: 2070 | M80: 2075 | N80: 2080 | O80: 2085 | P80: 2090 | Q80: 2095 | R80: 2100 | S80: 2105 | T80: 2110 | U80: 2115 | V80: 2120 | W80: 2125 | X80: 2130 | Y80: 2135 | Z80: 2140 | AA80: 2145 | AB80: 2150 | AC80: 2155 | AD80: 2160 | AE80: 2165 | AF80: 2170 | AG80: 2175 | AH80: 2180 | AI80: 2185 | AJ80: 2190 | AK80: 2195 | AL80: 2200 | AM80: 2205 | AN80: 2210 | AO80: 2215 | AP80: 2220 | AQ80: 2225 | AR80: 2230 | AS80: 2235 | AT80: 2240 | AU80: 2245 | AV80: 2250 | AW80: 2255 | AX80: 2260 | AY80: 2265 | AZ80: 2270 | BA80: 2275 | BB80: 2280 | BC80: 2285 | BD80: 2290 | BE80: 2295 | BF80: 2300 | BG80: 2305 | BH80: 2310 | BI80: 2315 | BJ80: 2320 | BK80: 2325 | BL80: 2330 | BM80: 2335 | BN80: 2340 | BO80: 2345 | BP80: 2350 | BQ80: 2355 | BR80: 2360 | BS80: 2365 | BT80: 2370 | BU80: 2375 | BV80: 2380 | BW80: 2385 | BX80: 2390 | BY80: 2395 | BZ80: 2400 | CA80: 2405 | CB80: 2410 | CC80: 2415 | CD80: 2420
A81: Objective function (2019$) | B81: 6647.1152
A82: Industrial CO2 GtCO2/yr | B82: 37.3362 | C82: 38.077472 | D82: 34.448142 | E82: 30.945129 | F82: 29.90391 | G82: 28.293882 | H82: 25.780701 | I82: 23.239321 | J82: 19.77679 | K82: 15.246208 | L82: 9.7328953 | M82: 4.8775925 | N82: 4.7285482 | O82: 3.7772683 | P82: 2.8210627 | Q82: 1.971907 | R82: 1.1902032 | S82: 3.4383725 | T82: 2.6157156 | U82: 2.3425558 | V82: 1.966906 | W82: 1.6310378 | X82: 1.3179322 | Y82: -4.8240925 | Z82: -11.841083 | AA82: -16.18912 | AB82: -17.135816 | AC82: -18.149917 | AD82: -19.231396 | AE82: -20.364345 | AF82: -21.549793 | AG82: -22.789026 | AH82: -24.083425 | AI82: -25.434325 | AJ82: -26.842829 | AK82: -28.309499 | AL82: -29.833765 | AM82: -15.706392 | AN82: -16.549214 | AO82: -17.410424 | AP82: -18.29402 | AQ82: -19.203048 | AR82: -20.139854 | AS82: -21.106272 | AT82: -22.103762 | AU82: -23.133507 | AV82: -24.196486 | AW82: -25.293521 | AX82: -26.425309 | AY82: -27.592451 | AZ82: -28.795464 | BA82: -23.972149 | BB82: -7.673651 | BC82: -8.8980083 | BD82: -7.3733094 | BE82: 4.2560319 | BF82: -16.153503 | BG82: 0 | BH82: 0 | BI82: 0 | BJ82: 0 | BK82: 0 | BL82: 0 | BM82: 0 | BN82: 0 | BO82: 0 | BP82: 0 | BQ82: 0 | BR82: 0 | BS82: 0 | BT82: 0 | BU82: 0 | BV82: 0 | BW82: 0 | BX82: 0 | BY82: 0 | BZ82: 0 | CA82: 0 | CB82: 0 | CC82: 0 | CD82: 0
A83: Atmospheric concentration C (ppm) | B83: 416.20319 | C83: 429.88795 | D83: 441.14703 | E83: 450.50086 | F83: 459.49521 | G83: 467.70762 | H83: 474.6884 | I83: 480.53009 | J83: 484.76675 | K83: 486.9066 | L83: 486.53889 | M83: 484.19358 | N83: 482.56522 | O83: 480.83605 | P83: 478.9396 | Q83: 476.90677 | R83: 474.74889 | S83: 474.14613 | T83: 473.08532 | U83: 472.01704 | V83: 470.88292 | W83: 469.7086 | X83: 468.5008 | Y83: 463.96072 | Z83: 456.09992 | AA83: 446.76943 | AB83: 437.86481 | AC83: 429.05415 | AD83: 420.19324 | AE83: 411.22264 | AF83: 402.11223 | AG83: 392.84487 | AH83: 383.41025 | AI83: 373.80279 | AJ83: 364.02123 | AK83: 354.06889 | AL83: 343.95447 | AM83: 342.14651 | AN83: 338.68282 | AO83: 334.55319 | AP83: 329.98777 | AQ83: 325.05834 | AR83: 319.80399 | AS83: 314.25609 | AT83: 308.44342 | AU83: 302.39339 | AV83: 296.1326 | AW83: 289.68718 | AX83: 283.08306 | AY83: 276.34615 | AZ83: 269.50257 | BA83: 265.47144 | BB83: 268.82923 | BC83: 269.55973 | BD83: 270.30439 | BE83: 275.78505 | BF83: 270.1825 | BG83: 273.55706 | BH83: 275.59126 | BI83: 277.18566 | BJ83: 278.50728 | BK83: 279.65128 | BL83: 280.67414 | BM83: 281.60962 | BN83: 282.47813 | BO83: 283.29229 | BP83: 284.06011 | BQ83: 284.78689 | BR83: 285.47634 | BS83: 286.13122 | BT83: 286.7537 | BU83: 287.34561 | BV83: 287.90853 | BW83: 288.4439 | BX83: 288.95304 | BY83: 289.4372 | BZ83: 289.89755 | CA83: 290.33521 | CB83: 290.75123 | CC83: 291.14664 | CD83: 291.5224
A84: Atmospheric concentrations GtC | B84: 886.5128 | C84: 915.66133 | D84: 939.64318 | E84: 959.56683 | F84: 978.72479 | G84: 996.21722 | H84: 1011.0863 | I84: 1023.5291 | J84: 1032.5532 | K84: 1037.111 | L84: 1036.3278 | M84: 1031.3323 | N84: 1027.8639 | O84: 1024.1808 | P84: 1020.1414 | Q84: 1015.8114 | R84: 1011.2151 | S84: 1009.9313 | T84: 1007.6717 | U84: 1005.3963 | V84: 1002.9806 | W84: 1000.4793 | X84: 997.9067 | Y84: 988.23634 | Z84: 971.49283 | AA84: 951.61889 | AB84: 932.65204 | AC84: 913.88534 | AD84: 895.01161 | AE84: 875.90422 | AF84: 856.49905 | AG84: 836.75958 | AH84: 816.66383 | AI84: 796.19994 | AJ84: 775.36521 | AK84: 754.16673 | AL84: 732.62303 | AM84: 728.77206 | AN84: 721.3944 | AO84: 712.59829 | AP84: 702.87395 | AQ84: 692.37427 | AR84: 681.18249 | AS84: 669.36547 | AT84: 656.98448 | AU84: 644.09792 | AV84: 630.76244 | AW84: 617.0337 | AX84: 602.96691 | AY84: 588.6173 | AZ84: 574.04047 | BA84: 565.45416 | BB84: 572.60627 | BC84: 574.16222 | BD84: 575.74836 | BE84: 587.42215 | BF84: 575.48873 | BG84: 582.67654 | BH84: 587.00938 | BI84: 590.40547 | BJ84: 593.2205 | BK84: 595.65723 | BL84: 597.83592 | BM84: 599.82849 | BN84: 601.67843 | BO84: 603.41259 | BP84: 605.04804 | BQ84: 606.59608 | BR84: 608.06461 | BS84: 609.4595 | BT84: 610.78539 | BU84: 612.04615 | BV84: 613.24517 | BW84: 614.3855 | BX84: 615.46998 | BY84: 616.50124 | BZ84: 617.48178 | CA84: 618.41399 | CB84: 619.30012 | CC84: 620.14234 | CD84: 620.94272
A85: Atmospheric temperaturer (deg c above preind) | B85: 1.24715 | C85: 1.4247314 | D85: 1.5460499 | E85: 1.638505 | F85: 1.7174676 | G85: 1.7881684 | H85: 1.8503803 | I85: 1.9041747 | J85: 1.9482 | K85: 1.9799922 | L85: 1.9969693 | M85: 2 | N85: 2 | O85: 2 | P85: 2 | Q85: 2 | R85: 2 | S85: 2 | T85: 2 | U85: 2 | V85: 2 | W85: 2 | X85: 2 | Y85: 1.9871958 | Z85: 1.9553826 | AA85: 1.9094971 | AB85: 1.8595061 | AC85: 1.8081235 | AD85: 1.7554145 | AE85: 1.7009934 | AF85: 1.6444566 | AG85: 1.5854449 | AH85: 1.5236368 | AI85: 1.4587369 | AJ85: 1.3904712 | AK85: 1.318586 | AL85: 1.2428532 | AM85: 1.2081844 | AN85: 1.179103 | AO85: 1.1474977 | AP85: 1.1120842 | AQ85: 1.0727633 | AR85: 1.0296108 | AS85: 0.98271227 | AT85: 0.93214149 | AU85: 0.8779613 | AV85: 0.82022784 | AW85: 0.75899456 | AX85: 0.69431597 | AY85: 0.62625128 | AZ85: 0.55486816 | BA85: 0.5 | BB85: 0.5 | BC85: 0.5 | BD85: 0.5 | BE85: 0.53136766 | BF85: 0.5 | BG85: 0.50765552 | BH85: 0.51914502 | BI85: 0.5289366 | BJ85: 0.53651681 | BK85: 0.54236311 | BL85: 0.54698799 | BM85: 0.5507654 | BN85: 0.55394151 | BO85: 0.55667372 | BP85: 0.55906295 | BQ85: 0.56117539 | BR85: 0.56305596 | BS85: 0.56473654 | BT85: 0.56624088 | BU85: 0.56758747 | BV85: 0.56879136 | BW85: 0.56986518 | BX85: 0.57081986 | BY85: 0.57166502 | BZ85: 0.57240922 | CA85: 0.57306022 | CB85: 0.57362504 | CC85: 0.5741101 | CD85: 0.57452131
A86: Total forcings w/m2 | B86: 2.7918385 | C86: 3.0135595 | D86: 3.1941099 | E86: 3.3338215 | F86: 3.4564499 | G86: 3.5645712 | H86: 3.652888 | I86: 3.722139 | J86: 3.7682966 | K86: 3.7851971 | L86: 3.7674138 | M86: 3.7205498 | N86: 3.6785352 | O86: 3.6407488 | P86: 3.6043084 | Q86: 3.5691662 | R86: 3.5352758 | S86: 3.5025927 | T86: 3.4710738 | U86: 3.4406778 | V86: 3.4113645 | W86: 3.3830955 | X86: 3.3558335 | Y86: 3.2892765 | Z86: 3.1762554 | AA86: 3.038655 | AB86: 2.9035892 | AC86: 2.7703277 | AD86: 2.6365004 | AE86: 2.5007944 | AF86: 2.3622748 | AG86: 2.2201774 | AH86: 2.0738267 | AI86: 1.9226055 | AJ86: 1.7659465 | AK86: 1.6033363 | AL86: 1.4343298 | AM86: 1.4004159 | AN86: 1.346655 | AO86: 1.2804803 | AP86: 1.2054886 | AQ86: 1.122661 | AR86: 1.0324231 | AS86: 0.93506068 | AT86: 0.83080757 | AU86: 0.71986936 | AV86: 0.60243573 | AW86: 0.47868988 | AX86: 0.34881677 | AY86: 0.21301106 | AZ86: 0.07148566 | BA86: -0.013400382 | BB86: 0.059841235 | BC86: 0.081022935 | BD86: 0.10145008 | BE86: 0.21979293 | BF86: 0.10982525 | BG86: 0.18157169 | BH86: 0.22800584 | BI86: 0.26452666 | BJ86: 0.2947791 | BK86: 0.32084766 | BL86: 0.34398181 | BM86: 0.36494324 | BN86: 0.38420696 | BO86: 0.40207851 | BP86: 0.41876233 | BQ86: 0.43440188 | BR86: 0.4491031 | BS86: 0.4629484 | BT86: 0.47600481 | BU86: 0.48832903 | BV86: 0.49997042 | BW86: 0.51097285 | BX86: 0.52137596 | BY86: 0.53121593 | BZ86: 0.54052604 | CA86: 0.54933705 | CB86: 0.55767754 | CC86: 0.56557413 | CD86: 0.57305165
A87: Forcings, exogenous w/m2 | B87: -0.054 | C87: -0.0340625 | D87: -0.014125 | E87: 0.0058125 | F87: 0.02575 | G87: 0.0456875 | H87: 0.065625 | I87: 0.0855625 | J87: 0.1055 | K87: 0.1254375 | L87: 0.145375 | M87: 0.1653125 | N87: 0.18525 | O87: 0.2051875 | P87: 0.225125 | Q87: 0.2450625 | R87: 0.265 | S87: 0.265 | T87: 0.265 | U87: 0.265 | V87: 0.265 | W87: 0.265 | X87: 0.265 | Y87: 0.265 | Z87: 0.265 | AA87: 0.265 | AB87: 0.265 | AC87: 0.265 | AD87: 0.265 | AE87: 0.265 | AF87: 0.265 | AG87: 0.265 | AH87: 0.265 | AI87: 0.265 | AJ87: 0.265 | AK87: 0.265 | AL87: 0.265 | AM87: 0.265 | AN87: 0.265 | AO87: 0.265 | AP87: 0.265 | AQ87: 0.265 | AR87: 0.265 | AS87: 0.265 | AT87: 0.265 | AU87: 0.265 | AV87: 0.265 | AW87: 0.265 | AX87: 0.265 | AY87: 0.265 | AZ87: 0.265 | BA87: 0.265 | BB87: 0.265 | BC87: 0.265 | BD87: 0.265 | BE87: 0.265 | BF87: 0.265 | BG87: 0.265 | BH87: 0.265 | BI87: 0.265 | BJ87: 0.265 | BK87: 0.265 | BL87: 0.265 | BM87: 0.265 | BN87: 0.265 | BO87: 0.265 | BP87: 0.265 | BQ87: 0.265 | BR87: 0.265 | BS87: 0.265 | BT87: 0.265 | BU87: 0.265 | BV87: 0.265 | BW87: 0.265 | BX87: 0.265 | BY87: 0.265 | BZ87: 0.265 | CA87: 0.265 | CB87: 0.265 | CC87: 0.265 | CD87: 0.265
A88: CO2 forcings w/m2 | B88: 2.3278385 | C88: 2.5112619 | D88: 2.6578466 | E88: 2.7768089 | F88: 2.8888922 | G88: 2.9893317 | H88: 3.073331 | I88: 3.1426798 | J88: 3.1924491 | K88: 3.2174215 | L88: 3.2131381 | M88: 3.1857414 | N88: 3.1666416 | O88: 3.1462886 | P88: 3.1238823 | Q88: 3.099766 | R88: 3.0740535 | S88: 3.0668503 | T88: 3.054151 | U88: 3.0413336 | V88: 3.0276942 | W88: 3.0135369 | X88: 2.9989389 | Y88: 2.943727 | Z88: 2.8468417 | AA88: 2.7296513 | AB88: 2.6155045 | AC88: 2.5002542 | AD88: 2.3819347 | AE88: 2.2595808 | AF88: 2.1325574 | AG88: 2.0003582 | AH88: 1.8625299 | AI88: 1.7186464 | AJ88: 1.5683052 | AK88: 1.4111347 | AL88: 1.2468117 | AM88: 1.2169304 | AN88: 1.1592402 | AO88: 1.0896824 | AP88: 1.0117778 | AQ88: 0.92644233 | AR88: 0.83404501 | AS88: 0.73482342 | AT88: 0.62896954 | AU88: 0.51665306 | AV88: 0.39803275 | AW88: 0.27326517 | AX88: 0.14251234 | AY88: 0.0059491963 | AZ88: -0.13622835 | BA88: -0.2216759 | BB88: -0.15041171 | BC88: -0.135026 | BD88: -0.11938458 | BE88: -0.0055746188 | BF88: -0.1219419 | BG88: -0.051565268 | BH88: -0.0095600865 | BI88: 0.0231474 | BJ88: 0.050116562 | BK88: 0.073358208 | BL88: 0.094058393 | BM88: 0.11292418 | BN88: 0.13038355 | BO88: 0.14670155 | BP88: 0.16204777 | BQ88: 0.17653564 | BR88: 0.19024527 | BS88: 0.20323681 | BT88: 0.21555813 | BU88: 0.22724944 | BV88: 0.23834589 | BW88: 0.24887913 | BX88: 0.25887827 | BY88: 0.26837042 | BZ88: 0.27738105 | CA88: 0.28593422 | CB88: 0.2940527 | CC88: 0.30175814 | CD88: 0.30907108
A89: Actual other abatable GHG forcings w/m2 | B89: 0.518 | C89: 0.5363601 | D89: 0.55038826 | E89: 0.55120014 | F89: 0.54180768 | G89: 0.52955199 | H89: 0.51393199 | I89: 0.49389673 | J89: 0.47034755 | K89: 0.44233811 | L89: 0.40890064 | M89: 0.36949588 | N89: 0.32664367 | O89: 0.28927271 | P89: 0.25530108 | Q89: 0.22433764 | R89: 0.19622231 | S89: 0.17074235 | T89: 0.1519228 | U89: 0.13434422 | V89: 0.11867027 | W89: 0.10455861 | X89: 0.09189455 | Y89: 0.080549464 | Z89: 0.064413709 | AA89: 0.044003696 | AB89: 0.023084682 | AC89: 0.0050734114 | AD89: -0.010434293 | AE89: -0.023786426 | AF89: -0.035282613 | AG89: -0.04518083 | AH89: -0.053703194 | AI89: -0.06104095 | AJ89: -0.067358758 | AK89: -0.072798391 | AL89: -0.077481914 | AM89: -0.081514428 | AN89: -0.077585173 | AO89: -0.074202084 | AP89: -0.071289244 | AQ89: -0.068781289 | AR89: -0.06662194 | AS89: -0.06476274 | AT89: -0.063161969 | AU89: -0.061783706 | AV89: -0.060597021 | AW89: -0.059575285 | AX89: -0.05869557 | AY89: -0.057938136 | AZ89: -0.057285985 | BA89: -0.056724483 | BB89: -0.054747057 | BC89: -0.048951069 | BD89: -0.044165336 | BE89: -0.03963245 | BF89: -0.033232844 | BG89: -0.03186304 | BH89: -0.027434077 | BI89: -0.023620741 | BJ89: -0.020337458 | BK89: -0.017510551 | BL89: -0.015076585 | BM89: -0.012980939 | BN89: -0.011176589 | BO89: -0.0096230429 | BP89: -0.0082854399 | BQ89: -0.0071337638 | BR89: -0.0061421706 | BS89: -0.0052884089 | BT89: -0.00455332 | BU89: -0.0039204086 | BV89: -0.0033754718 | BW89: -0.0029062812 | BX89: -0.0025023081 | BY89: -0.0021544873 | BZ89: -0.0018550135 | CA89: -0.0015971667 | CB89: -0.0013751605 | CC89: -0.0011840132 | CD89: -0.0010194354
A90: Carbon price (2019 $ per t CO2) | B90: 5.7603329 | C90: 16.610429 | D90: 64.121565 | E90: 116.69047 | F90: 140.97272 | G90: 167.6595 | H90: 199.52781 | I90: 237.64411 | J90: 283.30519 | K90: 337.70299 | L90: 399.52852 | M90: 451.305 | N90: 452.98796 | O90: 461.84205 | P90: 469.72639 | Q90: 475.74739 | R90: 480.41333 | S90: 461.81018 | T90: 466.59082 | U90: 467.03676 | V90: 467.87159 | W90: 468.16925 | X90: 468.08689 | Y90: 498.54066 | Z90: 530.29941 | AA90: 545.47839 | AB90: 542.7578 | AC90: 540.05079 | AD90: 537.35727 | AE90: 534.67719 | AF90: 532.01048 | AG90: 529.35707 | AH90: 526.71689 | AI90: 524.08988 | AJ90: 521.47597 | AK90: 518.87509 | AL90: 516.28719 | AM90: 476.86392 | AN90: 474.48555 | AO90: 472.11904 | AP90: 469.76434 | AQ90: 467.42138 | AR90: 465.09011 | AS90: 462.77046 | AT90: 460.46238 | AU90: 458.16582 | AV90: 455.8807 | AW90: 453.60699 | AX90: 451.34462 | AY90: 449.09353 | AZ90: 446.85366 | BA90: 437.80667 | BB90: 417.23669 | BC90: 416.06315 | BD90: 412.16908 | BE90: 399.21907 | BF90: 415.26272 | BG90: 399.082 | BH90: 397.09157 | BI90: 395.11106 | BJ90: 393.14044 | BK90: 391.17964 | BL90: 389.22863 | BM90: 387.28734 | BN90: 385.35574 | BO90: 383.43377 | BP90: 381.52138 | BQ90: 379.61854 | BR90: 377.72518 | BS90: 375.84127 | BT90: 373.96675 | BU90: 372.10159 | BV90: 370.24572 | BW90: 368.39911 | BX90: 366.56172 | BY90: 364.73348 | BZ90: 362.91437 | CA90: 361.10432 | CB90: 359.30331 | CC90: 357.51128 | CD90: 355.72818
A91: Emissions control rate | B91: 0.05 | C91: 0.1 | D91: 0.24 | E91: 0.36 | F91: 0.41800984 | G91: 0.4806361 | H91: 0.5528695 | I91: 0.61863154 | J91: 0.6926182 | K91: 0.77540092 | L91: 0.86400555 | M91: 0.93529837 | N91: 0.94041092 | O91: 0.95483668 | P91: 0.96801245 | Q91: 0.97880296 | R91: 0.98787408 | S91: 0.96680534 | T91: 0.976094 | U91: 0.97973385 | V91: 0.98389791 | W91: 0.9873698 | X91: 0.99035125 | Y91: 1.0333685 | Z91: 1.0773958 | AA91: 1.1 | AB91: 1.1 | AC91: 1.1 | AD91: 1.1 | AE91: 1.1 | AF91: 1.1 | AG91: 1.1 | AH91: 1.1 | AI91: 1.1 | AJ91: 1.1 | AK91: 1.1 | AL91: 1.1 | AM91: 1.05 | AN91: 1.05 | AO91: 1.05 | AP91: 1.05 | AQ91: 1.05 | AR91: 1.05 | AS91: 1.05 | AT91: 1.05 | AU91: 1.05 | AV91: 1.05 | AW91: 1.05 | AX91: 1.05 | AY91: 1.05 | AZ91: 1.05 | BA91: 1.0399073 | BB91: 1.0122537 | BC91: 1.013636 | BD91: 1.0108502 | BE91: 0.9939828 | BF91: 1.0219528 | BG91: 1 | BH91: 1 | BI91: 1 | BJ91: 1 | BK91: 1 | BL91: 1 | BM91: 1 | BN91: 1 | BO91: 1 | BP91: 1 | BQ91: 1 | BR91: 1 | BS91: 1 | BT91: 1 | BU91: 1 | BV91: 1 | BW91: 1 | BX91: 1 | BY91: 1 | BZ91: 1 | CA91: 1 | CB91: 1 | CC91: 1 | CD91: 1
A92: Social cost of carbon $/tCO2 | B92: 75.678427 | C92: 89.033444 | D92: 106.86343 | E92: 127.55307 | F92: 151.71567 | G92: 179.99932 | H92: 213.1278 | I92: 251.95336 | J92: 297.62564 | K92: 351.62682 | L92: 414.87439 | M92: 479.55182 | N92: 479.42719 | O92: 488.17391 | P92: 496.11241 | Q92: 501.21254 | R92: 509.36579 | S92: 491.13263 | T92: 501.89579 | U92: 507.33921 | V92: 513.21319 | W92: 518.93121 | X92: 518.9022 | Y92: 555.7353 | Z92: 594.30016 | AA92: 633.33217 | AB92: 672.83014 | AC92: 712.5822 | AD92: 752.16307 | AE92: 791.13192 | AF92: 829.05196 | AG92: 865.50961 | AH92: 900.14342 | AI92: 932.68984 | AJ92: 963.05122 | AK92: 991.37275 | AL92: 1017.9747 | AM92: 1038.686 | AN92: 1058.8763 | AO92: 1070.8909 | AP92: 1073.667 | AQ92: 1066.4121 | AR92: 1048.4049 | AS92: 1018.9898 | AT92: 977.61148 | AU92: 923.86015 | AV92: 857.53792 | AW92: 778.82335 | AX92: 727.53495 | AY92: 664.72705 | AZ92: 589.60156 | BA92: 507.63792 | BB92: 484.44948 | BC92: 483.58017 | BD92: 479.09988 | BE92: 461.27503 | BF92: 451.48615 | BG92: 1980.8645 | BH92: 2092.9732 | BI92: 2203.0664 | BJ92: 2310.1429 | BK92: 2413.4938 | BL92: 2512.179 | BM92: 2604.9221 | BN92: 2690.1019 | BO92: 2765.7575 | BP92: 2829.5905 | BQ92: 2878.9599 | BR92: 2910.8751 | BS92: 2921.9885 | BT92: 2908.5928 | BU92: 2866.6232 | BV92: 2791.6698 | BW92: 2679.0021 | BX92: 2523.6086 | BY92: 2320.2641 | BZ92: 2063.6555 | CA92: 1748.6914 | CB92: 1371.4542 | CC92: 932.51475 | CD92: 449.00998
A93: Output, net net trill 2019$ | B93: 134.15794 | C93: 155.38301 | D93: 178.34427 | E93: 203.00857 | F93: 229.95288 | G93: 259.13282 | H93: 290.61785 | I93: 324.58638 | J93: 361.0943 | K93: 400.19261 | L93: 441.95522 | M93: 487.25332 | N93: 538.84538 | O93: 595.0099 | P93: 656.17084 | Q93: 722.66831 | R93: 794.82134 | S93: 874.43017 | T93: 959.36326 | U93: 1051.3882 | V93: 1150.8755 | W93: 1258.5189 | X93: 1375.0636 | Y93: 1498.3099 | Z93: 1630.6371 | AA93: 1774.9398 | AB93: 1933.0669 | AC93: 2104.2914 | AD93: 2289.2748 | AE93: 2488.8805 | AF93: 2704.0532 | AG93: 2935.8202 | AH93: 3185.2752 | AI93: 3453.5631 | AJ93: 3741.855 | AK93: 4051.3011 | AL93: 4382.9345 | AM93: 4745.0918 | AN93: 5129.8837 | AO93: 5537.3463 | AP93: 5969.9092 | AQ93: 6429.8126 | AR93: 6919.1995 | AS93: 7440.1662 | AT93: 7994.7961 | AU93: 8585.1834 | AV93: 9213.451 | AW93: 9881.7624 | AX93: 10592.331 | AY93: 11347.425 | AZ93: 12149.373 | BA93: 13002.919 | BB93: 13911.8 | BC93: 14866.626 | BD93: 15879.095 | BE93: 16954.098 | BF93: 18080.211 | BG93: 19286.28 | BH93: 20554.244 | BI93: 21894.304 | BJ93: 23310.093 | BK93: 24805.273 | BL93: 26383.594 | BM93: 28048.923 | BN93: 29805.249 | BO93: 31656.693 | BP93: 33607.511 | BQ93: 35662.098 | BR93: 37824.993 | BS93: 40100.877 | BT93: 42494.581 | BU93: 45011.086 | BV93: 47655.524 | BW93: 50433.181 | BX93: 53349.503 | BY93: 56410.092 | BZ93: 59620.711 | CA93: 62987.286 | CB93: 66515.906 | CC93: 70212.828 | CD93: 74084.474
... A98: Change TFP, %/year | B98: 0.066 | C98: 0.065506852 | D98: 0.065017388 | E98: 0.064531582 | F98: 0.064049405 | G98: 0.063570832 | H98: 0.063095834 | I98: 0.062624385 | J98: 0.062156459 | K98: 0.06169203 | L98: 0.06123107 | M98: 0.060773555 | N98: 0.060319458 | O98: 0.059868755 | P98: 0.059421419 | Q98: 0.058977425 | R98: 0.058536749 | S98: 0.058099365 | T98: 0.05766525 | U98: 0.057234379 | V98: 0.056806726 | W98: 0.05638227 | X98: 0.055960984 | Y98: 0.055542847 | Z98: 0.055127834 | AA98: 0.054715922 | AB98: 0.054307087 | AC98: 0.053901308 | AD98: 0.05349856 | AE98: 0.053098822 | AF98: 0.05270207 | AG98: 0.052308283 | AH98: 0.051917439 | AI98: 0.051529515 | AJ98: 0.051144489 | AK98: 0.05076234 | AL98: 0.050383047 | AM98: 0.050006587 | AN98: 0.049632941 | AO98: 0.049262086 | AP98: 0.048894003 | AQ98: 0.048528669 | AR98: 0.048166066 | AS98: 0.047806172 | AT98: 0.047448966 | AU98: 0.04709443 | AV98: 0.046742543 | AW98: 0.046393286 | AX98: 0.046046638 | AY98: 0.04570258 | AZ98: 0.045361092 | BA98: 0.045022157 | BB98: 0.044685754 | BC98: 0.044351864 | BD98: 0.044020469 | BE98: 0.043691551 | BF98: 0.04336509 | BG98: 0.043041069 | BH98: 0.042719468 | BI98: 0.04240027 | BJ98: 0.042083458 | BK98: 0.041769013 | BL98: 0.041456917 | BM98: 0.041147153 | BN98: 0.040839704 | BO98: 0.040534552 | BP98: 0.04023168 | BQ98: 0.039931071 | BR98: 0.039632708 | BS98: 0.039336575 | BT98: 0.039042654 | BU98: 0.03875093 | BV98: 0.038461385 | BW98: 0.038174003 | BX98: 0.037888769 | BY98: 0.037605666 | BZ98: 0.037324679 | CA98: 0.037045791 | CB98: 0.036768987 | CC98: 0.036494251 | CD98: 0.036221568
A99: Capital stock, 2019$ | B99: 295 | C99: 344.53719 | D99: 399.21626 | E99: 458.80476 | F99: 522.95257 | G99: 593.38981 | H99: 670.66708 | I99: 755.17039 | J99: 847.79818 | K99: 949.07039 | L99: 1058.9814 | M99: 1176.5024 | N99: 1301.9816 | O99: 1444.3778 | P99: 1601.6662 | Q99: 1774.1509 | R99: 1962.5427 | S99: 2167.3392 | T99: 2395.6785 | U99: 2642.6767 | V99: 2911.7569 | W99: 3205.1682 | X99: 3526.2057 | Y99: 3879.658 | Z99: 4257.7132 | AA99: 4661.5916 | AB99: 5099.1765 | AC99: 5579.938 | AD99: 6104.9475 | AE99: 6676.2472 | AF99: 7296.6924 | AG99: 7969.5743 | AH99: 8698.4798 | AI99: 9487.1425 | AJ99: 10339.21 | AK99: 11257.795 | AL99: 12244.568 | AM99: 13297.899 | AN99: 14495.405 | AO99: 15741.229 | AP99: 17047.323 | AQ99: 18424.147 | AR99: 19881.012 | AS99: 21426.418 | AT99: 23068.318 | AU99: 24814.326 | AV99: 26671.868 | AW99: 28648.303 | AX99: 30751.004 | AY99: 32987.423 | AZ99: 35365.139 | BA99: 37891.883 | BB99: 40578.865 | BC99: 43437.934 | BD99: 46462.941 | BE99: 49666.635 | BF99: 53063.388 | BG99: 56645.696 | BH99: 60449.508 | BI99: 64470.772 | BJ99: 68721.372 | BK99: 73213.414 | BL99: 77959.17 | BM99: 82971.142 | BN99: 88262.122 | BO99: 93845.25 | BP99: 99734.052 | BQ99: 105942.4752998459 | BR99: 112484.9097101009 | BS99: 119376.2041393169 | BT99: 126631.6826203977 | BU99: 134267.1561676311 | BV99: 142298.9334284421 | BW99: 150743.8302247560 | BX99: 159619.1782825955 | BY99: 168942.8333384535 | BZ99: 178733.1827400361 | CA99: 189009.1526132456 | CB99: 199790.2146377634 | CC99: 211096.3924544992 | CD99: 222948.2677157970
A100: Savings rate, fraction gross output | B100: 0.25394344 | C100: 0.25198442 | D100: 0.25015836 | E100: 0.24829785 | F100: 0.24752162 | G100: 0.24719086 | H100: 0.24716182 | I100: 0.24762445 | J100: 0.24838611 | K100: 0.24916244 | L100: 0.24943002 | M100: 0.24926201 | N100: 0.25074749 | O100: 0.25168508 | P100: 0.25249006 | Q100: 0.25320726 | R100: 0.25376202 | S100: 0.25522596 | T100: 0.25601408 | U100: 0.25704735 | V100: 0.25820429 | W100: 0.25960452 | X100: 0.26143793 | Y100: 0.26253767 | Z100: 0.26338841 | AA100: 0.26440935 | AB100: 0.26578752 | AC100: 0.26707803 | AD100: 0.26832399 | AE100: 0.26955374 | AF100: 0.27077502 | AG100: 0.27198708 | AH100: 0.27318062 | AI100: 0.27433389 | AJ100: 0.27540323 | AK100: 0.27630396 | AL100: 0.27687406 | AM100: 0.28 | AN100: 0.28 | AO100: 0.28 | AP100: 0.28 | AQ100: 0.28 | AR100: 0.28 | AS100: 0.28 | AT100: 0.28 | AU100: 0.28 | AV100: 0.28 | AW100: 0.28 | AX100: 0.28 | AY100: 0.28 | AZ100: 0.28 | BA100: 0.28 | BB100: 0.28 | BC100: 0.28 | BD100: 0.28 | BE100: 0.28 | BF100: 0.28 | BG100: 0.28 | BH100: 0.28 | BI100: 0.28 | BJ100: 0.28 | BK100: 0.28 | BL100: 0.28 | BM100: 0.28 | BN100: 0.28 | BO100: 0.28 | BP100: 0.28 | BQ100: 0.28 | BR100: 0.28 | BS100: 0.28 | BT100: 0.28 | BU100: 0.28 | BV100: 0.28 | BW100: 0.28 | BX100: 0.28 | BY100: 0.28 | BZ100: 0.28 | CA100: 0.28 | CB100: 0.28 | CC100: 0.28 | CD100: 0.28
A101: Gross investment, 2019$ | B101: 34.068528 | C101: 39.154098 | D101: 44.614311 | E101: 50.40659 | F101: 56.918309 | G101: 64.055266 | H101: 71.829636 | I101: 80.375524 | J101: 89.690809 | K101: 99.712967 | L101: 110.2369 | M101: 121.45374 | N101: 135.11413 | O101: 149.75512 | P101: 165.67661 | Q101: 182.98486 | R101: 201.69547 | S101: 223.17727 | T101: 245.61051 | U101: 270.25654 | V101: 297.16098 | W101: 326.71719 | X101: 359.49376 | Y101: 393.36279 | Z101: 429.4909 | AA101: 469.31066 | AB101: 513.78505 | AC101: 562.00999 | AD101: 614.26734 | AE101: 670.88704 | AF101: 732.19008 | AG101: 798.50517 | AH101: 870.15543 | AI101: 947.42938 | AJ101: 1030.5189 | AK101: 1119.3905 | AL101: 1213.5209 | AM101: 1328.6257 | AN101: 1436.3674 | AO101: 1550.457 | AP101: 1671.5746 | AQ101: 1800.3475 | AR101: 1937.3759 | AS101: 2083.2465 | AT101: 2238.5429 | AU101: 2403.8514 | AV101: 2579.7663 | AW101: 2766.8935 | AX101: 2965.8526 | AY101: 3177.279 | AZ101: 3401.8244 | BA101: 3640.8175 | BB101: 3895.3039 | BC101: 4162.6552 | BD101: 4446.1465 | BE101: 4747.1474 | BF101: 5062.4591 | BG101: 5400.1583 | BH101: 5755.1884 | BI101: 6130.4052 | BJ101: 6526.8261 | BK101: 6945.4763 | BL101: 7387.4064 | BM101: 7853.6985 | BN101: 8345.4698 | BO101: 8863.874 | BP101: 9410.103 | BQ101: 9985.3875 | BR101: 10590.998 | BS101: 11228.246 | BT101: 11898.483 | BU101: 12603.104 | BV101: 13343.547 | BW101: 14121.291 | BX101: 14937.861 | BY101: 15794.826 | BZ101: 16693.799 | CA101: 17636.44 | CB101: 18624.454 | CC101: 19659.592 | CD101: 20743.653
A102: Y gross-net, 2019$ | B102: 134.16403 | C102: 155.42053 | D102: 178.7135 | E102: 204.07445 | F102: 231.52794 | G102: 261.39642 | H102: 293.86839 | I102: 329.1238 | J102: 367.43101 | K102: 409.03322 | L102: 454.12956 | M102: 502.78889 | N102: 555.19471 | O102: 612.67957 | P102: 675.19964 | Q102: 743.02637 | R102: 816.50014 | S102: 895.953 | T102: 982.55447 | U102: 1076.0026 | V102: 1177.0446 | W102: 1286.2999 | X102: 1404.5315 | Y102: 1532.9713 | Z102: 1671.3172 | AA102: 1820.1467 | AB102: 1980.6788 | AC102: 2154.4694 | AD102: 2342.1776 | AE102: 2544.6204 | AF102: 2762.7438 | AG102: 2997.5762 | AH102: 3250.2134 | AI102: 3521.8017 | AJ102: 3813.5134 | AK102: 4126.4979 | AL102: 4461.785 | AM102: 4818.2903 | AN102: 5206.6255 | AO102: 5617.679 | AP102: 6053.8978 | AQ102: 6517.5349 | AR102: 7010.7424 | AS102: 7535.6234 | AT102: 8094.266 | AU102: 8688.7681 | AV102: 9321.255 | AW102: 9993.8921 | AX102: 10708.894 | AY102: 11468.529 | AZ102: 12275.127 | BA102: 13130.195 | BB102: 14034.889 | BC102: 14994.699 | BD102: 16010.86 | BE102: 17084.719 | BF102: 18225.537 | BG102: 19428.369 | BH102: 20701.174 | BI102: 22046.161 | BJ102: 23466.963 | BK102: 24967.243 | BL102: 26550.75 | BM102: 28221.348 | BN102: 29983.025 | BO102: 31839.901 | BP102: 33796.23 | BQ102: 35856.406 | BR102: 38024.963 | BS102: 40306.583 | BT102: 42706.093 | BU102: 45228.471 | BV102: 47878.848 | BW102: 50662.506 | BX102: 53584.889 | BY102: 56651.595 | BZ102: 59868.385 | CA102: 63241.181 | CB102: 66776.071 | CC102: 70479.305 | CD102: 74357.305
A103: Consumption per capita, 2019$ | B103: 12.909932 | C103: 14.283356 | D103: 15.767866 | E103: 17.367544 | F103: 19.106152 | G103: 20.990112 | H103: 23.026464 | I103: 25.220679 | J103: 27.579499 | K103: 30.115021 | L103: 32.855278 | M103: 35.866638 | N103: 39.245323 | O103: 42.963161 | P103: 47.030412 | Q103: 51.468194 | R103: 56.304315 | S103: 61.578652 | T103: 67.260887 | U103: 73.398269 | V103: 80.020778 | W103: 87.156041 | X103: 94.820121 | Y103: 103.006 | Z103: 111.82639 | AA103: 121.41677 | AB103: 131.85874 | AC103: 143.16802 | AD103: 155.3793 | AE103: 168.54159 | AF103: 182.71233 | AG103: 197.95587 | AH103: 214.34323 | AI103: 231.95339 | AJ103: 250.87669 | AK103: 271.22235 | AL103: 293.13407 | AM103: 315.9292 | AN103: 341.49849 | AO103: 368.57709 | AP103: 397.32663 | AQ103: 427.89611 | AR103: 460.42802 | AS103: 495.06171 | AT103: 531.9357 | AU103: 571.1892 | AV103: 612.96333 | AW103: 657.40193 | AX103: 704.65213 | AY103: 754.86475 | AZ103: 808.1946 | BA103: 864.9572 | BB103: 925.40093 | BC103: 988.90125 | BD103: 1056.2362 | BE103: 1127.7311 | BF103: 1202.6259 | BG103: 1282.8393 | BH103: 1367.17 | BI103: 1456.2964 | BJ103: 1550.4601 | BK103: 1649.9047 | BL103: 1754.8796 | BM103: 1865.6419 | BN103: 1982.4569 | BO103: 2105.5988 | BP103: 2235.3505 | BQ103: 2372.0044 | BR103: 2515.8623 | BS103: 2667.2357 | BT103: 2826.4457 | BU103: 2993.8237 | BV103: 3169.711 | BW103: 3354.4593 | BX103: 3548.4306 | BY103: 3751.9975 | BZ103: 3965.5435 | CA103: 4189.4626 | CB103: 4424.1599 | CC103: 4670.0515 | CD103: 4927.5645
A104: Consumption | B104: 100.08941 | C104: 116.22891 | D104: 133.72996 | E104: 152.60198 | F104: 173.03457 | G104: 195.07756 | H104: 218.78821 | I104: 244.21086 | J104: 271.4035 | K104: 300.47965 | L104: 331.71832 | M104: 365.79958 | N104: 403.73125 | O104: 445.25478 | P104: 490.49422 | Q104: 539.68344 | R104: 593.12587 | S104: 651.25289 | T104: 713.75275 | U104: 781.13161 | V104: 853.71448 | W104: 931.80167 | X104: 1015.5698 | Y104: 1104.9471 | Z104: 1201.1462 | AA104: 1305.6291 | AB104: 1419.2818 | AC104: 1542.2814 | AD104: 1675.0075 | AE104: 1817.9934 | AF104: 1971.8632 | AG104: 2137.315 | AH104: 2315.1197 | AI104: 2506.1337 | AJ104: 2711.336 | AK104: 2931.9105 | AL104: 3169.4137 | AM104: 3416.4661 | AN104: 3693.5163 | AO104: 3986.8894 | AP104: 4298.3346 | AQ104: 4629.465 | AR104: 4981.8236 | AS104: 5356.9197 | AT104: 5756.2532 | AU104: 6181.3321 | AV104: 6633.6847 | AW104: 7114.869 | AX104: 7626.4782 | AY104: 8170.146 | AZ104: 8747.5485 | BA104: 9362.102 | BB104: 10016.496 | BC104: 10703.97 | BD104: 11432.948 | BE104: 12206.95 | BF104: 13017.752 | BG104: 13886.121 | BH104: 14799.056 | BI104: 15763.899 | BJ104: 16783.267 | BK104: 17859.796 | BL104: 18996.188 | BM104: 20195.225 | BN104: 21459.779 | BO104: 22792.819 | BP104: 24197.408 | BQ104: 25676.711 | BR104: 27233.995 | BS104: 28872.631 | BT104: 30596.099 | BU104: 32407.982 | BV104: 34311.977 | BW104: 36311.891 | BX104: 38411.642 | BY104: 40615.266 | BZ104: 42926.912 | CA104: 45350.846 | CB104: 47891.452 | CC104: 50553.236 | CD104: 53340.821
A105: Climate damages, fraction of output | B105: 0.0053925133 | C105: 0.0070375233 | D105: 0.0082870674 | E105: 0.0093078506 | F105: 0.010226592 | G105: 0.011085893 | H105: 0.011870687 | I105: 0.01257093 | J105: 0.013158941 | K105: 0.013591919 | L105: 0.013826002 | M105: 0.013868 | N105: 0.013868 | O105: 0.013868 | P105: 0.013868 | Q105: 0.013868 | R105: 0.013868 | S105: 0.013868 | T105: 0.013868 | U105: 0.013868 | V105: 0.013868 | W105: 0.013868 | X105: 0.013868 | Y105: 0.013690999 | Z105: 0.013256148 | AA105: 0.012641303 | AB105: 0.011988065 | AC105: 0.0113347 | AD105: 0.010683491 | AE105: 0.010031343 | AF105: 0.0093755917 | AG105: 0.0087147748 | AH105: 0.0080485329 | AI105: 0.007377476 | AJ105: 0.0067031329 | AK105: 0.0060279652 | AL105: 0.00535542 | AM105: 0.0050608134 | AN105: 0.0048201146 | AO105: 0.0045651754 | AP105: 0.0042877475 | AQ105: 0.0039898965 | AR105: 0.0036753608 | AS105: 0.003348163 | AT105: 0.0030124338 | AU105: 0.0026724192 | AV105: 0.0023325064 | AW105: 0.0019972442 | AX105: 0.0016713529 | AY105: 0.001359725 | AZ105: 0.0010674153 | BA105: 0.00086675 | BB105: 0.00086675 | BC105: 0.00086675 | BD105: 0.00086675 | BE105: 0.000978913 | BF105: 0.00086675 | BG105: 0.0008934949 | BH105: 0.0009343965 | BI105: 0.0009699762 | BJ105: 0.0009979769 | BK105: 0.0010198449 | BL105: 0.0010373121 | BM105: 0.0010516885 | BN105: 0.0010638531 | BO105: 0.0010743735 | BP105: 0.0010836156 | BQ105: 0.0010918201 | BR105: 0.00109915 | BS105: 0.0011057212 | BT105: 0.0011116198 | BU105: 0.0011169132 | BV105: 0.0011216563 | BW105: 0.0011258955 | BX105: 0.001129671 | BY105: 0.0011330187 | BZ105: 0.0011359706 | CA105: 0.0011385559 | CB105: 0.0011408014 | CC105: 0.0011427316 | CD105: 0.0011443691
A106: Damages, 2019$ | B106: 0.72740386 | C106: 1.1015276 | D106: 1.4933866 | E106: 1.9173408 | F106: 2.3922059 | G106: 2.9302977 | H106: 3.5303271 | I106: 4.1900654 | J106: 4.8994746 | K106: 5.6361526 | L106: 6.3668239 | M106: 7.0707333 | N106: 7.8077177 | O106: 8.6161287 | P106: 9.4953502 | Q106: 10.449199 | R106: 11.482463 | S106: 12.59981 | T106: 13.817689 | U106: 15.131852 | V106: 16.552809 | W106: 18.089269 | X106: 19.751963 | Y106: 21.279242 | Z106: 22.452867 | AA106: 23.303615 | AB106: 24.03261 | AC106: 24.700235 | AD106: 25.292849 | AE106: 25.784616 | AF106: 26.147506 | AG106: 26.352861 | AH106: 26.371703 | AI106: 26.175114 | AJ106: 25.734992 | AK106: 25.025237 | AL106: 24.023388 | AM106: 24.508501 | AN106: 25.218086 | AO106: 25.763304 | AP106: 26.069364 | AQ106: 26.10846 | AR106: 25.862061 | AS106: 25.315255 | AT106: 24.457116 | AU106: 23.282251 | AV106: 21.792719 | AW106: 20.000188 | AX106: 17.928304 | AY106: 15.615278 | AZ106: 13.11666 | BA106: 11.390469 | BB106: 12.175293 | BC106: 13.00793 | BD106: 13.889451 | BE106: 16.740841 | BF106: 15.810688 | BG106: 17.374673 | BH106: 19.361196 | BI106: 21.405014 | BJ106: 23.442884 | BK106: 25.48871 | BL106: 27.570012 | BM106: 29.711315 | BN106: 31.931505 | BO106: 34.244736 | BP106: 36.661851 | BQ106: 39.191533 | BR106: 41.841127 | BS106: 44.617177 | BT106: 47.525771 | BU106: 50.572764 | BV106: 53.763918 | BW106: 57.104982 | BX106: 60.601758 | BY106: 64.260124 | BZ106: 68.086068 | CA106: 72.085695 | CB106: 76.265237 | CC106: 80.631066 | CD106: 85.189692
A107: Abatement, 2019$ | B107: 0.0060950712 | C107: 0.0375199 | D107: 0.36922539 | E107: 1.0658857 | F107: 1.5750628 | G107: 2.2635981 | H107: 3.2505468 | I107: 4.5374199 | J107: 6.3367015 | K107: 8.8406102 | L107: 12.174348 | M107: 15.535569 | N107: 16.349335 | O107: 17.669672 | P107: 19.028806 | Q107: 20.358059 | R107: 21.678792 | S107: 21.522828 | T107: 23.191212 | U107: 24.61443 | V107: 26.169181 | W107: 27.78104 | X107: 29.467934 | Y107: 34.661404 | Z107: 40.680163 | AA107: 45.206981 | AB107: 47.611907 | AC107: 50.178072 | AD107: 52.9028 | AE107: 55.739981 | AF107: 58.690526 | AG107: 61.756003 | AH107: 64.938193 | AI107: 68.238692 | AJ107: 71.65843 | AK107: 75.196861 | AL107: 78.850441 | AM107: 73.198503 | AN107: 76.741748 | AO107: 80.332669 | AP107: 83.988631 | AQ107: 87.722309 | AR107: 91.542916 | AS107: 95.457154 | AT107: 99.469895 | AU107: 103.58467 | AV107: 107.80399 | AW107: 112.12962 | AX107: 116.56272 | AY107: 121.10397 | AZ107: 125.75369 | BA107: 127.27517 | BB107: 123.08893 | BC107: 128.07366 | BD107: 131.76507 | BE107: 130.62094 | BF107: 145.32584 | BG107: 142.08933 | BH107: 146.92951 | BI107: 151.8566 | BJ107: 156.87037 | BK107: 161.97026 | BL107: 167.15534 | BM107: 172.42436 | BN107: 177.77586 | BO107: 183.20815 | BP107: 188.71939 | BQ107: 194.30758 | BR107: 199.9706 | BS107: 205.70619 | BT107: 211.51197 | BU107: 217.38545 | BV107: 223.32404 | BW107: 229.32504 | BX107: 235.38563 | BY107: 241.50291 | BZ107: 247.67389 | CA107: 253.89546 | CB107: 260.16446 | CC107: 266.47761 | CD107: 272.83158
A108: Abatement/0utput | B108: 4.54321e-05 | C108: 0.0002414672 | D108: 0.0020702958 | E108: 0.0052504469 | F108: 0.0068495023 | G108: 0.0087352812 | H108: 0.011184952 | I108: 0.013979083 | J108: 0.017548606 | K108: 0.022090888 | L108: 0.027546564 | M108: 0.031883968 | N108: 0.030341421 | O108: 0.029696434 | P108: 0.028999775 | Q108: 0.028170683 | R108: 0.02727505 | S108: 0.024613547 | T108: 0.024173546 | U108: 0.023411363 | V108: 0.022738499 | W108: 0.022074393 | X108: 0.021430234 | Y108: 0.023133668 | Z108: 0.024947405 | AA108: 0.025469586 | AB108: 0.024630243 | AC108: 0.023845591 | AD108: 0.023108977 | AE108: 0.022395604 | AF108: 0.021704649 | AG108: 0.021035349 | AH108: 0.020386996 | AI108: 0.019758925 | AJ108: 0.01915051 | AK108: 0.018561163 | AL108: 0.017990331 | AM108: 0.015426151 | AN108: 0.014959744 | AO108: 0.014507431 | AP108: 0.014068661 | AQ108: 0.013643058 | AR108: 0.013230275 | AS108: 0.012829976 | AT108: 0.01244183 | AU108: 0.012065516 | AV108: 0.011700718 | AW108: 0.011347127 | AX108: 0.011004445 | AY108: 0.010672375 | AZ108: 0.010350632 | BA108: 0.0097881996 | BB108: 0.0088478078 | BC108: 0.0086148443 | BD108: 0.0082980215 | BE108: 0.0077043878 | BF108: 0.0080378395 | BG108: 0.0073673788 | BH108: 0.0071483782 | BI108: 0.0069358952 | BJ108: 0.0067297189 | BK108: 0.0065296708 | BL108: 0.0063355788 | BM108: 0.0061472721 | BN108: 0.0059645822 | BO108: 0.0057873433 | BP108: 0.0056153932 | BQ108: 0.005448574 | BR108: 0.005286732 | BS108: 0.0051297179 | BT108: 0.0049773867 | BU108: 0.004829598 | BV108: 0.0046862153 | BW108: 0.0045471063 | BX108: 0.0044121428 | BY108: 0.0042812004 | BZ108: 0.0041541586 | CA108: 0.0040309002 | CB108: 0.003911312 | CC108: 0.0037952839 | CD108: 0.0036827093
A109: Sigmabase (CO2/output, no controls, industrial CO2) | B109: 0.29135477 | C109: 0.27030249 | D109: 0.25152482 | E109: 0.23472665 | F109: 0.21965683 | G109: 0.20610082 | H109: 0.19387479 | I109: 0.18282066 | J109: 0.17280212 | K109: 0.16370121 | L109: 0.15541561 | M109: 0.14785623 | N109: 0.14094538 | O109: 0.13461505 | P109: 0.12880558 | Q109: 0.12346449 | R109: 0.11854553 | S109: 0.11400781 | T109: 0.10981509 | U109: 0.10593521 | V109: 0.10233955 | W109: 0.099002593 | X109: 0.095901523 | Y109: 0.09301592 | Z109: 0.090327459 | AA109: 0.08781967 | AB109: 0.085477719 | AC109: 0.083288225 | AD109: 0.081231832 | AE109: 0.079226211 | AF109: 0.077270109 | AG109: 0.075362303 | AH109: 0.073501601 | AI109: 0.07168684 | AJ109: 0.069916886 | AK109: 0.068190632 | AL109: 0.066506999 | AM109: 0.064864935 | AN109: 0.063263414 | AO109: 0.061701435 | AP109: 0.060178021 | AQ109: 0.058692221 | AR109: 0.057243104 | AS109: 0.055829767 | AT109: 0.054451325 | AU109: 0.053106917 | AV109: 0.051795703 | AW109: 0.050516862 | AX109: 0.049269596 | AY109: 0.048053126 | AZ109: 0.04686669 | BA109: 0.045709547 | BB109: 0.044580975 | BC109: 0.043480266 | BD109: 0.042406735 | BE109: 0.041359709 | BF109: 0.040338534 | BG109: 0.039342572 | BH109: 0.0383712 | BI109: 0.037423812 | BJ109: 0.036499815 | BK109: 0.035598631 | BL109: 0.034719698 | BM109: 0.033862466 | BN109: 0.033026398 | BO109: 0.032210973 | BP109: 0.031415682 | BQ109: 0.030640026 | BR109: 0.029883521 | BS109: 0.029145694 | BT109: 0.028426084 | BU109: 0.027724242 | BV109: 0.027039728 | BW109: 0.026372115 | BX109: 0.025720985 | BY109: 0.025085931 | BZ109: 0.024466558 | CA109: 0.023862476 | CB109: 0.023273309 | CC109: 0.022698689 | CD109: 0.022138257
A110: Sigmatot,(CO2/output, no controls, all CO2) | B110: 0.40789668 | C110: 0.37521364 | D110: 0.34616103 | E110: 0.32025518 | F110: 0.29708586 | G110: 0.27630391 | H110: 0.25761112 | I110: 0.24075196 | J110: 0.22550677 | K110: 0.21168613 | L110: 0.19912624 | M110: 0.18768501 | N110: 0.17723882 | O110: 0.16767987 | P110: 0.15891388 | Q110: 0.15085818 | R110: 0.1434401 | S110: 0.13794945 | T110: 0.13287625 | U110: 0.1281816 | V110: 0.12383086 | W110: 0.11979314 | X110: 0.11604084 | Y110: 0.11254926 | Z110: 0.10929623 | AA110: 0.1062618 | AB110: 0.10342804 | AC110: 0.10077875 | AD110: 0.098290516 | AE110: 0.095863715 | AF110: 0.093496831 | AG110: 0.091188386 | AH110: 0.088936937 | AI110: 0.086741076 | AJ110: 0.084599432 | AK110: 0.082510664 | AL110: 0.080473469 | AM110: 0.078486572 | AN110: 0.076548731 | AO110: 0.074658736 | AP110: 0.072815405 | AQ110: 0.071017587 | AR110: 0.069264156 | AS110: 0.067554018 | AT110: 0.065886104 | AU110: 0.06425937 | AV110: 0.0626728 | AW110: 0.061125403 | AX110: 0.059616212 | AY110: 0.058144282 | AZ110: 0.056708695 | BA110: 0.055308552 | BB110: 0.053942979 | BC110: 0.052611122 | BD110: 0.051312149 | BE110: 0.050045248 | BF110: 0.048809626 | BG110: 0.047604512 | BH110: 0.046429152 | BI110: 0.045282813 | BJ110: 0.044164776 | BK110: 0.043074344 | BL110: 0.042010834 | BM110: 0.040973583 | BN110: 0.039961942 | BO110: 0.038975278 | BP110: 0.038012975 | BQ110: 0.037074431 | BR110: 0.03615906 | BS110: 0.03526629 | BT110: 0.034395562 | BU110: 0.033546333 | BV110: 0.032718071 | BW110: 0.031910259 | BX110: 0.031122392 | BY110: 0.030353977 | BZ110: 0.029604535 | CA110: 0.028873596 | CB110: 0.028160705 | CC110: 0.027465414 | CD110: 0.026787291
A111: Cost, backstop technology ($/tCO2) | B111: 695.17729 | C111: 661.27309 | D111: 629.02242 | E111: 598.34464 | F111: 569.16302 | G111: 541.40461 | H111: 515 | I111: 512.43143 | J111: 509.87566 | K111: 507.33265 | L111: 504.80232 | M111: 502.2846 | N111: 499.77945 | O111: 497.28679 | P111: 494.80656 | Q111: 492.3387 | R111: 489.88315 | S111: 487.43985 | T111: 485.00873 | U111: 482.58974 | V111: 480.18282 | W111: 477.7879 | X111: 475.40492 | Y111: 473.03383 | Z111: 470.67456 | AA111: 468.32706 | AB111: 465.99127 | AC111: 463.66713 | AD111: 461.35458 | AE111: 459.05356 | AF111: 456.76402 | AG111: 454.4859 | AH111: 452.21915 | AI111: 449.96369 | AJ111: 447.71949 | AK111: 445.48648 | AL111: 443.26461 | AM111: 441.05382 | AN111: 438.85405 | AO111: 436.66526 | AP111: 434.48738 | AQ111: 432.32037 | AR111: 430.16416 | AS111: 428.01871 | AT111: 425.88395 | AU111: 423.75985 | AV111: 421.64634 | AW111: 419.54337 | AX111: 417.45089 | AY111: 415.36884 | AZ111: 413.29718 | BA111: 411.23585 | BB111: 409.18481 | BC111: 407.14399 | BD111: 405.11335 | BE111: 403.09284 | BF111: 401.0824 | BG111: 399.082 | BH111: 397.09157 | BI111: 395.11106 | BJ111: 393.14044 | BK111: 391.17964 | BL111: 389.22863 | BM111: 387.28734 | BN111: 385.35574 | BO111: 383.43377 | BP111: 381.52138 | BQ111: 379.61854 | BR111: 377.72518 | BS111: 375.84127 | BT111: 373.96675 | BU111: 372.10159 | BV111: 370.24572 | BW111: 368.39911 | BX111: 366.56172 | BY111: 364.73348 | BZ111: 362.91437 | CA111: 361.10432 | CB111: 359.30331 | CC111: 357.51128 | CD111: 355.72818
... A138: Growth TFP | B138: 0.013655768 | C138: 0.013550197 | D138: 0.013445469 | E138: 0.013341579 | F138: 0.013238517 | G138: 0.013136279 | H138: 0.013034856 | I138: 0.012934242 | J138: 0.012834429 | K138: 0.012735411 | L138: 0.012637182 | M138: 0.012539735 | N138: 0.012443062 | O138: 0.012347158 | P138: 0.012252016 | Q138: 0.01215763 | R138: 0.012063993 | S138: 0.011971099 | T138: 0.011878941 | U138: 0.011787515 | V138: 0.011696812 | W138: 0.011606828 | X138: 0.011517557 | Y138: 0.011428992 | Z138: 0.011341127 | AA138: 0.011253957 | AB138: 0.011167476 | AC138: 0.011081678 | AD138: 0.010996557 | AE138: 0.010912109 | AF138: 0.010828326 | AG138: 0.010745205 | AH138: 0.010662738 | AI138: 0.010580921 | AJ138: 0.010499749 | AK138: 0.010419216 | AL138: 0.010339316 | AM138: 0.010260046 | AN138: 0.010181398 | AO138: 0.010103369 | AP138: 0.010025953 | AQ138: 0.0099491447 | AR138: 0.0098729396 | AS138: 0.0097973327 | AT138: 0.009722319 | AU138: 0.0096478935 | AV138: 0.0095740516 | AW138: 0.0095007883 | AX138: 0.009428099 | AY138: 0.0093559789 | AZ138: 0.0092844234 | BA138: 0.0092134279 | BB138: 0.0091429878 | BC138: 0.0090730985 | BD138: 0.0090037556 | BE138: 0.0089349545 | BF138: 0.0088666909 | BG138: 0.0087989605 | BH138: 0.0087317587 | BI138: 0.0086650814 | BJ138: 0.0085989243 | BK138: 0.0085332832 | BL138: 0.0084681538 | BM138: 0.008403532 | BN138: 0.0083394138 | BO138: 0.0082757949 | BP138: 0.0082126714 | BQ138: 0.0081500392 | BR138: 0.0080878944 | BS138: 0.0080262331 | BT138: 0.0079650512 | BU138: 0.007904345 | BV138: 0.0078441106 | BW138: 0.0077843443 | BX138: 0.0077250421 | BY138: 0.0076662004 | BZ138: 0.0076078155 | CA138: 0.0075498837 | CB138: 0.0074924014 | CC138: 0.0074353649 | CD138: 0
A139: yr0 = | B139: 2020 | C139: emshare0 = | D139: 0.2173 | E139: emshare1 = | F139: 0.224 | G139: emshare2 = | H139: 0.2824 | I139: emshare3 = | J139: 0.2763 | K139: tau0 = | L139: 1000000.0000000000 | M139: tau1 = | N139: 394.4 | O139: tau2 = | P139: 36.53 | Q139: tau3 = | R139: 4.304 | S139: teq1 = | T139: 0.324 | U139: teq2 = | V139: 0.44 | W139: d1 = | X139: 236 | Y139: d2 = | Z139: 4.07 | AA139: IRF0 = | AB139: 32.4 | AC139: irC = | AD139: 0.019 | AE139: irT = | AF139: 4.165
A140: fco22x = | B140: 3.93 | C140: mat0 = | D140: 886.5128 | E140: res00 = | F140: 150.093 | G140: res10 = | H140: 102.698 | I140: res20 = | J140: 39.534 | K140: res30 = | L140: 6.1865 | M140: mateq = | N140: 588 | O140: tbox10 = | P140: 0.1477 | Q140: tbox20 = | R140: 1.099454 | S140: tatm0 = | T140: 1.24715
A141: a2 = | B141: 0.003467 | C141: elasmu = | D141: 0.95 | E141: prstp = | F141: 0.001 | G141: gsigma1 = | H141: -0.015 | I141: e1 = | J141: 37.56 | K141: expcost2 = | L141: 2.6 | M141: gback = | N141: -0.012 | O141: limmiu2050 = | P141: 1 | Q141: limmiu2100 = | R141: 1.1 | S141: cprice1 = | T141: 6 | U141: gcprice = | V141: 0.025
A143: SCENARIO: T < 1.5
A144: Results of DICE2023-opt-b-4-3-1
A145: Temp limit 1.5
A146: This is optimal if ifopt = 1 and baseline if ifopt = 0
A147: ifopt = | B147: 1
A149: Period | B149: 1 | C149: 2 | D149: 3 | E149: 4 | F149: 5 | G149: 6 | H149: 7 | I149: 8 | J149: 9 | K149: 10 | L149: 11 | M149: 12 | N149: 13 | O149: 14 | P149: 15 | Q149: 16 | R149: 17 | S149: 18 | T149: 19 | U149: 20 | V149: 21 | W149: 22 | X149: 23 | Y149: 24 | Z149: 25 | AA149: 26 | AB149: 27 | AC149: 28 | AD149: 29 | AE149: 30 | AF149: 31 | AG149: 32 | AH149: 33 | AI149: 34 | AJ149: 35 | AK149: 36 | AL149: 37 | AM149: 38 | AN149: 39 | AO149: 40 | AP149: 41 | AQ149: 42 | AR149: 43 | AS149: 44 | AT149: 45 | AU149: 46 | AV149: 47 | AW149: 48 | AX149: 49 | AY149: 50 | AZ149: 51 | BA149: 52 | BB149: 53 | BC149: 54 | BD149: 55 | BE149: 56 | BF149: 57 | BG149: 58 | BH149: 59 | BI149: 60 | BJ149: 61 | BK149: 62 | BL149: 63 | BM149: 64 | BN149: 65 | BO149: 66 | BP149: 67 | BQ149: 68 | BR149: 69 | BS149: 70 | BT149: 71 | BU149: 72 | BV149: 73 | BW149: 74 | BX149: 75 | BY149: 76 | BZ149: 77 | CA149: 78 | CB149: 79 | CC149: 80 | CD149: 81
A150: Year | B150: 2020 | C150: 2025 | D150: 2030 | E150: 2035 | F150: 2040 | G150: 2045 | H150: 2050 | I150: 2055 | J150: 2060 | K150: 2065 | L150: 2070 | M150: 2075 | N150: 2080 | O150: 2085 | P150: 2090 | Q150: 2095 | R150: 2100 | S150: 2105 | T150: 2110 | U150: 2115 | V150: 2120 | W150: 2125 | X150: 2130 | Y150: 2135 | Z150: 2140 | AA150: 2145 | AB150: 2150 | AC150: 2155 | AD150: 2160 | AE150: 2165 | AF150: 2170 | AG150: 2175 | AH150: 2180 | AI150: 2185 | AJ150: 2190 | AK150: 2195 | AL150: 2200 | AM150: 2205 | AN150: 2210 | AO150: 2215 | AP150: 2220 | AQ150: 2225 | AR150: 2230 | AS150: 2235 | AT150: 2240 | AU150: 2245 | AV150: 2250 | AW150: 2255 | AX150: 2260 | AY150: 2265 | AZ150: 2270 | BA150: 2275 | BB150: 2280 | BC150: 2285 | BD150: 2290 | BE150: 2295 | BF150: 2300 | BG150: 2305 | BH150: 2310 | BI150: 2315 | BJ150: 2320 | BK150: 2325 | BL150: 2330 | BM150: 2335 | BN150: 2340 | BO150: 2345 | BP150: 2350 | BQ150: 2355 | BR150: 2360 | BS150: 2365 | BT150: 2370 | BU150: 2375 | BV150: 2380 | BW150: 2385 | BX150: 2390 | BY150: 2395 | BZ150: 2400 | CA150: 2405 | CB150: 2410 | CC150: 2415 | CD150: 2420
A151: Objective function (2019$) | B151: 4273.9674
A152: Industrial CO2 GtCO2/yr | B152: 37.3362 | C152: 8.2810203 | D152: 7.1817668 | E152: 6.4806997 | F152: 5.8133927 | G152: 5.2110727 | H152: 4.7831874 | I152: 4.1956387 | J152: 3.9075733 | K152: 4.2987844 | L152: 3.6854666 | M152: 3.0713781 | N152: 2.3882624 | O152: 1.7297644 | P152: 1.1045339 | Q152: 0.50451276 | R152: 0 | S152: 2.1209334 | T152: 1.6489561 | U152: 1.4957883 | V152: 1.2882139 | W152: 1.1006437 | X152: 0.92745339 | Y152: 0.77006624 | Z152: 0.62788434 | AA152: 0.50021845 | AB152: 0.3862746 | AC152: -4.7393667 | AD152: -10.439483 | AE152: -16.189767 | AF152: -21.587229 | AG152: -22.816003 | AH152: -24.104256 | AI152: -25.451428 | AJ152: -26.857591 | AK152: -28.322867 | AL152: -29.846726 | AM152: -15.713461 | AN152: -16.559934 | AO152: -17.423885 | AP152: -18.309552 | AQ152: -19.220143 | AR152: -20.158113 | AS152: -21.125367 | AT152: -22.12341 | AU152: -23.15345 | AV152: -12.97804 | AW152: -6.4376126 | AX152: -6.5797141 | AY152: -5.4728233 | AZ152: -4.5554308 | BA152: -3.8353603 | BB152: -3.2736787 | BC152: -2.8347735 | BD152: -2.4897541 | BE152: 8.0843799 | BF152: -13.229317 | BG152: 0 | BH152: 0 | BI152: 0 | BJ152: 0 | BK152: 0 | BL152: 0 | BM152: 0 | BN152: 0 | BO152: 0 | BP152: 0 | BQ152: 0 | BR152: 0 | BS152: 0 | BT152: 0 | BU152: 0 | BV152: 0 | BW152: 0 | BX152: 0 | BY152: 0 | BZ152: 0 | CA152: 0 | CB152: 0 | CC152: 0 | CD152: 0
A153: Atmospheric concentration C (ppm) | B153: 416.20319 | C153: 414.94137 | D153: 414.77556 | E153: 414.63388 | F153: 414.33074 | G153: 413.85975 | H153: 413.29711 | I153: 412.54165 | J153: 411.84244 | K153: 411.55435 | L153: 411.04836 | M153: 410.38472 | N153: 409.53353 | O153: 408.51392 | P153: 407.34193 | Q153: 406.02679 | R153: 404.6155 | S153: 404.50348 | T153: 404.03165 | U153: 403.52703 | V153: 402.96543 | W153: 402.36317 | X153: 401.72742 | Y153: 401.06501 | Z153: 400.38185 | AA153: 399.6832 | AB153: 398.97372 | AC153: 395.55883 | AD153: 389.62721 | AE153: 381.42726 | AF153: 371.34105 | AG153: 361.73771 | AH153: 352.25191 | AI153: 342.78721 | AJ153: 333.31141 | AK153: 323.81071 | AL153: 314.28012 | AM153: 312.73092 | AN153: 309.53422 | AO153: 305.72878 | AP153: 301.4834 | AQ153: 296.87528 | AR153: 291.96407 | AS153: 286.80002 | AT153: 281.42626 | AU153: 275.88041 | AV153: 275.48988 | AW153: 277.13434 | AX153: 277.59674 | AY153: 278.06946 | AZ153: 278.53211 | BA153: 278.98736 | BB153: 279.43729 | BC153: 279.88296 | BD153: 280.32468 | BE153: 285.45222 | BF153: 279.66071 | BG153: 281.67609 | BH153: 282.86288 | BI153: 283.83879 | BJ153: 284.68179 | BK153: 285.43484 | BL153: 286.12309 | BM153: 286.76148 | BN153: 287.35911 | BO153: 287.92176 | BP153: 288.45325 | BQ153: 288.95631 | BR153: 289.433 | BS153: 289.88498 | BT153: 290.31369 | BU153: 290.72037 | BV153: 291.10618 | BW153: 291.47218 | BX153: 291.81936 | BY153: 292.14868 | BZ153: 292.46102 | CA153: 292.75723 | CB153: 293.03813 | CC153: 293.30447 | CD153: 293.55699
A154: Atmospheric concentrations GtC | B154: 886.5128 | C154: 883.82512 | D154: 883.47193 | E154: 883.17016 | F154: 882.52448 | G154: 881.52127 | H154: 880.32284 | I154: 878.71371 | J154: 877.2244 | K154: 876.61077 | L154: 875.53301 | M154: 874.11945 | N154: 872.30641 | O154: 870.13464 | P154: 867.63832 | Q154: 864.83706 | R154: 861.83102 | S154: 861.59241 | T154: 860.58742 | U154: 859.51257 | V154: 858.31637 | W154: 857.03356 | X154: 855.6794 | Y154: 854.26847 | Z154: 852.81334 | AA154: 851.32522 | AB154: 849.81402 | AC154: 842.54031 | AD154: 829.90595 | AE154: 812.44007 | AF154: 790.95644 | AG154: 770.50133 | AH154: 750.29658 | AI154: 730.13676 | AJ154: 709.95331 | AK154: 689.71682 | AL154: 669.41665 | AM154: 666.11686 | AN154: 659.30789 | AO154: 651.2023 | AP154: 642.15965 | AQ154: 632.34434 | AR154: 621.88346 | AS154: 610.88404 | AT154: 599.43793 | AU154: 587.62526 | AV154: 586.79344 | AW154: 590.29614 | AX154: 591.28106 | AY154: 592.28794 | AZ154: 593.27339 | BA154: 594.24307 | BB154: 595.20142 | BC154: 596.1507 | BD154: 597.09157 | BE154: 608.01323 | BF154: 595.67732 | BG154: 599.97007 | BH154: 602.49793 | BI154: 604.57663 | BJ154: 606.37221 | BK154: 607.97622 | BL154: 609.44219 | BM154: 610.80195 | BN154: 612.07491 | BO154: 613.27334 | BP154: 614.40542 | BQ154: 615.47693 | BR154: 616.49228 | BS154: 617.45501 | BT154: 618.36815 | BU154: 619.23439 | BV154: 620.05616 | BW154: 620.83574 | BX154: 621.57524 | BY154: 622.27669 | BZ154: 622.94197 | CA154: 623.57291 | CB154: 624.17121 | CC154: 624.73852 | CD154: 625.2764
A155: Atmospheric temperaturer (deg c above preind) | B155: 1.24715 | C155: 1.3609301 | D155: 1.4153036 | E155: 1.4481074 | F155: 1.4705087 | G155: 1.4858908 | H155: 1.4956938 | I155: 1.5 | J155: 1.5 | K155: 1.5 | L155: 1.5 | M155: 1.5 | N155: 1.5 | O155: 1.5 | P155: 1.5 | Q155: 1.4999616 | R155: 1.5 | S155: 1.5 | T155: 1.5 | U155: 1.5 | V155: 1.5 | W155: 1.5 | X155: 1.5 | Y155: 1.5 | Z155: 1.5 | AA155: 1.5 | AB155: 1.5 | AC155: 1.4877413 | AD155: 1.4586915 | AE155: 1.4121407 | AF155: 1.3491238 | AG155: 1.2811547 | AH155: 1.210909 | AI155: 1.1385683 | AJ155: 1.0638766 | AK155: 0.98653276 | AL155: 0.90626181 | AM155: 0.86960655 | AN155: 0.83861442 | AO155: 0.80519396 | AP155: 0.76780788 | AQ155: 0.72632865 | AR155: 0.68095082 | AS155: 0.63191835 | AT155: 0.57945744 | AU155: 0.52376571 | AV155: 0.5 | AW155: 0.5 | AX155: 0.5 | AY155: 0.5 | AZ155: 0.5 | BA155: 0.5 | BB155: 0.5 | BC155: 0.5 | BD155: 0.5 | BE155: 0.52986802 | BF155: 0.5 | BG155: 0.50050428 | BH155: 0.50565908 | BI155: 0.5108925 | BJ155: 0.51536276 | BK155: 0.51909751 | BL155: 0.52226569 | BM155: 0.52501295 | BN155: 0.52744087 | BO155: 0.52961669 | BP155: 0.531585 | BQ155: 0.53337631 | BR155: 0.53501249 | BS155: 0.53651002 | BT155: 0.53788202 | BU155: 0.53913931 | BV155: 0.54029116 | BW155: 0.54134571 | BX155: 0.5423102 | BY155: 0.54319118 | BZ155: 0.54399461 | CA155: 0.54472595 | CB155: 0.54539021 | CC155: 0.54599203 | CD155: 0.54653569
A156: Total forcings w/m2 | B156: 2.7918385 | C156: 2.8129206 | D156: 2.8446201 | E156: 2.8634325 | F156: 2.8698308 | G156: 2.8643476 | H156: 2.8485581 | I156: 2.8215304 | J156: 2.7870785 | K156: 2.757735 | L156: 2.7294367 | M156: 2.7021465 | N156: 2.6758284 | O156: 2.6504479 | P156: 2.6259715 | Q156: 2.6022464 | R156: 2.5796405 | S156: 2.5576519 | T156: 2.5364812 | U156: 2.5160646 | V156: 2.4963753 | W156: 2.4773875 | X156: 2.459076 | Y156: 2.4414168 | Z156: 2.4243867 | AA156: 2.4079633 | AB156: 2.3921249 | AC156: 2.3383001 | AD156: 2.2440661 | AE156: 2.1119311 | AF156: 1.9463242 | AG156: 1.782945 | AH156: 1.6195209 | AI156: 1.4541066 | AJ156: 1.2857067 | AK156: 1.1136015 | AL156: 0.93720633 | AM156: 0.90315042 | AN156: 0.84709833 | AO156: 0.77885742 | AP156: 0.70120689 | AQ156: 0.61528145 | AR156: 0.52191176 | AS156: 0.42177313 | AT156: 0.31542773 | AU156: 0.20335438 | AV156: 0.1959878 | AW156: 0.23373881 | AX156: 0.24872577 | AY156: 0.26317885 | AZ156: 0.27711708 | BA156: 0.29055878 | BB156: 0.30352165 | BC156: 0.31602275 | BD156: 0.32807852 | BE156: 0.4336322 | BF156: 0.32204461 | BG156: 0.36239075 | BH156: 0.38857431 | BI156: 0.41012138 | BJ156: 0.42867411 | BK156: 0.44514916 | BL156: 0.46009268 | BM156: 0.47383847 | BN156: 0.48659786 | BO156: 0.49851094 | BP156: 0.50967573 | BQ156: 0.52016497 | BR156: 0.53003573 | BS156: 0.53933501 | BT156: 0.548103 | BU156: 0.55637504 | BV156: 0.56418284 | BW156: 0.57155523 | BX156: 0.57851867 | BY156: 0.58509756 | BZ156: 0.59131456 | CA156: 0.59719074 | CB156: 0.60274572 | CC156: 0.60799788 | CD156: 0.61296438
A157: Forcings, exogenous w/m2 | B157: -0.054 | C157: -0.0340625 | D157: -0.014125 | E157: 0.0058125 | F157: 0.02575 | G157: 0.0456875 | H157: 0.065625 | I157: 0.0855625 | J157: 0.1055 | K157: 0.1254375 | L157: 0.145375 | M157: 0.1653125 | N157: 0.18525 | O157: 0.2051875 | P157: 0.225125 | Q157: 0.2450625 | R157: 0.265 | S157: 0.265 | T157: 0.265 | U157: 0.265 | V157: 0.265 | W157: 0.265 | X157: 0.265 | Y157: 0.265 | Z157: 0.265 | AA157: 0.265 | AB157: 0.265 | AC157: 0.265 | AD157: 0.265 | AE157: 0.265 | AF157: 0.265 | AG157: 0.265 | AH157: 0.265 | AI157: 0.265 | AJ157: 0.265 | AK157: 0.265 | AL157: 0.265 | AM157: 0.265 | AN157: 0.265 | AO157: 0.265 | AP157: 0.265 | AQ157: 0.265 | AR157: 0.265 | AS157: 0.265 | AT157: 0.265 | AU157: 0.265 | AV157: 0.265 | AW157: 0.265 | AX157: 0.265 | AY157: 0.265 | AZ157: 0.265 | BA157: 0.265 | BB157: 0.265 | BC157: 0.265 | BD157: 0.265 | BE157: 0.265 | BF157: 0.265 | BG157: 0.265 | BH157: 0.265 | BI157: 0.265 | BJ157: 0.265 | BK157: 0.265 | BL157: 0.265 | BM157: 0.265 | BN157: 0.265 | BO157: 0.265 | BP157: 0.265 | BQ157: 0.265 | BR157: 0.265 | BS157: 0.265 | BT157: 0.265 | BU157: 0.265 | BV157: 0.265 | BW157: 0.265 | BX157: 0.265 | BY157: 0.265 | BZ157: 0.265 | CA157: 0.265 | CB157: 0.265 | CC157: 0.265 | CD157: 0.265
A158: CO2 forcings w/m2 | B158: 2.3278385 | C158: 2.310623 | D158: 2.3083568 | E158: 2.3064198 | F158: 2.3022732 | G158: 2.2958244 | H158: 2.288111 | I158: 2.2777378 | J158: 2.26812 | K158: 2.2641526 | L158: 2.2571775 | M158: 2.2480162 | N158: 2.236244 | O158: 2.2221104 | P158: 2.205821 | Q158: 2.1874859 | R158: 2.1677443 | S158: 2.1661743 | T158: 2.159557 | U158: 2.1524711 | V158: 2.1445749 | W158: 2.1360947 | X158: 2.127129 | Y158: 2.1177724 | Z158: 2.1081064 | AA158: 2.0982043 | AB158: 2.0881308 | AC158: 2.0393932 | AD158: 1.9537276 | AE158: 1.8331298 | AF158: 1.6811836 | AG158: 1.5326265 | AH158: 1.3819642 | AI158: 1.2275377 | AJ158: 1.0685984 | AK158: 0.90463879 | AL158: 0.73525691 | AM158: 0.70723947 | AN158: 0.64898525 | AO158: 0.57884831 | AP158: 0.4995653 | AQ158: 0.41223429 | AR158: 0.3176544 | AS158: 0.21647379 | AT158: 0.10923125 | AU158: -0.0036145374 | AV158: -0.011646183 | AW158: 0.022097404 | AX158: 0.03154965 | AY158: 0.041196457 | AZ158: 0.050621993 | BA158: 0.059881469 | BB158: 0.069017938 | BC158: 0.078053404 | BD158: 0.086994691 | BE158: 0.18976619 | BF158: 0.073549489 | BG158: 0.11426228 | BH158: 0.1381007 | BI158: 0.1576286 | BJ158: 0.17444282 | BK158: 0.18942103 | BL158: 0.20307576 | BM158: 0.2157119 | BN158: 0.22751589 | BO158: 0.23860636 | BP158: 0.24906288 | BQ158: 0.25894231 | BR158: 0.26828802 | BS158: 0.27713523 | BT158: 0.28551399 | BU158: 0.2934509 | BV158: 0.30097016 | BW158: 0.30809411 | BX158: 0.31484364 | BY158: 0.32123837 | BZ158: 0.3272968 | CA158: 0.33303644 | CB158: 0.33847387 | CC158: 0.34362482 | CD158: 0.34850417
A159: Actual other abatable GHG forcings w/m2 | B159: 0.518 | C159: 0.5363601 | D159: 0.55038826 | E159: 0.55120014 | F159: 0.54180768 | G159: 0.52283568 | H159: 0.4948221 | I159: 0.4582301 | J159: 0.41345849 | K159: 0.36814491 | L159: 0.32688423 | M159: 0.28881782 | N159: 0.25433442 | O159: 0.22315 | P159: 0.19502551 | Q159: 0.169698 | R159: 0.14689624 | S159: 0.12647766 | T159: 0.11192423 | U159: 0.098593473 | V159: 0.086800434 | W159: 0.076292767 | X159: 0.066946941 | Y159: 0.058644459 | Z159: 0.051280271 | AA159: 0.044759023 | AB159: 0.038994118 | AC159: 0.033906874 | AD159: 0.025338502 | AE159: 0.013801259 | AF159: 0.000140571 | AG159: -0.014681468 | AH159: -0.027443244 | AI159: -0.038431133 | AJ159: -0.047891706 | AK159: -0.056037259 | AL159: -0.06305058 | AM159: -0.069089049 | AN159: -0.066886921 | AO159: -0.064990889 | AP159: -0.063358406 | AQ159: -0.061952837 | AR159: -0.060742643 | AS159: -0.059700665 | AT159: -0.058803523 | AU159: -0.058031083 | AV159: -0.057366013 | AW159: -0.053358598 | AX159: -0.047823881 | AY159: -0.043017604 | AZ159: -0.038504917 | BA159: -0.03432269 | BB159: -0.030496288 | BC159: -0.027030659 | BD159: -0.023916175 | BE159: -0.021133985 | BF159: -0.016504883 | BG159: -0.016871533 | BH159: -0.01452639 | BI159: -0.012507222 | BJ159: -0.010768718 | BK159: -0.009271866 | BL159: -0.0079830766 | BM159: -0.006873429 | BN159: -0.0059180223 | BO159: -0.0050954172 | BP159: -0.0043871542 | BQ159: -0.0037773398 | BR159: -0.0032522896 | BS159: -0.0028002213 | BT159: -0.0024109906 | BU159: -0.0020758629 | BV159: -0.0017873179 | BW159: -0.0015388807 | BX159: -0.0013249763 | BY159: -0.0011408046 | BZ159: -0.0009822328 | CA159: -0.0008457024 | CB159: -0.0007281498 | CC159: -0.000626937 | CD159: -0.0005397927
A160: Carbon price (2019 $ per t CO2) | B160: 5.7603329 | C160: 16.610429 | D160: 64.121565 | E160: 116.69047 | F160: 175.88251 | G160: 239.0914 | H160: 304.4663 | I160: 387.68823 | J160: 430.77679 | K160: 444.45697 | L160: 459.16869 | M160: 468.12737 | N160: 475.28407 | O160: 480.72243 | P160: 484.87322 | Q160: 488.06584 | R160: 489.88315 | S160: 471.58972 | T160: 473.38808 | U160: 472.65771 | V160: 472.12401 | W160: 471.3032 | X160: 470.26061 | Y160: 469.01431 | Z160: 467.59171 | AA160: 466.01783 | AB160: 464.31543 | AC160: 483.13955 | AD160: 501.96921 | AE160: 518.69008 | AF160: 532.01048 | AG160: 529.35707 | AH160: 526.71689 | AI160: 524.08988 | AJ160: 521.47597 | AK160: 518.87509 | AL160: 516.28719 | AM160: 476.86392 | AN160: 474.48555 | AO160: 472.11904 | AP160: 469.76434 | AQ160: 467.42138 | AR160: 465.09011 | AS160: 462.77046 | AT160: 460.46238 | AU160: 458.16582 | AV160: 439.86856 | AW160: 428.11102 | AX160: 425.78993 | AY160: 421.97373 | AZ160: 418.53613 | BA160: 415.44201 | BB160: 412.61061 | BC160: 409.97642 | BD160: 407.48999 | BE160: 395.74833 | BF160: 412.67994 | BG160: 399.082 | BH160: 397.09157 | BI160: 395.11106 | BJ160: 393.14044 | BK160: 391.17964 | BL160: 389.22863 | BM160: 387.28734 | BN160: 385.35574 | BO160: 383.43377 | BP160: 381.52138 | BQ160: 379.61854 | BR160: 377.72518 | BS160: 375.84127 | BT160: 373.96675 | BU160: 372.10159 | BV160: 370.24572 | BW160: 368.39911 | BX160: 366.56172 | BY160: 364.73348 | BZ160: 362.91437 | CA160: 361.10432 | CB160: 359.30331 | CC160: 357.51128 | CD160: 355.72818
A161: Emissions control rate | B161: 0.05 | C161: 0.1 | D161: 0.24 | E161: 0.36 | F161: 0.48 | G161: 0.6 | H161: 0.72 | I161: 0.84 | J161: 0.9 | K161: 0.92063094 | L161: 0.94250103 | M161: 0.95693811 | N161: 0.96907924 | O161: 0.97904954 | P161: 0.98740533 | Q161: 0.99456695 | R161: 1 | S161: 0.97955102 | T161: 0.98495718 | U161: 0.98708696 | V161: 0.9894775 | W161: 0.99149557 | X161: 0.99322315 | Y161: 0.99468068 | Z161: 0.9959013 | AA161: 0.99691539 | AB161: 0.9977508 | AC161: 1.026045 | AD161: 1.0541475 | AE161: 1.0793266 | AF161: 1.1 | AG161: 1.1 | AH161: 1.1 | AI161: 1.1 | AJ161: 1.1 | AK161: 1.1 | AL161: 1.1 | AM161: 1.05 | AN161: 1.05 | AO161: 1.05 | AP161: 1.05 | AQ161: 1.05 | AR161: 1.05 | AS161: 1.05 | AT161: 1.05 | AU161: 1.05 | AV161: 1.0267959 | AW161: 1.0127149 | AX161: 1.0124387 | AY161: 1.0099089 | AZ161: 1.0079038 | BA161: 1.0063804 | BB161: 1.0052245 | BC161: 1.0043424 | BD161: 1.0036626 | BE161: 0.98857302 | BF161: 1.0179755 | BG161: 1 | BH161: 1 | BI161: 1 | BJ161: 1 | BK161: 1 | BL161: 1 | BM161: 1 | BN161: 1 | BO161: 1 | BP161: 1 | BQ161: 1 | BR161: 1 | BS161: 1 | BT161: 1 | BU161: 1 | BV161: 1 | BW161: 1 | BX161: 1 | BY161: 1 | BZ161: 1 | CA161: 1 | CB161: 1 | CC161: 1 | CD161: 1
A162: Social cost of carbon $/tCO2 | B162: 3556.8654 | C162: 4184.5476 | D162: 5063.9942 | E162: 6405.9472 | F162: 8351.0185 | G162: 11379.677 | H162: 16551.7 | I162: 25980.895 | J162: 32398.556 | K162: 462.85141 | L162: 485.98536 | M162: 498.16271 | N162: 506.60374 | O162: 511.88865 | P162: 516.65905 | Q162: 507.54663 | R162: 576.69857 | S162: 502.47359 | T162: 508.85071 | U162: 511.96058 | V162: 515.19248 | W162: 517.97035 | X162: 520.38475 | Y162: 522.46328 | Z162: 524.20713 | AA162: 525.72356 | AB162: 524.45701 | AC162: 548.01875 | AD162: 571.81799 | AE162: 593.18304 | AF162: 612.22015 | AG162: 628.97006 | AH162: 643.66258 | AI162: 656.28716 | AJ162: 667.01621 | AK162: 676.32949 | AL162: 684.9862 | AM162: 690.16907 | AN162: 695.44881 | AO162: 694.61653 | AP162: 687.21161 | AQ162: 673.08965 | AR162: 652.24761 | AS162: 624.82472 | AT162: 591.20768 | AU162: 552.47307 | AV162: 511.68958 | AW162: 492.24071 | AX162: 490.43896 | AY162: 486.94876 | AZ162: 483.93523 | BA162: 481.3144 | BB162: 478.89947 | BC162: 476.43906 | BD162: 473.69026 | BE162: 457.38346 | BF162: 449.2094 | BG162: 1878.0965 | BH162: 1977.677 | BI162: 2076.8615 | BJ162: 2174.372 | BK162: 2269.1982 | BL162: 2360.2022 | BM162: 2446.0137 | BN162: 2524.9982 | BO162: 2595.2431 | BP162: 2654.5444 | BQ162: 2700.3933 | BR162: 2729.9634 | BS162: 2740.1007 | BT162: 2727.3187 | BU162: 2687.801 | BV162: 2617.4133 | BW162: 2511.727 | BX162: 2366.0586 | BY162: 2175.53 | BZ162: 1935.18 | CA162: 1640.2309 | CB162: 1286.9348 | CC162: 875.60848 | CD162: 421.94846
A163: Output, net net trill 2019$ | B163: 134.15794 | C163: 33.813394 | D163: 37.231739 | E163: 42.603072 | F163: 50.023224 | G163: 61.762739 | H163: 85.515381 | I163: 137.99009 | J163: 216.76201 | K163: 317.25532 | L163: 395.53164 | M163: 463.03025 | N163: 526.51976 | O163: 589.9365 | P163: 655.62472 | Q163: 725.06888 | R163: 799.31758 | S163: 880.35276 | T163: 966.62735 | U163: 1059.7749 | V163: 1160.312 | W163: 1268.8956 | X163: 1386.1688 | Y163: 1512.8056 | Z163: 1649.5245 | AA163: 1797.1116 | AB163: 1956.4607 | AC163: 2126.0541 | AD163: 2308.4299 | AE163: 2505.0596 | AF163: 2717.314 | AG163: 2948.4513 | AH163: 3197.7533 | AI163: 3466.1213 | AJ163: 3754.5882 | AK163: 4064.2363 | AL163: 4396.0937 | AM163: 4759.0446 | AN163: 5145.6762 | AO163: 5554.7157 | AP163: 5988.6319 | AQ163: 6449.6891 | AR163: 6940.0355 | AS163: 7461.7585 | AT163: 8016.9222 | AU163: 8607.5939 | AV163: 9240.8592 | AW163: 9911.6166 | AX163: 10620.812 | AY163: 11374.354 | AZ163: 12174.083 | BA163: 13022.509 | BB163: 13922.25 | BC163: 14876.017 | BD163: 15886.615 | BE163: 16960.118 | BF163: 18084.946 | BG163: 19289.372 | BH163: 20557.216 | BI163: 21897.331 | BJ163: 23313.275 | BK163: 24808.673 | BL163: 26387.257 | BM163: 28052.88 | BN163: 29809.526 | BO163: 31661.311 | BP163: 33612.488 | BQ163: 35667.451 | BR163: 37830.736 | BS163: 40107.027 | BT163: 42501.152 | BU163: 45018.092 | BV163: 47662.979 | BW163: 50441.101 | BX163: 53357.902 | BY163: 56418.985 | BZ163: 59630.112 | CA163: 62997.211 | CB163: 66526.371 | CC163: 70223.848 | CD163: 74096.065
... A168: Change TFP, %/year | B168: 0.066 | C168: 0.065506852 | D168: 0.065017388 | E168: 0.064531582 | F168: 0.064049405 | G168: 0.063570832 | H168: 0.063095834 | I168: 0.062624385 | J168: 0.062156459 | K168: 0.06169203 | L168: 0.06123107 | M168: 0.060773555 | N168: 0.060319458 | O168: 0.059868755 | P168: 0.059421419 | Q168: 0.058977425 | R168: 0.058536749 | S168: 0.058099365 | T168: 0.05766525 | U168: 0.057234379 | V168: 0.056806726 | W168: 0.05638227 | X168: 0.055960984 | Y168: 0.055542847 | Z168: 0.055127834 | AA168: 0.054715922 | AB168: 0.054307087 | AC168: 0.053901308 | AD168: 0.05349856 | AE168: 0.053098822 | AF168: 0.05270207 | AG168: 0.052308283 | AH168: 0.051917439 | AI168: 0.051529515 | AJ168: 0.051144489 | AK168: 0.05076234 | AL168: 0.050383047 | AM168: 0.050006587 | AN168: 0.049632941 | AO168: 0.049262086 | AP168: 0.048894003 | AQ168: 0.048528669 | AR168: 0.048166066 | AS168: 0.047806172 | AT168: 0.047448966 | AU168: 0.04709443 | AV168: 0.046742543 | AW168: 0.046393286 | AX168: 0.046046638 | AY168: 0.04570258 | AZ168: 0.045361092 | BA168: 0.045022157 | BB168: 0.044685754 | BC168: 0.044351864 | BD168: 0.044020469 | BE168: 0.043691551 | BF168: 0.04336509 | BG168: 0.043041069 | BH168: 0.042719468 | BI168: 0.04240027 | BJ168: 0.042083458 | BK168: 0.041769013 | BL168: 0.041456917 | BM168: 0.041147153 | BN168: 0.040839704 | BO168: 0.040534552 | BP168: 0.04023168 | BQ168: 0.039931071 | BR168: 0.039632708 | BS168: 0.039336575 | BT168: 0.039042654 | BU168: 0.03875093 | BV168: 0.038461385 | BW168: 0.038174003 | BX168: 0.037888769 | BY168: 0.037605666 | BZ168: 0.037324679 | CA168: 0.037045791 | CB168: 0.036768987 | CC168: 0.036494251 | CD168: 0.036221568
A169: Capital stock, 2019$ | B169: 295 | C169: 2.1311888 | D169: 2.1449961 | E169: 2.5026104 | F169: 3.2397306 | G169: 5.036876 | H169: 11.627958 | I169: 45.433524 | J169: 160.83877 | K169: 447.12988 | L169: 733.26356 | M169: 978.19648 | N169: 1189.8912 | O169: 1383.6265 | P169: 1571.955 | Q169: 1763.5261 | R169: 1963.9456 | S169: 2176.8504 | T169: 2410.3621 | U169: 2661.4629 | V169: 2933.4616 | W169: 3228.5635 | X169: 3549.0813 | Y169: 3897.3817 | Z169: 4276.0362 | AA169: 4688.0069 | AB169: 5136.9951 | AC169: 5628.1408 | AD169: 6156.2068 | AE169: 6725.1845 | AF169: 7339.0305 | AG169: 8001.0652 | AH169: 8723.5843 | AI169: 9508.4238 | AJ169: 10358.175 | AK169: 11275.525 | AL169: 12262.309 | AM169: 13317.861 | AN169: 14526.726 | AO169: 15781.833 | AP169: 17095.617 | AQ169: 18478.875 | AR169: 19941.156 | AS169: 21491.103 | AT169: 23136.743 | AU169: 24885.707 | AV169: 26745.392 | AW169: 28730.09 | AX169: 30841.094 | AY169: 33080.494 | AZ169: 35457.797 | BA169: 37981.19 | BB169: 40659.025 | BC169: 43499.898 | BD169: 46512.678 | BE169: 49706.532 | BF169: 53095.375 | BG169: 56671.213 | BH169: 60468.905 | BI169: 64486.385 | BJ169: 68734.828 | BK169: 73225.813 | BL169: 77971.252 | BM169: 82983.404 | BN169: 88274.903 | BO169: 93858.784 | BP169: 99748.509 | BQ169: 105957.9795430996 | BR169: 112501.5583000026 | BS169: 119394.0761149988 | BT169: 126650.8455574169 | BU169: 134287.6704250450 | BV169: 142320.8549233058 | BW169: 150767.2122474717 | BX169: 159644.0726854507 | BY169: 168969.2913128935 | BZ169: 178761.2553228845 | CA169: 189038.8910134351 | CB169: 199821.6704436464 | CC169: 211129.6177613641 | CD169: 222983.3151998866
A170: Savings rate, fraction gross output | B170: 0 | C170: 0.0052437826 | D170: 0.0066395588 | E170: 0.008271536 | F170: 0.012489589 | G170: 0.028022505 | H170: 0.090199752 | I170: 0.19423239 | J170: 0.32492427 | K170: 0.29581085 | L170: 0.27568549 | M170: 0.26446478 | N170: 0.25868264 | O170: 0.25593851 | P170: 0.25481115 | Q170: 0.25448646 | R170: 0.25450713 | S170: 0.25556886 | T170: 0.25618315 | U170: 0.25701578 | V170: 0.25792784 | W170: 0.2589097 | X170: 0.25995171 | Y170: 0.2610608 | Z170: 0.26226348 | AA170: 0.26362012 | AB170: 0.26525415 | AC170: 0.2664886 | AD170: 0.26771494 | AE170: 0.26888592 | AF170: 0.26993134 | AG170: 0.27126344 | AH170: 0.27251849 | AI170: 0.27370918 | AJ170: 0.27481712 | AK170: 0.27578239 | AL170: 0.27647686 | AM170: 0.28 | AN170: 0.28 | AO170: 0.28 | AP170: 0.28 | AQ170: 0.28 | AR170: 0.28 | AS170: 0.28 | AT170: 0.28 | AU170: 0.28 | AV170: 0.28 | AW170: 0.28 | AX170: 0.28 | AY170: 0.28 | AZ170: 0.28 | BA170: 0.28 | BB170: 0.28 | BC170: 0.28 | BD170: 0.28 | BE170: 0.28 | BF170: 0.28 | BG170: 0.28 | BH170: 0.28 | BI170: 0.28 | BJ170: 0.28 | BK170: 0.28 | BL170: 0.28 | BM170: 0.28 | BN170: 0.28 | BO170: 0.28 | BP170: 0.28 | BQ170: 0.28 | BR170: 0.28 | BS170: 0.28 | BT170: 0.28 | BU170: 0.28 | BV170: 0.28 | BW170: 0.28 | BX170: 0.28 | BY170: 0.28 | BZ170: 0.28 | CA170: 0.28 | CB170: 0.28 | CC170: 0.28 | CD170: 0.28
...

Sheet Base
A1: =+D66 -> 0 | B1: 1 | C1: 2 | D1: 3 | E1: 4 | F1: 5 | G1: 6 | H1: 7 | I1: 8 | J1: 9 | K1: 10 | L1: 11 | M1: 12 | N1: 13 | O1: 14 | P1: 15 | Q1: 16 | R1: 17 | S1: 18 | T1: 19 | U1: 20 | V1: 21 | W1: 22 | X1: 23 | Y1: 24 | Z1: 25 | AA1: 26 | AB1: 27 | AC1: 28 | AD1: 29 | AE1: 30 | AF1: 31 | AG1: 32 | AH1: 33 | AI1: 34 | AJ1: 35 | AK1: 36 | AL1: 37 | AM1: 38 | AN1: 39 | AO1: =+AN1+1 -> 40 | AP1: =+AO1+1 -> 41 | AQ1: =+AP1+1 -> 42 | AR1: =+AQ1+1 -> 43 | AS1: =+AR1+1 -> 44 | AT1: =+AS1+1 -> 45 | AU1: =+AT1+1 -> 46 | AV1: =+AU1+1 -> 47 | ... CD1: =+CC1+1 -> 81
A2: Year | B2: 2020 | C2: =+B2+Parameters!$B$14 -> 2025 | D2: =+C2+Parameters!$B$14 -> 2030 | E2: =+D2+Parameters!$B$14 -> 2035 | F2: =+E2+Parameters!$B$14 -> 2040 | G2: =+F2+Parameters!$B$14 -> 2045 | H2: =+G2+Parameters!$B$14 -> 2050 | I2: =+H2+Parameters!$B$14 -> 2055 | J2: =+I2+Parameters!$B$14 -> 2060 | ... CD2: =+CC2+Parameters!$B$14 -> 2420
A3: ECONOMIC MODULE
A4: ECONOMIC PARAMETERS | C4: parameters
A5: Capital share | B5: =+Parameters!B16 -> 0.3 | C5: FAIR
A6: Depreciation | B6: =+Parameters!B17 -> 0.1 | C6: formula base
A7: Initial output (2019 US International $, trillions) | B7: =+Parameters!B19 -> 135.7 | C7: Here
A8: Initial K | B8: =+Parameters!B25 -> 295 | C8: GAMS
A9: WELFARE | C9: Optimized | R9: 3.46078 | T9: 3.660361 | AB9: 4.427258 | AL9: 5.36811 | BF9: 7.264514
A10: Time preference plus risk (per year) | B10: =+Parameters!$B$5 -> 0.026341
A11: Elasticity of MU of consumption | B11: =+Parameters!B6 -> 0.95
A12: RR1 Social time preference factor no precaut | B12: 1 | C12: =B12/(1+$B$10)^5 -> 0.87809521 | D12: =C12/(1+$B$10)^5 -> 0.7710512 | E12: =D12/(1+$B$10)^5 -> 0.67705636 | F12: =E12/(1+$B$10)^5 -> 0.59451995 | G12: =F12/(1+$B$10)^5 -> 0.52204512 | H12: =G12/(1+$B$10)^5 -> 0.45840532 | I12: =H12/(1+$B$10)^5 -> 0.40252352 | J12: =I12/(1+$B$10)^5 -> 0.35345397 | ... CD12: =CC12/(1+$B$10)^5 -> 3.0431872e-05
A13: RR Social time preference factor WITH precaut | B13: 1 | C13: =+C12*(1+C159)^-(5*(C1-1)) -> 0.87908648 | D13: =+D12*(1+D159)^-(5*(D1-1)) -> 0.77453922 | E13: =+E12*(1+E159)^-(5*(E1-1)) -> 0.68396797 | F13: =+F12*(1+F159)^-(5*(F1-1)) -> 0.6053534 | G13: =+G12*(1+G159)^-(5*(G1-1)) -> 0.53698656 | H13: =+H12*(1+H159)^-(5*(H1-1)) -> 0.47741865 | I13: =+I12*(1+I159)^-(5*(I1-1)) -> 0.42541933 | J13: =+J12*(1+J159)^-(5*(J1-1)) -> 0.37994196 | ... CD13: =+CD12*(1+CD159)^-(5*(CD1-1)) -> 0.0021643845
A14: PRODUCTIVITY
A15: Total factor productivity | B15: =+B16 -> 5.84 | C15: =+B15/(1-B17) -> 6.2526767 | D15: =+C15/(1-C17) -> 6.6909818 | E15: =+D15/(1-D17) -> 7.1562634 | F15: =+E15/(1-E17) -> 7.6499251 | G15: =+F15/(1-F17) -> 8.1734284 | H15: =+G15/(1-G17) -> 8.7282932 | I15: =+H15/(1-H17) -> 9.3161003 | J15: =+I15/(1-I17) -> 9.9384923 | ... CD15: =+CC15/(1-CC17) -> 349.34982
A16: Initial level of TFP | B16: =+Parameters!$B$26 -> 5.84
A17: Rate of growth of TFP (/period, ln) | B17: =+Parameters!$B$27 -> 0.066 | C17: =+B17*EXP(-5*Parameters!$B$28) -> 0.065506852 | D17: =+C17*EXP(-5*Parameters!$B$28) -> 0.065017388 | E17: =+D17*EXP(-5*Parameters!$B$28) -> 0.064531582 | F17: =+E17*EXP(-5*Parameters!$B$28) -> 0.064049405 | G17: =+F17*EXP(-5*Parameters!$B$28) -> 0.063570832 | H17: =+G17*EXP(-5*Parameters!$B$28) -> 0.063095834 | I17: =+H17*EXP(-5*Parameters!$B$28) -> 0.062624385 | J17: =+I17*EXP(-5*Parameters!$B$28) -> 0.062156459 | ... CD17: =+CC17*EXP(-5*Parameters!$B$28) -> 0.036221568
A18: DAMAGE FUNCTION
A19: Linear damage coeff | B19: 0
A20: Quadratic damage coeff | B20: =+Parameters!B8 -> 0.003467
A21: Damage exponent | B21: =+Parameters!B9 -> 2
A22: ABATEMENT COST
A23: Abatement coefficient | B23: =+B147 -> 0.10906173 | C23: =+C147 -> 0.095430263 | D23: =+D147 -> 0.083747326 | E23: =+E147 -> 0.073701141 | F23: =+F147 -> 0.065034726 | G23: =+G147 -> 0.057535467 | H23: =+H147 -> 0.051026818 | I23: =+I147 -> 0.047449565 | ... CD23: =+CD147 -> 0.0036649978
A24: Backstop price, 2050 (2019$/tCO2) | B24: 515
A25: Backstop price (2019$ per ton CO2) | B25: =+C25*EXP(5*(0.01)) -> 695.17729 | C25: =+D25*EXP(5*(0.01)) -> 661.27309 | D25: =+E25*EXP(5*(0.01)) -> 629.02242 | E25: =+F25*EXP(5*(0.01)) -> 598.34464 | F25: =+G25*EXP(5*(0.01)) -> 569.16302 | G25: =+H25*EXP(5*(0.01)) -> 541.40461 | H25: =+B24 -> 515 | I25: =+H25*EXP(-5*(0.001)) -> 512.43143 | J25: =+I25*EXP(-5*(0.001)) -> 509.87566 | K25: =+J25*EXP(-5*(0.001)) -> 507.33265 | L25: =+K25*EXP(-5*(0.001)) -> 504.80232 | M25: =+L25*EXP(-5*(0.001)) -> 502.2846 | N25: =+M25*EXP(-5*(0.001)) -> 499.77945 | O25: =+N25*EXP(-5*(0.001)) -> 497.28679 | P25: =+O25*EXP(-5*(0.001)) -> 494.80656 | ... CD25: =+CC25*EXP(-5*(0.001)) -> 355.72818
A26: Upper limit of control rate | B26: 0.05 | C26: 0.1 | D26: 0.24 | E26: 0.36 | F26: 0.48 | G26: 0.6 | H26: 0.72 | I26: 0.84 | J26: 0.9 | K26: 0.95 | L26: 1 | M26: 1 | N26: 1 | O26: 1 | P26: 1 | Q26: 1 | R26: 1 | S26: 1 | T26: 1 | U26: 1 | V26: 1.1 | W26: 1.1 | X26: 1.1 | Y26: 1.1 | Z26: 1.1 | AA26: 1.1 | AB26: 1.1 | AC26: 1.1 | AD26: 1.1 | AE26: 1.1 | AF26: 1.1 | AG26: 1.1 | AH26: 1.1 | AI26: 1.1 | AJ26: 1.1 | AK26: 1.1 | AL26: 1.1 | AM26: 1.05 | AN26: 1.05 | AO26: 1.05 | AP26: 1.05 | AQ26: 1.05 | AR26: 1.05 | AS26: 1.05 | AT26: 1.05 | AU26: 1.05 | AV26: 1.05 | AW26: 1.05 | AX26: 1.05 | AY26: 1.05 | AZ26: 1.05 | BA26: 1.05 | BB26: 1.05 | BC26: 1.05 | BD26: 1.05 | BE26: 1.05 | BF26: 1.05 | BG26: 1 | BH26: 1 | BI26: 1 | BJ26: 1 | BK26: 1 | BL26: 1 | BM26: 1 | BN26: 1 | BO26: 1 | BP26: 1 | BQ26: 1 | BR26: 1 | BS26: 1 | BT26: 1 | BU26: 1 | BV26: 1 | BW26: 1 | BX26: 1 | BY26: 1 | BZ26: 1 | CA26: 1 | CB26: 1 | CC26: 1 | CD26: 1
A27: Exponent of control cost function | B27: =+Parameters!B11 -> 2.6
A28: EMISSIONS
A29: Sigma (industrial, MTCO2/$1000 2019 US$) | B29: =+B30 -> 0.29135477 | C29: =+B29*EXP(5*B31) -> 0.27030249 | D29: =+C29*EXP(5*C31) -> 0.25152482 | E29: =+D29*EXP(5*D31) -> 0.23472665 | F29: =+E29*EXP(5*E31) -> 0.21965683 | G29: =+F29*EXP(5*F31) -> 0.20610082 | H29: =+G29*EXP(5*G31) -> 0.19387479 | I29: =+H29*EXP(5*H31) -> 0.18282066 | J29: =+I29*EXP(I31*(J2-I2)) -> 0.17280212 | K29: =+J29*EXP(J31*(K2-J2)) -> 0.16370121 | L29: =+K29*EXP(K31*(L2-K2)) -> 0.15541561 | M29: =+L29*EXP(L31*(M2-L2)) -> 0.14785623 | N29: =+M29*EXP(M31*(N2-M2)) -> 0.14094538 | O29: =+N29*EXP(N31*(O2-N2)) -> 0.13461505 | P29: =+O29*EXP(O31*(P2-O2)) -> 0.12880558 | Q29: =+P29*EXP(P31*(Q2-P2)) -> 0.12346449 | ... CD29: =+CC29*EXP(CC31*(CD2-CC2)) -> 0.022138257
A30: Sigma, 2020 | B30: =+Parameters!D32 -> 0.29135477
A31: Growth rate of sigma (/yr, log) | B31: =+Parameters!B13 -> -0.015 | C31: =+B31*Parameters!$B$35 -> -0.0144 | D31: =+C31*Parameters!$B$35 -> -0.013824 | E31: =+D31*Parameters!$B$35 -> -0.01327104 | F31: =+MIN(-0.005,E31*Parameters!$B$35) -> -0.012740198 | G31: =+MIN(-0.005,F31*Parameters!$B$35) -> -0.01223059 | H31: =+MIN(-0.005,G31*Parameters!$B$35) -> -0.011741367 | I31: =+MIN(-0.005,H31*Parameters!$B$35) -> -0.011271712 | J31: =+MIN(-0.005,I31*Parameters!$B$35) -> -0.010820844 | K31: =+MIN(-0.005,J31*Parameters!$B$35) -> -0.01038801 | L31: =+MIN(-0.005,K31*Parameters!$B$35) -> -0.0099724895 | M31: =+MIN(-0.005,L31*Parameters!$B$35) -> -0.00957359 | ... CD31: =+MIN(-0.005,CC31*Parameters!$B$35) -> -0.005
A32: Land use (GTCO2 per year) | B32: =+B143 -> 5.9 | C32: =+C143 -> 5.31 | D32: =+D143 -> 4.779 | E32: =+E143 -> 4.3011 | F32: =+F143 -> 3.87099 | G32: =+G143 -> 3.483891 | H32: =+H143 -> 3.1355019 | I32: =+I143 -> 2.8219517 | ... CD32: =+CD143 -> 0.0012889996
A33: Scaling parameters (to ensure Obj Function = PDV Cons and MU(C) = 1)
A34: Multiplicative scaling coefficient in utility function | B34: 0.00891061
A35: Additive scaling coefficient in utility function | B35: -6275.91
A36: Hotelling on (1) or off(0) | B36: 0
A37: POPULATION
A38: Population (millions) | B38: =+Parameters!B21 -> 7752.9 | C38: =+B38*(Parameters!$B$23/B38)^Parameters!$B$22 -> 8137.3674 | D38: =+C38*(Parameters!$B$23/C38)^Parameters!$B$22 -> 8481.1706 | E38: =+D38*(Parameters!$B$23/D38)^Parameters!$B$22 -> 8786.6182 | F38: =+E38*(Parameters!$B$23/E38)^Parameters!$B$22 -> 9056.4845 | G38: =+F38*(Parameters!$B$23/F38)^Parameters!$B$22 -> 9293.7833 | H38: =+G38*(Parameters!$B$23/G38)^Parameters!$B$22 -> 9501.5984 | I38: =+H38*(Parameters!$B$23/H38)^Parameters!$B$22 -> 9682.9614 | J38: =+I38*(Parameters!$B$23/I38)^Parameters!$B$22 -> 9840.7695 | ... CD38: =+CC38*(Parameters!$B$23/CC38)^Parameters!$B$22 -> 10824.987
A39: Rate of pop growth (/ period) | C39: =+C38/B38-1 -> 0.049590134 | D39: =+D38/C38-1 -> 0.042249937 | E39: =+E38/D38-1 -> 0.03601479 | F39: =+F38/E38-1 -> 0.030713328 | G39: =+G38/F38-1 -> 0.026202096 | H39: =+H38/G38-1 -> 0.022360654 | I39: =+I38/H38-1 -> 0.019087627 | J39: =+J38/I38-1 -> 0.0162975 | ... CD39: =+CD38/CC38-1 -> 2.0425191e-07
A40: GLOBAL PARAMETERS (see * at line 102 below)
A41: Global Environmental Variables
A42: Atmospheric CO2 (ppm) | B42: =+B116 -> 416.20258 | C42: =+C116 -> 430.90246 | D42: =+D116 -> 446.54308 | E42: =+E116 -> 462.9738 | F42: =+F116 -> 480.24242 | G42: =+G116 -> 498.40457 | H42: =+H116 -> 517.507 | I42: =+I116 -> 537.69315 | ... CD42: =+CD116 -> 1198.1049
A43: Atmospheric temperature (degrees Celsius above preindustrial) | B43: =+B138 -> 1.247154 | C43: =+C138 -> 1.4289422 | D43: =+D138 -> 1.5705709 | E43: =+E138 -> 1.7021515 | F43: =+F138 -> 1.8324676 | G43: =+G138 -> 1.9640752 | H43: =+H138 -> 2.0976604 | I43: =+I138 -> 2.2336749 | ... CD43: =+CD138 -> 6.0402121
A44: ENDOGENOUS ECONOMIC VARIABLES
A45: OUTPUT (trillions of 2019$)
A46: Output gross of abatement and damages | B46: =B15*B58^$B5*(B38/1000)^(1-$B5) -> 134.89144 | C46: =C15*C58^$B5*(C38/1000)^(1-$B5) -> 156.48079 | D46: =D15*D58^$B5*(D38/1000)^(1-$B5) -> 180.00501 | E46: =E15*E58^$B5*(E38/1000)^(1-$B5) -> 205.60774 | F46: =F15*F58^$B5*(F38/1000)^(1-$B5) -> 233.42723 | G46: =G15*G58^$B5*(G38/1000)^(1-$B5) -> 263.60954 | H46: =H15*H58^$B5*(H38/1000)^(1-$B5) -> 296.31332 | I46: =I15*I58^$B5*(I38/1000)^(1-$B5) -> 331.71031 | ... CD46: =CD15*CD58^$B5*(CD38/1000)^(1-$B5) -> 70308.543
A47: Total damage (% gross output) | B47: =$B$20*(B43^$B$21) -> 0.0053925479 | C47: =$B$20*(C43^$B$21) -> 0.0070791839 | D47: =$B$20*(D43^$B$21) -> 0.0085520249 | E47: =E43*$B$19 +( $B$20*(E43^$B$21)) -> 0.010045008 | F47: =F43*$B$19 +( $B$20*(F43^$B$21)) -> 0.01164197 | G47: =G43*$B$19 +( $B$20*(G43^$B$21)) -> 0.01337427 | H47: =H43*$B$19 +( $B$20*(H43^$B$21)) -> 0.01525542 | I47: =I43*$B$19 +( $B$20*(I43^$B$21)) -> 0.017297915 | J47: =J43*$B$19 +( $B$20*(J43^$B$21)) -> 0.019510631 | K47: =K43*$B$19 +( $B$20*(K43^$B$21)) -> 0.021899964 | L47: =L43*$B$19 +( $B$20*(L43^$B$21)) -> 0.024471011 | ... CD47: =CD43*$B$19 +( $B$20*(CD43^$B$21)) -> 0.12649059
A48: Climate damages | B48: =B47*B46 -> 0.72740853 | C48: =C47*C46 -> 1.1077563 | D48: =D47*D46 -> 1.5394073 | E48: =E47*E46 -> 2.0653313 | F48: =F47*F46 -> 2.7175528 | G48: =G47*G46 -> 3.525585 | H48: =H47*H46 -> 4.5203843 | I48: =I47*I46 -> 5.7378969 | ... CD48: =CD47*CD46 -> 8893.3691
A49: Output after damages before abatement | B49: =+B46-B48 -> 134.16403 | C49: =+C46-C48 -> 155.37303 | D49: =+D46-D48 -> 178.4656 | E49: =+E46-E48 -> 203.54241 | F49: =+F46-F48 -> 230.70968 | G49: =+G46-G48 -> 260.08395 | H49: =+H46-H48 -> 291.79293 | I49: =+I46-I48 -> 325.97242 | ... CD49: =+CD46-CD48 -> 61415.174
A50: Abatement cost (% of output) | B50: =(B23*(B71)^$B27) -> 4.8279511e-05 | C50: =(C23*(C71)^$B27) -> 5.6000826e-05 | D50: =(D23*(D71)^$B27) -> 6.5147401e-05 | E50: =(E23*(E71)^$B27) -> 7.6000804e-05 | F50: =(F23*(F71)^$B27) -> 8.8901097e-05 | G50: =(G23*(G71)^$B27) -> 0.00010425941 | H50: =(H23*(H71)^$B27) -> 0.00012257332 | I50: =(I23*(I71)^$B27) -> 0.00014043966 | ... CD50: =(CD23*(CD71)^$B27) -> 0.0036649978
A51: Abatement cost | B51: =+B46*B50 -> 0.0065124927 | C51: =+C46*C50 -> 0.0087630534 | D51: =+D46*D50 -> 0.011726858 | E51: =+E46*E50 -> 0.015626354 | F51: =+F46*F50 -> 0.020751937 | G51: =+G46*G50 -> 0.027483776 | H51: =+H46*H50 -> 0.036320108 | I51: =+I46*I50 -> 0.046585283 | ... CD51: =+CD46*CD50 -> 257.68065
A52: Net output net of damages and abatement | B52: =+B49-B51 -> 134.15752 | C52: =+C49-C51 -> 155.36427 | D52: =+D49-D51 -> 178.45387 | E52: =+E49-E51 -> 203.52678 | F52: =+F49-F51 -> 230.68893 | G52: =+G49-G51 -> 260.05647 | H52: =+H49-H51 -> 291.75661 | I52: =+I49-I51 -> 325.92583 | ... CD52: =+CD49-CD51 -> 61157.493
A53: EMISSIONS
A54: Total carbon emissions (GTCO2 per year) | B54: =+B150 -> 42.882879 | C54: =+C150 -> 44.885757 | D54: =+D150 -> 46.865778 | E54: =+E150 -> 48.830525 | F54: =+F150 -> 50.780973 | G54: =+G150 -> 52.715009 | H54: =+H150 -> 54.628076 | I54: =+I150 -> 56.705491 | ... CD54: =+CD150 -> 0
A55: Industrial emissions (GTCO2 per year) | B55: =+B151 -> 37.285492 | C55: =+C151 -> 39.879295 | D55: =+D151 -> 42.391244 | E55: =+E151 -> 44.834823 | F55: =+F151 -> 47.216315 | G55: =+G151 -> 49.538387 | H55: =+H151 -> 51.800782 | I55: =+I151 -> 54.184117 | ... CD55: =+CD151 -> 0
A56: CAPITAL ACCUMULATION
A57: Gross investment ($trill per year, 2019$) | B57: =(B69)*B52 -> 34.007986 | C57: =(C69)*C52 -> 38.892088 | D57: =(D69)*D52 -> 44.221107 | E57: =(E69)*E52 -> 50.00976 | F57: =(F69)*F52 -> 56.281091 | G57: =(G69)*G52 -> 63.062198 | H57: =(H69)*H52 -> 70.380613 | I57: =(I69)*I52 -> 78.274252 | ... CD57: =(CD69)*CD52 -> 17124.098
A58: Capital ($trill, 2019$) | B58: =+B8 -> 295 | C58: =+B58*(1-$B$6)^5+B57*5 -> 344.23448 | D58: =+C58*(1-$B$6)^5+C57*5 -> 397.72746 | E58: =+D58*(1-$B$6)^5+D57*5 -> 455.95962 | F58: =+E58*(1-$B$6)^5+E57*5 -> 519.2884 | G58: =+F58*(1-$B$6)^5+F57*5 -> 588.04006 | H58: =+G58*(1-$B$6)^5+G57*5 -> 662.54276 | I58: =+H58*(1-$B$6)^5+H57*5 -> 743.12794 | J58: =+I58*(1-$B$6)^5+I57*5 -> 830.18088 | ... CD58: =+CC58*(1-$B$6)^5+CC57*5 -> 184286.99
A59: WELFARE
A60: Consumption ($trill per year) | B60: =B52-B57 -> 100.14953 | C60: =C52-C57 -> 116.47218 | D60: =D52-D57 -> 134.23276 | E60: =E52-E57 -> 153.51702 | F60: =F52-F57 -> 174.40784 | G60: =G52-G57 -> 196.99427 | H60: =H52-H57 -> 221.376 | I60: =I52-I57 -> 247.65158 | ... CD60: =CD52-CD57 -> 44033.395
A61: Net capital accumulation ($trill per year) | B61: =+C61 -> 9.8468962 | C61: =+(C58-B58)/(C2-B2) -> 9.8468962 | D61: =+(D58-C58)/(D2-C2) -> 10.698595 | E61: =+(E58-D58)/(E2-D2) -> 11.646433 | F61: =+(F58-E58)/(F2-E2) -> 12.665755 | G61: =+(G58-F58)/(G2-F2) -> 13.750333 | H61: =+(H58-G58)/(H2-G2) -> 14.900541 | I61: =+(I58-H58)/(I2-H2) -> 16.117036 | J61: =+(J58-I58)/(J2-I2) -> 17.410587 | ... CD61: =+(CD58-CC58)/(CD2-CC2) -> 1938.7211
A62: Net National Income (Consumption basis) | B62: =+SUM(B60:B61) -> 109.99643 | C62: =+SUM(C60:C61) -> 126.31908 | D62: =+SUM(D60:D61) -> 144.93136 | E62: =+SUM(E60:E61) -> 165.16345 | F62: =+SUM(F60:F61) -> 187.07359 | G62: =+SUM(G60:G61) -> 210.7446 | H62: =+SUM(H60:H61) -> 236.27654 | I62: =+SUM(I60:I61) -> 263.76862 | ... CD62: =+SUM(CD60:CD61) -> 45972.116
A63: Consumption per capita ($thous per year) | B63: =(B60/B38)*1000 -> 12.917686 | C63: =(C60/C38)*1000 -> 14.313251 | D63: =(D60/D38)*1000 -> 15.827151 | E63: =(E60/E38)*1000 -> 17.471685 | F63: =(F60/F38)*1000 -> 19.257786 | G63: =(G60/G38)*1000 -> 21.196348 | H63: =(H60/H38)*1000 -> 23.298817 | I63: =(I60/I38)*1000 -> 25.576016 | ... CD63: =(CD60/CD38)*1000 -> 4067.755
A64: Utility of p. c. consumption | B64: =((B63)^(1-$B$11)-1)/(1-$B$11)-1 -> 1.729466 | C64: =((C63)^(1-$B$11)-1)/(1-$B$11)-1 -> 1.8463544 | D64: =((D63)^(1-$B$11)-1)/(1-$B$11)-1 -> 1.9614935 | E64: =((E63)^(1-$B$11)-1)/(1-$B$11)-1 -> 2.075267 | F64: =((F63)^(1-$B$11)-1)/(1-$B$11)-1 -> 2.187841 | G64: =((G63)^(1-$B$11)-1)/(1-$B$11)-1 -> 2.2993094 | H64: =((H63)^(1-$B$11)-1)/(1-$B$11)-1 -> 2.4097453 | I64: =((I63)^(1-$B$11)-1)/(1-$B$11)-1 -> 2.519151 | ... CD64: =((CD63)^(1-$B$11)-1)/(1-$B$11)-1 -> 9.3038449
A65: Total period utility | B65: =+B64*B38*B13 -> 13408.377 | C65: =+C64*C38*C13 -> 13207.803 | D65: =+D64*D38*D13 -> 12885.049 | E65: =+E64*E38*E13 -> 12471.868 | F65: =+F64*F38*F13 -> 11994.562 | G65: =+G64*G38*G13 -> 11475.018 | H65: =+H64*H38*H13 -> 10931.184 | I65: =+I64*I38*I13 -> 10377.187 | ... CD65: =+CD64*CD38*CD13 -> 217.98382
A66: Discounted utility (in trillions 2019$) | B66: =SUM(B65:CD65)*5*B34+B35 -> 6540.9334 | C66: 6540.9334 | D66: =+B66-C66 -> 0 | F66: GAMS | G66: =+B170 -> 6539.7828 | H66: =+B66-G66 -> 1.150567 | BG66: =+BG65/BG59 -> #DIV/0! | BH66: =+BH65/BH59 -> #DIV/0! | BI66: =+BI65/BI59 -> #DIV/0! | BJ66: =+BJ65/BJ59 -> #DIV/0! | BK66: =+BK65/BK59 -> #DIV/0! | BL66: =+BL65/BL59 -> #DIV/0!
A67: Control variables: Optimized for 2025 and beyond.
A68: Year | B68: 2020 | C68: =+B68+Parameters!$B$14 -> 2025 | D68: =+C68+Parameters!$B$14 -> 2030 | E68: =+D68+Parameters!$B$14 -> 2035 | F68: =+E68+Parameters!$B$14 -> 2040 | G68: =+F68+Parameters!$B$14 -> 2045 | H68: =+G68+Parameters!$B$14 -> 2050 | I68: =+H68+Parameters!$B$14 -> 2055 | J68: =+I68+Parameters!$B$14 -> 2060 | ... CD68: =+CC68+Parameters!$B$14 -> 2420
A69: Savings rate (GAMS) | B69: 0.25349296 | C69: 0.25032839 | D69: 0.24780133 | E69: 0.24571587 | F69: 0.24396962 | G69: 0.24249425 | H69: 0.24123057 | I69: 0.24015971 | J69: 0.239249 | K69: 0.2384733 | L69: 0.23781264 | M69: 0.23725148 | N69: 0.23677833 | O69: 0.23638528 | P69: 0.2360674 | Q69: 0.2358217 | R69: 0.2356451 | S69: 0.23558799 | T69: 0.23563617 | U69: 0.23580192 | V69: 0.23610918 | W69: 0.23658971 | X69: 0.23728268 | Y69: 0.23823515 | Z69: 0.23950257 | AA69: 0.24114887 | AB69: 0.24324577 | AC69: 0.2458704 | AD69: 0.24909733 | AE69: 0.25296374 | AF69: 0.25745833 | AG69: 0.26247127 | AH69: 0.26770311 | AI69: 0.27249971 | AJ69: 0.27554346 | AK69: 0.27522684 | AL69: 0.27613936 | AM69: 0.28 | AN69: 0.28 | AO69: 0.28 | AP69: 0.28 | AQ69: 0.28 | AR69: 0.28 | AS69: 0.28 | AT69: 0.28 | AU69: 0.28 | AV69: 0.28 | AW69: 0.28 | AX69: 0.28 | AY69: 0.28 | AZ69: 0.28 | BA69: 0.28 | BB69: 0.28 | BC69: 0.28 | BD69: 0.28 | BE69: 0.28 | BF69: 0.28 | BG69: 0.28 | BH69: 0.28 | BI69: 0.28 | BJ69: 0.28 | BK69: 0.28 | BL69: 0.28 | BM69: 0.28 | BN69: 0.28 | BO69: 0.28 | BP69: 0.28 | BQ69: 0.28 | BR69: 0.28 | BS69: 0.28 | BT69: 0.28 | BU69: 0.28 | BV69: 0.28 | BW69: 0.28 | BX69: 0.28 | BY69: 0.28 | BZ69: 0.28 | CA69: 0.28 | CB69: 0.28 | CC69: 0.28 | CD69: 0.28
A70: Savings rate (GAMS) | B70: =+B189 -> 0.25349296 | C70: =+C189 -> 0.25032839 | D70: =+D189 -> 0.24780133 | E70: =+E189 -> 0.24571587 | F70: =+F189 -> 0.24396962 | G70: =+G189 -> 0.24249425 | H70: =+H189 -> 0.24123057 | I70: =+I189 -> 0.24015971 | ... CD70: =+CD189 -> 0.28
A71: Emissions Control Rate (GAMS) | B71: 0.051290248 | C71: 0.05716347 | D71: 0.063709231 | E71: 0.071004544 | F71: 0.07913524 | G71: 0.088196979 | H71: 0.098296372 | I71: 0.10651401 | J71: 0.11541865 | K71: 0.12506772 | L71: 0.13552346 | M71: 0.14685331 | N71: 0.15913034 | O71: 0.17243374 | P71: 0.1868493 | Q71: 0.20247002 | R71: 0.21939665 | S71: 0.23773834 | T71: 0.25761342 | U71: 0.27915007 | V71: 0.30248719 | W71: 0.32777531 | X71: 0.35517753 | Y71: 0.3848706 | Z71: 0.41704602 | AA71: 0.45191133 | AB71: 0.48969141 | AC71: 0.53062992 | AD71: 0.57499091 | AE71: 0.62306052 | AF71: 0.67514877 | AG71: 0.73159163 | AH71: 0.79275316 | AI71: 0.85902782 | AJ71: 0.93084309 | AK71: 1 | AL71: 1 | AM71: 1 | AN71: 1 | AO71: 1 | AP71: 1 | AQ71: 1 | AR71: 1 | AS71: 1 | AT71: 1 | AU71: 1 | AV71: 1 | AW71: 1 | AX71: 1 | AY71: 1 | AZ71: 1 | BA71: 1 | BB71: 1 | BC71: 1 | BD71: 1 | BE71: 1 | BF71: 1 | BG71: 1 | BH71: 1 | BI71: 1 | BJ71: 1 | BK71: 1 | BL71: 1 | BM71: 1 | BN71: 1 | BO71: 1 | BP71: 1 | BQ71: 1 | BR71: 1 | BS71: 1 | BT71: 1 | BU71: 1 | BV71: 1 | BW71: 1 | BX71: 1 | BY71: 1 | BZ71: 1 | CA71: 1 | CB71: 1 | CC71: 1 | CD71: 1
A72: Emissions Control Rate (GAMS from output) | B72: =+B180 -> 0.051290248 | C72: =+C180 -> 0.05716347 | D72: =+D180 -> 0.063709231 | E72: =+E180 -> 0.071004544 | F72: =+F180 -> 0.07913524 | G72: =+G180 -> 0.088196979 | H72: =+H180 -> 0.098296372 | I72: =+I180 -> 0.10651401 | ... CD72: =+CD180 -> 1
A73: Carbon price abate (function of ECR) | B73: =+B25*B71^($B$27-1) -> 6 | C73: =+C25*C71^($B$27-1) -> 6.7884493 | D73: =+D25*D71^($B$27-1) -> 7.6805073 | E73: =+E25*E71^($B$27-1) -> 8.689789 | F73: =+F25*F71^($B$27-1) -> 9.8316986 | G73: =+G25*G71^($B$27-1) -> 11.123665 | H73: =+H25*H71^($B$27-1) -> 12.585405 | I73: =+I25*I71^($B$27-1) -> 14.239231 | ... CD73: =+CD25*CD71^($B$27-1) -> 355.72818
A74: Carbon price (Gams) | B74: =B179 -> 6 | C74: =C179 -> 6.7884493 | D74: =D179 -> 7.6805073 | E74: =E179 -> 8.689789 | F74: =F179 -> 9.8316986 | G74: =G179 -> 11.123665 | H74: =H179 -> 12.585405 | I74: =I179 -> 14.239231 | ... CD74: =CD179 -> 355.72818
A75: SCC, From numberical (PV price), from delta E calc
A76: SCC, From optimized in BASE | B76: =-B75 -> 0 | C76: 39.293371 | D76: 49.083241 | E76: =-E75*(1.0445)^15 -> 0
A77: SCC (GAMS) | B77: =+B181 -> 66.027415 | C77: =+C181 -> 77.679311 | D77: =+D181 -> 92.457402 | E77: =+E181 -> 109.31836 | F77: =+F181 -> 128.52788 | G77: =+G181 -> 150.34207 | H77: =+H181 -> 175.02516 | I77: =+I181 -> 202.84263 | ... CD77: =+CD181 -> 1579.5951
A78: DERIVATION OF DISCOUNT RATES
A79: Components of discount rate
A80: Time and risk preference | B80: =+(C13/B13)^-0.2 -> 1.0261094 | C80: =+(D13/C13)^-0.2 -> 1.0256463 | D80: =+(E13/D13)^-0.2 -> 1.0251833 | E80: =+(F13/E13)^-0.2 -> 1.0247203 | F80: =+(G13/F13)^-0.2 -> 1.0242574 | G80: =+(H13/G13)^-0.2 -> 1.0237945 | H80: =+(I13/H13)^-0.2 -> 1.0233317 | I80: =+(J13/I13)^-0.2 -> 1.0228689 | ... CD80: =+(CE13/CD13)^-0.2 -> #DIV/0!
A81: Ratio MU | B81: =+((C63/B63)^($B$11))^0.2 -> 1.019683 | C81: =+((D63/C63)^($B$11))^0.2 -> 1.0192864 | D81: =+((E63/D63)^($B$11))^0.2 -> 1.0189599 | E81: =+((F63/E63)^($B$11))^0.2 -> 1.0186655 | F81: =+((G63/F63)^($B$11))^0.2 -> 1.0183906 | G81: =+((H63/G63)^($B$11))^0.2 -> 1.0181314 | H81: =+((I63/H63)^($B$11))^0.2 -> 1.0178759 | I81: =+((J63/I63)^($B$11))^0.2 -> 1.017629 | ... CD81: =+((CE63/CD63)^($B$11))^0.2 -> 0
A82: Product | B82: =+B81*B80 -> 1.0463063 | C82: =+C81*C80 -> 1.0454274 | D82: =+D81*D80 -> 1.0446207 | E82: =+E81*E80 -> 1.0438473 | F82: =+F81*F80 -> 1.0430941 | G82: =+G81*G80 -> 1.0423574 | H82: =+H81*H80 -> 1.0416247 | I82: =+I81*I80 -> 1.0409011 | ... CD82: =+CD81*CD80 -> #DIV/0!
A83: Consumption discount rate | C83: =+B82-1 -> 0.046306338 | D83: =+D82-1 -> 0.04462068 | E83: =+E82-1 -> 0.043847255 | F83: =+F82-1 -> 0.043094142 | G83: =+G82-1 -> 0.042357372 | H83: =+H82-1 -> 0.041624652 | I83: =+I82-1 -> 0.040901136 | J83: =+J82-1 -> 0.040184991 | K83: =+K82-1 -> 0.039474923 | ... CD83: =+CD82-1 -> #DIV/0!
A84: Real interest rate GAMS | B84: =+B183 -> 0 | C84: =+C183 -> 0.045266165 | D84: =+D183 -> 0.044426447 | E84: =+E183 -> 0.043654135 | F84: =+F183 -> 0.042912726 | G84: =+G183 -> 0.042190235 | H84: =+H183 -> 0.041483088 | I84: =+I183 -> 0.040779628 | ... CD84: =+CD183 -> 0.025426926
A85: Consumption discount factor | B85: 1 | C85: =+B85/(1+C83)^5 -> 0.79745415 | D85: =+C85/(1+D83)^5 -> 0.64108059 | E85: =+D85/(1+E83)^5 -> 0.51728259 | F85: =+E85/(1+F83)^5 -> 0.41889997 | G85: =+F85/(1+G83)^5 -> 0.34042944 | H85: =+G85/(1+H83)^5 -> 0.27763286 | I85: =+H85/(1+I83)^5 -> 0.22720791 | J85: =+I85/(1+J83)^5 -> 0.18658234 | ... CD85: =+CC85/(1+CD83)^5 -> #DIV/0!
A86: BASE Consumption discount factor | B86: 1 | C86: 0.79748241 | D86: 0.64110784 | E86: 0.5173078 | F86: 0.41892356 | G86: 0.34045169 | H86: 0.27765375 | I86: 0.22722722 | J86: 0.18659972 | K86: 0.15375995 | L86: 0.12712968 | M86: 0.1054663 | N86: 0.08778821 | O86: 0.073317518 | P86: 0.061435834 | Q86: 0.051650011 | R86: 0.043561751 | S86: 0.036856946 | T86: 0.031283352 | U86: 0.026637133 | V86: 0.02275309 | W86: 0.019497045 | X86: 0.016759772 | Y86: 0.014452149 | Z86: 0.012501284 | AA86: 0.010847405 | AB86: 0.0094413669 | AC86: 0.0082426027 | AD86: 0.0072172375 | AE86: 0.0063371222 | AF86: 0.0055785746 | AG86: 0.0049212833 | AH86: 0.004347255 | AI86: 0.0038396758 | AJ86: 0.0033681744 | AK86: 0.0029757409 | AL86: 0.0026408803 | AM86: 0.0023521183 | AN86: 0.0021016446 | AO86: 0.0018834463 | AP86: 0.0016926173 | AQ86: 0.0015250127 | AR86: 0.0013770108 | AS86: 0.001245297 | AT86: 0.0011266154 | AU86: 0.0010174321 | AV86: 0.0009133093 | AW86: 0.00080784857 | AX86: 0.00070894449 | AY86: 0.00061961817 | AZ86: 0.0005404745 | BA86: 0.00047104044 | BB86: 0.00041042909 | BC86: 0.00035764885 | BD86: 0.0003117379 | BE86: 0.00027181667 | BF86: 0.00023712598 | BG86: 0.00020695879 | BH86: 0.0001807115 | BI86: 0.00015786384 | BJ86: 0.00013796618 | BK86: 0.00012062963 | BL86: 0.0001055176 | BM86: 9.2338662e-05 | BN86: 8.0840379e-05 | BO86: 7.0803956e-05 | BP86: 6.2039678e-05 | BQ86: 5.4382957e-05 | BR86: 4.7690938e-05 | BS86: 4.1839569e-05 | BT86: 3.6721075e-05 | BU86: 3.2241777e-05 | BV86: 2.8320216e-05 | BW86: 2.4885523e-05 | BX86: 2.1876018e-05 | BY86: 1.9237989e-05 | BZ86: 1.6924649e-05 | CA86: 1.4895221e-05 | CB86: 1.1499549e-05 | CC86: 1.1499549e-05 | CD86: 1.1499549e-05
A87: Real interest rate Excel | B87: =+C83 -> 0.046306338 | C87: =+D83 -> 0.04462068 | D87: =+E83 -> 0.043847255 | E87: =+F83 -> 0.043094142 | F87: =+G83 -> 0.042357372 | G87: =+H83 -> 0.041624652 | H87: =+I83 -> 0.040901136 | I87: =+J83 -> 0.040184991 | ... CD87: =+CE83 -> 0
A88: Real interest rate GAMS | B88: =+C183 -> 0.045266165 | C88: =+D183 -> 0.044426447 | D88: =+E183 -> 0.043654135 | E88: =+F183 -> 0.042912726 | F88: =+G183 -> 0.042190235 | G88: =+H183 -> 0.041483088 | H88: =+I183 -> 0.040779628 | I88: =+J183 -> 0.040084786 | ... CD88: =+CE183 -> 0
A90: FAIR MODULE
A91: Module for beta 4-3-7 | B91: History | D91: Mainmodel | F91: Change units | H91: GAMS | J91: Here | L91: Exogenous | N91: Change units | Q91: From GAMS
A92: =+A1 -> 0
A93: Period | B93: 52 | C93: =+B93+1 -> 53 | D93: =+C93+1 -> 54 | E93: =+D93+1 -> 55 | F93: =+E93+1 -> 56 | G93: =+F93+1 -> 57 | H93: =+G93+1 -> 58 | I93: =+H93+1 -> 59 | J93: =+I93+1 -> 60 | ... CD93: =+CC93+1 -> 132
A94: Time Step (years) | B94: 5
A95: Year | B95: 2020 | C95: =+B95+5 -> 2025 | D95: =+C95+5 -> 2030 | E95: =+D95+5 -> 2035 | F95: =+E95+5 -> 2040 | G95: =+F95+5 -> 2045 | H95: =+G95+5 -> 2050 | I95: =+H95+5 -> 2055 | J95: =+I95+5 -> 2060 | ... CD95: =+CC95+5 -> 2420
A96: History and projected CO2 emissions
A97: GtCO2 Base | B97: =+B201 -> 42.882879 | C97: =+C54 -> 44.885757 | D97: =+D54 -> 46.865778 | E97: =+E54 -> 48.830525 | F97: =+F54 -> 50.780973 | G97: =+G54 -> 52.715009 | H97: =+H54 -> 54.628076 | I97: =+I54 -> 56.705491 | J97: =+J54 -> 58.802728 | ... CD97: =+CD54 -> 0
A98: gtC base | B98: =+B97/3.667 -> 11.694268 | C98: =+C97/3.667 -> 12.240457 | D98: =+D97/3.667 -> 12.780414 | E98: =+E97/3.667 -> 13.316205 | F98: =+F97/3.667 -> 13.848097 | G98: =+G97/3.667 -> 14.375514 | H98: =+H97/3.667 -> 14.897212 | I98: =+I97/3.667 -> 15.463728 | ... CD98: =+CD97/3.667 -> 0
A99: Cum E, GtC (from 1765+base) | B99: =+B206 -> 633.5 | C99: =+B97*5/3.666+B99 -> 691.98729 | D99: =+C97*5/3.666+C99 -> 753.20627 | E99: =+D97*5/3.666+D99 -> 817.12577 | F99: =+E97*5/3.666+E99 -> 883.72496 | G99: =+F97*5/3.666+F99 -> 952.98433 | H99: =+G97*5/3.666+G99 -> 1024.8815 | I99: =+H97*5/3.666+H99 -> 1099.3879 | J99: =+I97*5/3.666+I99 -> 1176.7276 | ... CD99: =+CC97*5/3.666+CC99 -> 3747.0414
A100: Conc, 1765 (GtC, ppm) | B100: =Parameters!C78 -> 588 | C100: =+B100/2.13 -> 276.05634
A102: Non CO2 Forcings from GAMS | B102: =+B231 -> 0.464 | C102: =+C231 -> 0.50217487 | D102: =+D231 -> 0.54037377 | E102: =+E231 -> 0.57848609 | F102: =+F231 -> 0.61640184 | G102: =+G231 -> 0.6540096 | H102: =+H231 -> 0.69119444 | I102: =+I231 -> 0.72783595 | ... CD102: =+CD231 -> 0.2654581
...

Sheet Opt
A1: =+D66 -> 0.29214209 | B1: 1 | C1: 2 | D1: 3 | E1: 4 | F1: 5 | G1: 6 | H1: 7 | I1: 8 | J1: 9 | K1: 10 | L1: 11 | M1: 12 | N1: 13 | O1: 14 | P1: 15 | Q1: 16 | R1: 17 | S1: 18 | T1: 19 | U1: 20 | V1: 21 | W1: 22 | X1: 23 | Y1: 24 | Z1: 25 | AA1: 26 | AB1: 27 | AC1: 28 | AD1: 29 | AE1: 30 | AF1: 31 | AG1: 32 | AH1: 33 | AI1: 34 | AJ1: 35 | AK1: 36 | AL1: 37 | AM1: 38 | AN1: 39 | AO1: =+AN1+1 -> 40 | AP1: =+AO1+1 -> 41 | AQ1: =+AP1+1 -> 42 | AR1: =+AQ1+1 -> 43 | AS1: =+AR1+1 -> 44 | AT1: =+AS1+1 -> 45 | AU1: =+AT1+1 -> 46 | AV1: =+AU1+1 -> 47 | ... CD1: =+CC1+1 -> 81
A2: Year | B2: 2020 | C2: =+B2+Parameters!$B$14 -> 2025 | D2: =+C2+Parameters!$B$14 -> 2030 | E2: =+D2+Parameters!$B$14 -> 2035 | F2: =+E2+Parameters!$B$14 -> 2040 | G2: =+F2+Parameters!$B$14 -> 2045 | H2: =+G2+Parameters!$B$14 -> 2050 | I2: =+H2+Parameters!$B$14 -> 2055 | J2: =+I2+Parameters!$B$14 -> 2060 | ... CD2: =+CC2+Parameters!$B$14 -> 2420
A3: ECONOMIC MODULE
A4: ECONOMIC PARAMETERS | C4: parameters
A5: Capital share | B5: =+Parameters!B16 -> 0.3 | C5: FAIR
A6: Depreciation | B6: =+Parameters!B17 -> 0.1 | C6: formula base
A7: Initial output (2019 US International $, trillions) | B7: =+Parameters!B19 -> 135.7 | C7: Here
A8: Initial K | B8: =+Parameters!B25 -> 295 | C8: GAMS
A9: WELFARE | C9: Optimized
A10: Time preference plus risk (per year) | B10: =+Parameters!$B$5 -> 0.026341
A11: Elasticity of MU of consumption | B11: =+Parameters!B6 -> 0.95
A12: RR1 Social time preference factor no precaut | B12: 1 | C12: =B12/(1+$B$10)^5 -> 0.87809521 | D12: =C12/(1+$B$10)^5 -> 0.7710512 | E12: =D12/(1+$B$10)^5 -> 0.67705636 | F12: =E12/(1+$B$10)^5 -> 0.59451995 | G12: =F12/(1+$B$10)^5 -> 0.52204512 | H12: =G12/(1+$B$10)^5 -> 0.45840532 | I12: =H12/(1+$B$10)^5 -> 0.40252352 | J12: =I12/(1+$B$10)^5 -> 0.35345397 | ... CD12: =CC12/(1+$B$10)^5 -> 3.0431872e-05
A13: RR Social time preference factor WITH precaut | B13: 1 | C13: =+C12*(1+C159)^-(5*(C1-1)) -> 0.87908648 | D13: =+D12*(1+D159)^-(5*(D1-1)) -> 0.77453922 | E13: =+E12*(1+E159)^-(5*(E1-1)) -> 0.68396797 | F13: =+F12*(1+F159)^-(5*(F1-1)) -> 0.6053534 | G13: =+G12*(1+G159)^-(5*(G1-1)) -> 0.53698656 | H13: =+H12*(1+H159)^-(5*(H1-1)) -> 0.47741865 | I13: =+I12*(1+I159)^-(5*(I1-1)) -> 0.42541933 | J13: =+J12*(1+J159)^-(5*(J1-1)) -> 0.37994196 | ... R13: =+R12*(1+R159)^-(5*(R1-1)) -> 0.16684643 | S13: =R12/((1+$B$10)^5*(1+S159)^(R1*5)) -> 0.15207989 | T13: =S12/((1+$B$10)^5*(1+T159)^(S1*5)) -> 0.13893518 | U13: =T12/((1+$B$10)^5*(1+U159)^(T1*5)) -> 0.12721506 | V13: =U12/((1+$B$10)^5*(1+V159)^(U1*5)) -> 0.11674843 | W13: =V12/((1+$B$10)^5*(1+W159)^(V1*5)) -> 0.10738661 | X13: =W12/((1+$B$10)^5*(1+X159)^(W1*5)) -> 0.099000202 | Y13: =X12/((1+$B$10)^5*(1+Y159)^(X1*5)) -> 0.091476441 | Z13: =Y12/((1+$B$10)^5*(1+Z159)^(Y1*5)) -> 0.084716888 | ... CD13: =CC12/((1+$B$10)^5*(1+CD159)^(CC1*5)) -> 0.0021643845
A14: PRODUCTIVITY
A15: Total factor productivity | B15: =+B16 -> 5.84 | C15: =+B15/(1-B17) -> 6.2526767 | D15: =+C15/(1-C17) -> 6.6909818 | E15: =+D15/(1-D17) -> 7.1562634 | F15: =+E15/(1-E17) -> 7.6499251 | G15: =+F15/(1-F17) -> 8.1734284 | H15: =+G15/(1-G17) -> 8.7282932 | I15: =+H15/(1-H17) -> 9.3161003 | J15: =+I15/(1-I17) -> 9.9384923 | ... CD15: =+CC15/(1-CC17) -> 349.34982
A16: Initial level of TFP | B16: =+Parameters!$B$26 -> 5.84
A17: Rate of growth of TFP (/period, ln) | B17: =+Parameters!$B$27 -> 0.066 | C17: =+B17*EXP(-5*Parameters!$B$28) -> 0.065506852 | D17: =+C17*EXP(-5*Parameters!$B$28) -> 0.065017388 | E17: =+D17*EXP(-5*Parameters!$B$28) -> 0.064531582 | F17: =+E17*EXP(-5*Parameters!$B$28) -> 0.064049405 | G17: =+F17*EXP(-5*Parameters!$B$28) -> 0.063570832 | H17: =+G17*EXP(-5*Parameters!$B$28) -> 0.063095834 | I17: =+H17*EXP(-5*Parameters!$B$28) -> 0.062624385 | J17: =+I17*EXP(-5*Parameters!$B$28) -> 0.062156459 | ... CD17: =+CC17*EXP(-5*Parameters!$B$28) -> 0.036221568
A18: DAMAGE FUNCTION
A19: Linear damage coeff | B19: 0
A20: Quadratic damage coeff | B20: =+Parameters!B8 -> 0.003467
A21: Damage exponent | B21: =+Parameters!B9 -> 2
A22: ABATEMENT COST
A23: Abatement coefficient | B23: =+B147 -> 0.10906173 | C23: =+C147 -> 0.095430263 | D23: =+D147 -> 0.083747326 | E23: =+E147 -> 0.073701141 | F23: =+F147 -> 0.065034726 | G23: =+G147 -> 0.057535467 | H23: =+H147 -> 0.051026818 | I23: =+I147 -> 0.047449565 | ... CD23: =+CD147 -> 0.0036649978
A24: Backstop price, 2050 (2019$/tCO2) | B24: 515
A25: Backstop price (2019$ per ton CO2) | B25: =+C25*EXP(5*(0.01)) -> 695.17729 | C25: =+D25*EXP(5*(0.01)) -> 661.27309 | D25: =+E25*EXP(5*(0.01)) -> 629.02242 | E25: =+F25*EXP(5*(0.01)) -> 598.34464 | F25: =+G25*EXP(5*(0.01)) -> 569.16302 | G25: =+H25*EXP(5*(0.01)) -> 541.40461 | H25: =+B24 -> 515 | I25: =+H25*EXP(-5*(0.001)) -> 512.43143 | J25: =+I25*EXP(-5*(0.001)) -> 509.87566 | K25: =+J25*EXP(-5*(0.001)) -> 507.33265 | L25: =+K25*EXP(-5*(0.001)) -> 504.80232 | M25: =+L25*EXP(-5*(0.001)) -> 502.2846 | N25: =+M25*EXP(-5*(0.001)) -> 499.77945 | O25: =+N25*EXP(-5*(0.001)) -> 497.28679 | P25: =+O25*EXP(-5*(0.001)) -> 494.80656 | ... CD25: =+CC25*EXP(-5*(0.001)) -> 355.72818
A26: Upper limit of control rate | B26: 0.05 | C26: 0.1 | D26: 0.24 | E26: 0.36 | F26: 0.48 | G26: 0.6 | H26: 0.72 | I26: 0.84 | J26: 0.9 | K26: 0.95 | L26: 1 | M26: 1 | N26: 1 | O26: 1 | P26: 1 | Q26: 1 | R26: 1 | S26: 1 | T26: 1 | U26: 1 | V26: 1.1 | W26: 1.1 | X26: 1.1 | Y26: 1.1 | Z26: 1.1 | AA26: 1.1 | AB26: 1.1 | AC26: 1.1 | AD26: 1.1 | AE26: 1.1 | AF26: 1.1 | AG26: 1.1 | AH26: 1.1 | AI26: 1.1 | AJ26: 1.1 | AK26: 1.1 | AL26: 1.1 | AM26: 1.05 | AN26: 1.05 | AO26: 1.05 | AP26: 1.05 | AQ26: 1.05 | AR26: 1.05 | AS26: 1.05 | AT26: 1.05 | AU26: 1.05 | AV26: 1.05 | AW26: 1.05 | AX26: 1.05 | AY26: 1.05 | AZ26: 1.05 | BA26: 1.05 | BB26: 1.05 | BC26: 1.05 | BD26: 1.05 | BE26: 1.05 | BF26: 1.05 | BG26: 1 | BH26: 1 | BI26: 1 | BJ26: 1 | BK26: 1 | BL26: 1 | BM26: 1 | BN26: 1 | BO26: 1 | BP26: 1 | BQ26: 1 | BR26: 1 | BS26: 1 | BT26: 1 | BU26: 1 | BV26: 1 | BW26: 1 | BX26: 1 | BY26: 1 | BZ26: 1 | CA26: 1 | CB26: 1 | CC26: 1 | CD26: 1
A27: Exponent of control cost function | B27: =+Parameters!B11 -> 2.6
A28: EMISSIONS
A29: Sigma (industrial, MTCO2/$1000 2019 US$) | B29: =+B30 -> 0.29135477 | C29: =+B29*EXP(5*B31) -> 0.27030249 | D29: =+C29*EXP(5*C31) -> 0.25152482 | E29: =+D29*EXP(5*D31) -> 0.23472665 | F29: =+E29*EXP(5*E31) -> 0.21965683 | G29: =+F29*EXP(5*F31) -> 0.20610082 | H29: =+G29*EXP(5*G31) -> 0.19387479 | I29: =+H29*EXP(5*H31) -> 0.18282066 | J29: =+I29*EXP(I31*(J2-I2)) -> 0.17280212 | K29: =+J29*EXP(J31*(K2-J2)) -> 0.16370121 | L29: =+K29*EXP(K31*(L2-K2)) -> 0.15541561 | M29: =+L29*EXP(L31*(M2-L2)) -> 0.14785623 | N29: =+M29*EXP(M31*(N2-M2)) -> 0.14094538 | O29: =+N29*EXP(N31*(O2-N2)) -> 0.13461505 | P29: =+O29*EXP(O31*(P2-O2)) -> 0.12880558 | Q29: =+P29*EXP(P31*(Q2-P2)) -> 0.12346449 | ... CD29: =+CC29*EXP(CC31*(CD2-CC2)) -> 0.022138257
A30: Sigma, 2020 | B30: =+Parameters!D32 -> 0.29135477
A31: Growth rate of sigma (/yr, log) | B31: =+Parameters!B13 -> -0.015 | C31: =+B31*Parameters!$B$35 -> -0.0144 | D31: =+C31*Parameters!$B$35 -> -0.013824 | E31: =+D31*Parameters!$B$35 -> -0.01327104 | F31: =+MIN(-0.005,E31*Parameters!$B$35) -> -0.012740198 | G31: =+MIN(-0.005,F31*Parameters!$B$35) -> -0.01223059 | H31: =+MIN(-0.005,G31*Parameters!$B$35) -> -0.011741367 | I31: =+MIN(-0.005,H31*Parameters!$B$35) -> -0.011271712 | J31: =+MIN(-0.005,I31*Parameters!$B$35) -> -0.010820844 | K31: =+MIN(-0.005,J31*Parameters!$B$35) -> -0.01038801 | L31: =+MIN(-0.005,K31*Parameters!$B$35) -> -0.0099724895 | M31: =+MIN(-0.005,L31*Parameters!$B$35) -> -0.00957359 | ... CD31: =+MIN(-0.005,CC31*Parameters!$B$35) -> -0.005
A32: Land use (GTCO2 per year) | B32: =+B143 -> 5.721163 | C32: =+C143 -> 5.31 | D32: =+D143 -> 4.779 | E32: =+E143 -> 4.3011 | F32: =+F143 -> 3.87099 | G32: =+G143 -> 3.483891 | H32: =+H143 -> 3.1355019 | I32: =+I143 -> 2.8219517 | ... CD32: =+CD143 -> 0.0012889996
A33: Scaling parameters (to ensure Obj Function = PDV Cons and MU(C) = 1)
A34: Multiplicative scaling coefficient in utility function | B34: 0.00891061
A35: Additive scaling coefficient in utility function | B35: -6275.91
A36: Hotelling on (1) or off(0) | B36: 0
A37: POPULATION
A38: Population (millions) | B38: =+Parameters!B21 -> 7752.9 | C38: =+B38*(Parameters!$B$23/B38)^Parameters!$B$22 -> 8137.3674 | D38: =+C38*(Parameters!$B$23/C38)^Parameters!$B$22 -> 8481.1706 | E38: =+D38*(Parameters!$B$23/D38)^Parameters!$B$22 -> 8786.6182 | F38: =+E38*(Parameters!$B$23/E38)^Parameters!$B$22 -> 9056.4845 | G38: =+F38*(Parameters!$B$23/F38)^Parameters!$B$22 -> 9293.7833 | H38: =+G38*(Parameters!$B$23/G38)^Parameters!$B$22 -> 9501.5984 | I38: =+H38*(Parameters!$B$23/H38)^Parameters!$B$22 -> 9682.9614 | J38: =+I38*(Parameters!$B$23/I38)^Parameters!$B$22 -> 9840.7695 | ... CD38: =+CC38*(Parameters!$B$23/CC38)^Parameters!$B$22 -> 10824.987
A39: Rate of pop growth (/ period) | C39: =+C38/B38-1 -> 0.049590134 | D39: =+D38/C38-1 -> 0.042249937 | E39: =+E38/D38-1 -> 0.03601479 | F39: =+F38/E38-1 -> 0.030713328 | G39: =+G38/F38-1 -> 0.026202096 | H39: =+H38/G38-1 -> 0.022360654 | I39: =+I38/H38-1 -> 0.019087627 | J39: =+J38/I38-1 -> 0.0162975 | ... CD39: =+CD38/CC38-1 -> 2.0425191e-07
A40: GLOBAL PARAMETERS (see * at line 102 below)
A41: Global Environmental Variables
A42: Atmospheric CO2 (ppm) | B42: =+B116 -> 416.20258 | C42: =+C116 -> 429.8968 | D42: =+D116 -> 441.7423 | E42: =+E116 -> 454.12736 | F42: =+F116 -> 466.54964 | G42: =+G116 -> 478.93247 | H42: =+H116 -> 491.1235 | I42: =+I116 -> 503.3357 | ... CD42: =+CD116 -> 300.56463
A43: Atmospheric temperature (degrees Celsius above preindustrial) | B43: =+B138 -> 1.247154 | C43: =+C138 -> 1.4247685 | D43: =+D138 -> 1.5484925 | E43: =+E138 -> 1.6537117 | F43: =+F138 -> 1.7524853 | G43: =+G138 -> 1.8480421 | H43: =+H138 -> 1.9406593 | I43: =+I138 -> 2.0310956 | ... CD43: =+CD138 -> 0.78215975
A44: ENDOGENOUS ECONOMIC VARIABLES
A45: OUTPUT (trillions of 2019$)
A46: Output gross of abatement and damages | B46: =B15*B58^$B5*(B38/1000)^(1-$B5) -> 134.89144 | C46: =C15*C58^$B5*(C38/1000)^(1-$B5) -> 156.74342 | D46: =D15*D58^$B5*(D38/1000)^(1-$B5) -> 180.5579 | E46: =E15*E58^$B5*(E38/1000)^(1-$B5) -> 206.38696 | F46: =F15*F58^$B5*(F38/1000)^(1-$B5) -> 234.49397 | G46: =G15*G58^$B5*(G38/1000)^(1-$B5) -> 265.04511 | H46: =H15*H58^$B5*(H38/1000)^(1-$B5) -> 298.21876 | I46: =I15*I58^$B5*(I38/1000)^(1-$B5) -> 334.20326 | ... CD46: =CD15*CD58^$B5*(CD38/1000)^(1-$B5) -> 74410.041
A47: Total damage (% gross output) | B47: =$B$20*(B43^$B$21) -> 0.0053925479 | C47: =$B$20*(C43^$B$21) -> 0.00703789 | D47: =$B$20*(D43^$B$21) -> 0.0083132732 | E47: =E43*$B$19 +( $B$20*(E43^$B$21)) -> 0.0094814208 | F47: =F43*$B$19 +( $B$20*(F43^$B$21)) -> 0.010647866 | G47: =G43*$B$19 +( $B$20*(G43^$B$21)) -> 0.011840705 | H47: =H43*$B$19 +( $B$20*(H43^$B$21)) -> 0.013057272 | I47: =I43*$B$19 +( $B$20*(I43^$B$21)) -> 0.014302586 | J47: =J43*$B$19 +( $B$20*(J43^$B$21)) -> 0.015572647 | K47: =K43*$B$19 +( $B$20*(K43^$B$21)) -> 0.016855774 | L47: =L43*$B$19 +( $B$20*(L43^$B$21)) -> 0.018136537 | ... CD47: =CD43*$B$19 +( $B$20*(CD43^$B$21)) -> 0.00212102
A48: Climate damages | B48: =B47*B46 -> 0.72740853 | C48: =C47*C46 -> 1.1031429 | D48: =D47*D46 -> 1.5010272 | E48: =E47*E46 -> 1.9568416 | F48: =F47*F46 -> 2.4968605 | G48: =G47*G46 -> 3.138321 | H48: =H47*H46 -> 3.8939235 | I48: =I47*I46 -> 4.779971 | ... CD48: =CD47*CD46 -> 157.82519
A49: Output after damages before abatement | B49: =+B46-B48 -> 134.16403 | C49: =+C46-C48 -> 155.64028 | D49: =+D46-D48 -> 179.05688 | E49: =+E46-E48 -> 204.43012 | F49: =+F46-F48 -> 231.99711 | G49: =+G46-G48 -> 261.90678 | H49: =+H46-H48 -> 294.32484 | I49: =+I46-I48 -> 329.42329 | ... CD49: =+CD46-CD48 -> 74252.216
A50: Abatement cost (% of output) | B50: =(B23*(B71)^$B27) -> 4.5185012e-05 | C50: =(C23*(C71)^$B27) -> 0.00023970998 | D50: =(D23*(D71)^$B27) -> 0.0016302502 | E50: =(E23*(E71)^$B27) -> 0.0019849336 | F50: =(F23*(F71)^$B27) -> 0.0024492185 | G50: =(G23*(G71)^$B27) -> 0.0029637973 | H50: =(H23*(H71)^$B27) -> 0.0035759187 | I50: =(I23*(I71)^$B27) -> 0.0041816894 | ... CD50: =(CD23*(CD71)^$B27) -> 0.0036649978
A51: Abatement cost | B51: =+B46*B50 -> 0.0060950712 | C51: =+C46*C50 -> 0.037572962 | D51: =+D46*D50 -> 0.29435455 | E51: =+E46*E50 -> 0.40966442 | F51: =+F46*F50 -> 0.57432697 | G51: =+G46*G50 -> 0.78553996 | H51: =+H46*H50 -> 1.0664061 | I51: =+I46*I50 -> 1.3975342 | ... CD51: =+CD46*CD50 -> 272.71263
A52: Net output net of damages and abatement | B52: =+B49-B51 -> 134.15793 | C52: =+C49-C51 -> 155.6027 | D52: =+D49-D51 -> 178.76252 | E52: =+E49-E51 -> 204.02046 | F52: =+F49-F51 -> 231.42278 | G52: =+G49-G51 -> 261.12124 | H52: =+H49-H51 -> 293.25843 | I52: =+I49-I51 -> 328.02576 | ... CD52: =+CD49-CD51 -> 73979.503
A53: EMISSIONS
A54: Total carbon emissions (GTCO2 per year) | B54: =+B150 -> 42.771305 | C54: =+C150 -> 42.910323 | D54: =+D150 -> 39.161087 | E54: =+E150 -> 39.610176 | F54: =+F150 -> 39.689695 | G54: =+G150 -> 39.539044 | H54: =+H150 -> 39.025154 | I54: =+I150 -> 38.806874 | ... CD54: =+CD150 -> 0
A55: Industrial emissions (GTCO2 per year) | B55: =+B151 -> 37.3362 | C55: =+C151 -> 38.131323 | D55: =+D151 -> 35.432522 | E55: =+E151 -> 36.380196 | F55: =+F151 -> 36.915397 | G55: =+G151 -> 37.168541 | H55: =+H151 -> 37.017636 | I55: =+I151 -> 37.093654 | ... CD55: =+CD151 -> 0
A56: CAPITAL ACCUMULATION
A57: Gross investment ($trill per year, 2019$) | B57: =(B69)*B52 -> 34.393905 | C57: =(C69)*C52 -> 39.48156 | D57: =(D69)*D52 -> 44.895583 | E57: =(E69)*E52 -> 50.917005 | F57: =(F69)*F52 -> 57.490415 | G57: =(G69)*G52 -> 64.655222 | H57: =(H69)*H52 -> 72.446857 | I57: =(I69)*I52 -> 80.951004 | ... CD57: =(CD69)*CD52 -> 20714.261
A58: Capital ($trill, 2019$) | B58: =+B8 -> 295 | C58: =+B58*(1-$B$6)^5+B57*5 -> 346.16408 | D58: =+C58*(1-$B$6)^5+C57*5 -> 401.81423 | E58: =+D58*(1-$B$6)^5+D57*5 -> 461.74519 | F58: =+E58*(1-$B$6)^5+E57*5 -> 527.24095 | G58: =+F58*(1-$B$6)^5+F57*5 -> 598.78258 | H58: =+G58*(1-$B$6)^5+G57*5 -> 676.85124 | I58: =+H58*(1-$B$6)^5+H57*5 -> 761.90817 | J58: =+I58*(1-$B$6)^5+I57*5 -> 854.65418 | ... CD58: =+CC58*(1-$B$6)^5+CC57*5 -> 222624.45
A59: WELFARE | N59: 411.3692 | T59: 707.30889
A60: Consumption ($trill per year) | B60: =B52-B57 -> 99.764028 | C60: =C52-C57 -> 116.12114 | D60: =D52-D57 -> 133.86694 | E60: =E52-E57 -> 153.10345 | F60: =F52-F57 -> 173.93237 | G60: =G52-G57 -> 196.46602 | H60: =H52-H57 -> 220.81158 | I60: =I52-I57 -> 247.07475 | ... CD60: =CD52-CD57 -> 53265.242
A61: Net capital accumulation ($trill per year) | B61: =+C61 -> 10.232815 | C61: =+(C58-B58)/(C2-B2) -> 10.232815 | D61: =+(D58-C58)/(D2-C2) -> 11.13003 | E61: =+(E58-D58)/(E2-D2) -> 11.986194 | F61: =+(F58-E58)/(F2-E2) -> 13.09915 | G61: =+(G58-F58)/(G2-F2) -> 14.308327 | H61: =+(H58-G58)/(H2-G2) -> 15.613731 | I61: =+(I58-H58)/(I2-H2) -> 17.011387 | J61: =+(J58-I58)/(J2-I2) -> 18.549201 | ... CD61: =+(CD58-CC58)/(CD2-CC2) -> 2367.6193
A62: Net National Income (Consumption basis) | B62: =+SUM(B60:B61) -> 109.99684 | C62: =+SUM(C60:C61) -> 126.35396 | D62: =+SUM(D60:D61) -> 144.99697 | E62: =+SUM(E60:E61) -> 165.08964 | F62: =+SUM(F60:F61) -> 187.03152 | G62: =+SUM(G60:G61) -> 210.77435 | H62: =+SUM(H60:H61) -> 236.42531 | I62: =+SUM(I60:I61) -> 264.08614 | ... CD62: =+SUM(CD60:CD61) -> 55632.862
A63: Consumption per capita ($thous per year) | B63: =(B60/B38)*1000 -> 12.867963 | C63: =(C60/C38)*1000 -> 14.270112 | D63: =(D60/D38)*1000 -> 15.784017 | E63: =(E60/E38)*1000 -> 17.424616 | F63: =(F60/F38)*1000 -> 19.205285 | G63: =(G60/G38)*1000 -> 21.13951 | H63: =(H60/H38)*1000 -> 23.239414 | I63: =(I60/I38)*1000 -> 25.516445 | ... CD63: =(CD60/CD38)*1000 -> 4920.5826
A64: Utility of p. c. consumption | B64: =((B63)^(1-$B$11)-1)/(1-$B$11)-1 -> 1.7250834 | C64: =((C63)^(1-$B$11)-1)/(1-$B$11)-1 -> 1.8429066 | D64: =((D63)^(1-$B$11)-1)/(1-$B$11)-1 -> 1.9583606 | E64: =((E63)^(1-$B$11)-1)/(1-$B$11)-1 -> 2.0721548 | F64: =((F63)^(1-$B$11)-1)/(1-$B$11)-1 -> 2.1846761 | G64: =((G63)^(1-$B$11)-1)/(1-$B$11)-1 -> 2.2961815 | H64: =((H63)^(1-$B$11)-1)/(1-$B$11)-1 -> 2.4067574 | I64: =((I63)^(1-$B$11)-1)/(1-$B$11)-1 -> 2.516409 | ... CD64: =((CD63)^(1-$B$11)-1)/(1-$B$11)-1 -> 9.5936168
A65: Total period utility | B65: =+B64*B38*B13 -> 13374.399 | C65: =+C64*C38*C13 -> 13183.14 | D65: =+D64*D38*D13 -> 12864.469 | E65: =+E64*E38*E13 -> 12453.164 | F65: =+F64*F38*F13 -> 11977.211 | G65: =+G64*G38*G13 -> 11459.408 | H65: =+H64*H38*H13 -> 10917.63 | I65: =+I64*I38*I13 -> 10365.891 | ... CD65: =+CD64*CD38*CD13 -> 224.77301
A66: Discounted utility (in trillions 2019$) | B66: =SUM(B65:CD65)*5*B34+B35 -> 6659.6228 | C66: 6659.3307 | D66: =+B66-C66 -> 0.29214209 | F66: GAMS | G66: =+B170 -> 6659.4769 | H66: =+B66-G66 -> 0.14595687 | AC66: =+AC65/AC59 -> #DIV/0! | AD66: =+AD65/AD59 -> #DIV/0! | AE66: =+AE65/AE59 -> #DIV/0! | AF66: =+AF65/AF59 -> #DIV/0! | AG66: =+AG65/AG59 -> #DIV/0! | AH66: =+AH65/AH59 -> #DIV/0! | AI66: =+AI65/AI59 -> #DIV/0! | AJ66: =+AJ65/AJ59 -> #DIV/0! | AK66: =+AK65/AK59 -> #DIV/0! | BG66: =+BG65/BG59 -> #DIV/0! | BH66: =+BH65/BH59 -> #DIV/0! | BI66: =+BI65/BI59 -> #DIV/0! | BJ66: =+BJ65/BJ59 -> #DIV/0! | BK66: =+BK65/BK59 -> #DIV/0! | BL66: =+BL65/BL59 -> #DIV/0!
A67: Control variables: Optimized for 2025 and beyond.
A68: Year | B68: 2020 | C68: =+B68+Parameters!$B$14 -> 2025 | D68: =+C68+Parameters!$B$14 -> 2030 | E68: =+D68+Parameters!$B$14 -> 2035 | F68: =+E68+Parameters!$B$14 -> 2040 | G68: =+F68+Parameters!$B$14 -> 2045 | H68: =+G68+Parameters!$B$14 -> 2050 | I68: =+H68+Parameters!$B$14 -> 2055 | J68: =+I68+Parameters!$B$14 -> 2060 | ... CD68: =+CC68+Parameters!$B$14 -> 2420
A69: Savings rate (optimized) | B69: 0.25636878 | C69: 0.25373313 | D69: 0.25114651 | E69: 0.24956814 | F69: 0.24842159 | G69: 0.24760613 | H69: 0.247041 | I69: 0.24678246 | J69: 0.24676827 | K69: 0.24698039 | L69: 0.24740432 | M69: 0.24802802 | N69: 0.24884059 | O69: 0.24983004 | P69: 0.25097922 | Q69: 0.25225787 | R69: 0.25360651 | S69: 0.25514699 | T69: 0.25673945 | U69: 0.25826798 | V69: 0.25949777 | W69: 0.25999313 | X69: 0.26156271 | Y69: 0.2629453 | Z69: 0.26423807 | AA69: 0.26549395 | AB69: 0.26673952 | AC69: 0.26798618 | AD69: 0.26923696 | AE69: 0.27049713 | AF69: 0.27176082 | AG69: 0.2730181 | AH69: 0.27425133 | AI69: 0.27542799 | AJ69: 0.27648707 | AK69: 0.27731305 | AL69: 0.27768706 | AM69: 0.28 | AN69: 0.28 | AO69: 0.28 | AP69: 0.28 | AQ69: 0.28 | AR69: 0.28 | AS69: 0.28 | AT69: 0.28 | AU69: 0.28 | AV69: 0.28 | AW69: 0.28 | AX69: 0.28 | AY69: 0.28 | AZ69: 0.28 | BA69: 0.28 | BB69: 0.28 | BC69: 0.28 | BD69: 0.28 | BE69: 0.28 | BF69: 0.28 | BG69: 0.28 | BH69: 0.28 | BI69: 0.28 | BJ69: 0.28 | BK69: 0.28 | BL69: 0.28 | BM69: 0.28 | BN69: 0.28 | BO69: 0.28 | BP69: 0.28 | BQ69: 0.28 | BR69: 0.28 | BS69: 0.28 | BT69: 0.28 | BU69: 0.28 | BV69: 0.28 | BW69: 0.28 | BX69: 0.28 | BY69: 0.28 | BZ69: 0.28 | CA69: 0.28 | CB69: 0.28 | CC69: 0.28 | CD69: 0.28
A70: Savings rate (GAMS) | B70: =+B189 -> 0.25636878 | C70: =+C189 -> 0.25373313 | D70: =+D189 -> 0.25114651 | E70: =+E189 -> 0.24956814 | F70: =+F189 -> 0.24842159 | G70: =+G189 -> 0.24760613 | H70: =+H189 -> 0.247041 | I70: =+I189 -> 0.24678246 | ... CD70: =+CD189 -> 0.28
A71: Emissions Control Rate (exogenous in baseline) | B71: 0.05 | C71: 0.1 | D71: 0.2198022 | E71: 0.24903385 | F71: 0.28331032 | G71: 0.31958167 | H71: 0.35974588 | I71: 0.39289522 | J71: 0.42820764 | K71: 0.46573536 | L71: 0.50550943 | M71: 0.54754969 | N71: 0.59615113 | O71: 0.64351178 | P71: 0.69327115 | Q71: 0.74542612 | R71: 0.79995102 | S71: 0.85158324 | T71: 0.93990978 | U71: 0.99194215 | V71: 1.0455561 | W71: 1.1 | X71: 1.1 | Y71: 1.1 | Z71: 1.1 | AA71: 1.1 | AB71: 1.1 | AC71: 1.1 | AD71: 1.1 | AE71: 1.1 | AF71: 1.1 | AG71: 1.1 | AH71: 1.1 | AI71: 1.1 | AJ71: 1.1 | AK71: 1.1 | AL71: 1.1 | AM71: 1.05 | AN71: 1.05 | AO71: 1.05 | AP71: 1.05 | AQ71: 1.05 | AR71: 1.05 | AS71: 1.05 | AT71: 1.05 | AU71: 1.05 | AV71: 1.05 | AW71: 1.05 | AX71: 1.05 | AY71: 1.05 | AZ71: 1.05 | BA71: 1.05 | BB71: 1.05 | BC71: 1.05 | BD71: 1.05 | BE71: 1.05 | BF71: 1.05 | BG71: 1 | BH71: 1 | BI71: 1 | BJ71: 1 | BK71: 1 | BL71: 1 | BM71: 1 | BN71: 1 | BO71: 1 | BP71: 1 | BQ71: 1 | BR71: 1 | BS71: 1 | BT71: 1 | BU71: 1 | BV71: 1 | BW71: 1 | BX71: 1 | BY71: 1 | BZ71: 1 | CA71: 1 | CB71: 1 | CC71: 1 | CD71: 1
A72: Emissions Control Rate (GAMS from output) | B72: =+B180 -> 0.05 | C72: =+C180 -> 0.1 | D72: =+D180 -> 0.24 | E72: =+E180 -> 0.27468931 | F72: =+F180 -> 0.30992069 | G72: =+G180 -> 0.34890274 | H72: =+H180 -> 0.39194427 | I72: =+I180 -> 0.42714712 | ... CD72: =+CD180 -> 1
A73: Carbon price abate (function of ECR) | B73: =+B25*B71^($B$27-1) -> 5.7603329 | C73: =+C25*C71^($B$27-1) -> 16.610429 | D73: =+D25*D71^($B$27-1) -> 55.707977 | E73: =+E25*E71^($B$27-1) -> 64.709017 | F73: =+F25*F71^($B$27-1) -> 75.658287 | G73: =+G25*G71^($B$27-1) -> 87.267582 | H73: =+H25*H71^($B$27-1) -> 100.32301 | I73: =+I25*I71^($B$27-1) -> 114.94195 | ... CD73: =+CD25*CD71^($B$27-1) -> 355.72818
A74: Carbon price (Gams) | B74: =B179 -> 5.7603329 | C74: =C179 -> 16.610429 | D74: =D179 -> 64.121565 | E74: =E179 -> 75.700408 | F74: =F179 -> 87.344907 | G74: =G179 -> 100.42665 | H74: =H179 -> 115.07107 | I74: =I179 -> 131.38922 | ... CD74: =CD179 -> 355.72818
A75: SCC, From numberical (PV price), from delta E calc
A76: SCC, From optimized in BASE | B76: =-B75 -> 0 | C76: 39.293371 | D76: 49.083241 | E76: =-E75*(1.0445)^15 -> 0
A77: SCC (GAMS) | B77: =+B181 -> 50.206567 | C77: =+C181 -> 59.066549 | D77: =+D181 -> 69.491578 | E77: =+E181 -> 81.088921 | F77: =+F181 -> 94.047575 | G77: =+G181 -> 108.49264 | H77: =+H181 -> 124.53983 | I77: =+I181 -> 142.28698 | ... CD77: =+CD181 -> 553.88595
A78: DERIVATION OF DISCOUNT RATES
A79: Components of discount rate
A80: Time and risk preference | B80: =+(C13/B13)^-0.2 -> 1.0261094 | C80: =+(D13/C13)^-0.2 -> 1.0256463 | D80: =+(E13/D13)^-0.2 -> 1.0251833 | E80: =+(F13/E13)^-0.2 -> 1.0247203 | F80: =+(G13/F13)^-0.2 -> 1.0242574 | G80: =+(H13/G13)^-0.2 -> 1.0237945 | H80: =+(I13/H13)^-0.2 -> 1.0233317 | I80: =+(J13/I13)^-0.2 -> 1.0228689 | ... CD80: =+(CE13/CD13)^-0.2 -> #DIV/0!
A81: Ratio MU | B81: =+((C63/B63)^($B$11))^0.2 -> 1.0198454 | C81: =+((D63/C63)^($B$11))^0.2 -> 1.0193425 | D81: =+((E63/D63)^($B$11))^0.2 -> 1.018966 | E81: =+((F63/E63)^($B$11))^0.2 -> 1.0186592 | F81: =+((G63/F63)^($B$11))^0.2 -> 1.0183993 | G81: =+((H63/G63)^($B$11))^0.2 -> 1.018157 | H81: =+((I63/H63)^($B$11))^0.2 -> 1.0179186 | I81: =+((J63/I63)^($B$11))^0.2 -> 1.0176916 | ... CD81: =+((CE63/CD63)^($B$11))^0.2 -> 0
A82: Product | B82: =+B81*B80 -> 1.046473 | C82: =+C81*C80 -> 1.0454849 | D82: =+D81*D80 -> 1.0446269 | E82: =+E81*E80 -> 1.0438408 | F82: =+F81*F80 -> 1.043103 | G82: =+G81*G80 -> 1.0423836 | H82: =+H81*H80 -> 1.0416684 | I82: =+I81*I80 -> 1.0409651 | ... CD82: =+CD81*CD80 -> #DIV/0!
A83: Consumption discount rate | C83: =+B82-1 -> 0.046472984 | D83: =+D82-1 -> 0.044626915 | E83: =+E82-1 -> 0.043840844 | F83: =+F82-1 -> 0.043103021 | G83: =+G82-1 -> 0.042383566 | H83: =+H82-1 -> 0.041668385 | I83: =+I82-1 -> 0.040965085 | J83: =+J82-1 -> 0.040270392 | K83: =+K82-1 -> 0.03958451 | ... CD83: =+CD82-1 -> #DIV/0!
A84: Real interest rate GAMS | B84: =+B183 -> 0 | C84: =+C183 -> 0.045425249 | D84: =+D183 -> 0.044404997 | E84: =+E183 -> 0.043626012 | F84: =+F183 -> 0.042891902 | G84: =+G183 -> 0.042179525 | H84: =+H183 -> 0.041488508 | I84: =+I183 -> 0.040806179 | ... CD84: =+CD183 -> 0.025538294
A85: Consumption discount factor | B85: 1 | C85: =+B85/(1+C83)^5 -> 0.79681939 | D85: =+C85/(1+D83)^5 -> 0.64055118 | E85: =+D85/(1+E83)^5 -> 0.51687128 | F85: =+E85/(1+F83)^5 -> 0.41854908 | G85: =+F85/(1+G83)^5 -> 0.34010155 | H85: =+G85/(1+H83)^5 -> 0.27730723 | I85: =+H85/(1+I83)^5 -> 0.22687173 | J85: =+I85/(1+J83)^5 -> 0.1862298 | ... CD85: =+CC85/(1+CD83)^5 -> #DIV/0!
A86: BASE Consumption discount factor | B86: 1 | C86: 0.79748241 | D86: 0.64110784 | E86: 0.5173078 | F86: 0.41892356 | G86: 0.34045169 | H86: 0.27765375 | I86: 0.22722722 | J86: 0.18659972 | K86: 0.15375995 | L86: 0.12712968 | M86: 0.1054663 | N86: 0.08778821 | O86: 0.073317518 | P86: 0.061435834 | Q86: 0.051650011 | R86: 0.043561751 | S86: 0.036856946 | T86: 0.031283352 | U86: 0.026637133 | V86: 0.02275309 | W86: 0.019497045 | X86: 0.016759772 | Y86: 0.014452149 | Z86: 0.012501284 | AA86: 0.010847405 | AB86: 0.0094413669 | AC86: 0.0082426027 | AD86: 0.0072172375 | AE86: 0.0063371222 | AF86: 0.0055785746 | AG86: 0.0049212833 | AH86: 0.004347255 | AI86: 0.0038396758 | AJ86: 0.0033681744 | AK86: 0.0029757409 | AL86: 0.0026408803 | AM86: 0.0023521183 | AN86: 0.0021016446 | AO86: 0.0018834463 | AP86: 0.0016926173 | AQ86: 0.0015250127 | AR86: 0.0013770108 | AS86: 0.001245297 | AT86: 0.0011266154 | AU86: 0.0010174321 | AV86: 0.0009133093 | AW86: 0.00080784857 | AX86: 0.00070894449 | AY86: 0.00061961817 | AZ86: 0.0005404745 | BA86: 0.00047104044 | BB86: 0.00041042909 | BC86: 0.00035764885 | BD86: 0.0003117379 | BE86: 0.00027181667 | BF86: 0.00023712598 | BG86: 0.00020695879 | BH86: 0.0001807115 | BI86: 0.00015786384 | BJ86: 0.00013796618 | BK86: 0.00012062963 | BL86: 0.0001055176 | BM86: 9.2338662e-05 | BN86: 8.0840379e-05 | BO86: 7.0803956e-05 | BP86: 6.2039678e-05 | BQ86: 5.4382957e-05 | BR86: 4.7690938e-05 | BS86: 4.1839569e-05 | BT86: 3.6721075e-05 | BU86: 3.2241777e-05 | BV86: 2.8320216e-05 | BW86: 2.4885523e-05 | BX86: 2.1876018e-05 | BY86: 1.9237989e-05 | BZ86: 1.6924649e-05 | CA86: 1.4895221e-05 | CB86: 1.1499549e-05 | CC86: 1.1499549e-05 | CD86: 1.1499549e-05
A87: Real interest rate Excel | B87: =+C83 -> 0.046472984 | C87: =+D83 -> 0.044626915 | D87: =+E83 -> 0.043840844 | E87: =+F83 -> 0.043103021 | F87: =+G83 -> 0.042383566 | G87: =+H83 -> 0.041668385 | H87: =+I83 -> 0.040965085 | I87: =+J83 -> 0.040270392 | ... CD87: =+CE83 -> 0
A88: Real interest rate GAMS | B88: =+C183 -> 0.045425249 | C88: =+D183 -> 0.044404997 | D88: =+E183 -> 0.043626012 | E88: =+F183 -> 0.042891902 | F88: =+G183 -> 0.042179525 | G88: =+H183 -> 0.041488508 | H88: =+I183 -> 0.040806179 | I88: =+J183 -> 0.040131266 | ... CD88: =+CE183 -> 0
A90: FAIR MODULE
A91: Module for beta 4-3-7 | B91: History | D91: Mainmodel | F91: Change units | H91: GAMS | J91: Here | L91: Exogenous | N91: Change units | Q91: From GAMS
A92: =+A1 -> 0.29214209
A93: Period | B93: 52 | C93: =+B93+1 -> 53 | D93: =+C93+1 -> 54 | E93: =+D93+1 -> 55 | F93: =+E93+1 -> 56 | G93: =+F93+1 -> 57 | H93: =+G93+1 -> 58 | I93: =+H93+1 -> 59 | J93: =+I93+1 -> 60 | ... CD93: =+CC93+1 -> 132
A94: Time Step (years) | B94: 5
A95: Year | B95: 2020 | C95: =+B95+5 -> 2025 | D95: =+C95+5 -> 2030 | E95: =+D95+5 -> 2035 | F95: =+E95+5 -> 2040 | G95: =+F95+5 -> 2045 | H95: =+G95+5 -> 2050 | I95: =+H95+5 -> 2055 | J95: =+I95+5 -> 2060 | ... CD95: =+CC95+5 -> 2420
A96: History and projected CO2 emissions
A97: GtCO2 Base | B97: =+B201 -> 42.9412 | C97: =+C54 -> 42.910323 | D97: =+D54 -> 39.161087 | E97: =+E54 -> 39.610176 | F97: =+F54 -> 39.689695 | G97: =+G54 -> 39.539044 | H97: =+H54 -> 39.025154 | I97: =+I54 -> 38.806874 | J97: =+J54 -> 38.330045 | ... CD97: =+CD54 -> 0
A98: gtC base | B98: =+B97/3.667 -> 11.710172 | C98: =+C97/3.667 -> 11.701751 | D98: =+D97/3.667 -> 10.679326 | E98: =+E97/3.667 -> 10.801793 | F98: =+F97/3.667 -> 10.823478 | G98: =+G97/3.667 -> 10.782395 | H98: =+H97/3.667 -> 10.642256 | I98: =+I97/3.667 -> 10.582731 | ... CD98: =+CD97/3.667 -> 0
A99: Cum E, GtC (from 1765+base) | B99: =+B206 -> 633.5 | C99: =+B97*5/3.666+B99 -> 692.06683 | D99: =+C97*5/3.666+C99 -> 750.59155 | E99: =+D97*5/3.666+D99 -> 804.00274 | F99: =+E97*5/3.666+E99 -> 858.02644 | G99: =+F97*5/3.666+F99 -> 912.15859 | H99: =+G97*5/3.666+G99 -> 966.08528 | I99: =+H97*5/3.666+H99 -> 1019.3111 | J99: =+I97*5/3.666+I99 -> 1072.2392 | ... CD99: =+CC97*5/3.666+CC99 -> 347.35834
A100: Conc, 1765 (GtC, ppm) | B100: =Parameters!C78 -> 588 | C100: =+B100/2.13 -> 276.05634
A102: Non CO2 Forcings from GAMS | B102: =+B231 -> 0.464 | C102: =+C231 -> 0.5022976 | D102: =+D231 -> 0.53626326 | E102: =+E231 -> 0.55701264 | F102: =+F231 -> 0.57651855 | G102: =+G231 -> 0.59466569 | H102: =+H231 -> 0.61099117 | I102: =+I231 -> 0.62502372 | ... CD102: =+CD231 -> 0.26325738
...

Sheet Lim2
A1: =+D66 -> 0.00031645968 | B1: 1 | C1: 2 | D1: 3 | E1: 4 | F1: 5 | G1: 6 | H1: 7 | I1: 8 | J1: 9 | K1: 10 | L1: 11 | M1: 12 | N1: 13 | O1: 14 | P1: 15 | Q1: 16 | R1: 17 | S1: 18 | T1: 19 | U1: 20 | V1: 21 | W1: 22 | X1: 23 | Y1: 24 | Z1: 25 | AA1: 26 | AB1: 27 | AC1: 28 | AD1: 29 | AE1: 30 | AF1: 31 | AG1: 32 | AH1: 33 | AI1: 34 | AJ1: 35 | AK1: 36 | AL1: 37 | AM1: 38 | AN1: 39 | AO1: =+AN1+1 -> 40 | AP1: =+AO1+1 -> 41 | AQ1: =+AP1+1 -> 42 | AR1: =+AQ1+1 -> 43 | AS1: =+AR1+1 -> 44 | AT1: =+AS1+1 -> 45 | AU1: =+AT1+1 -> 46 | AV1: =+AU1+1 -> 47 | ... CD1: =+CC1+1 -> 81
A2: Year | B2: 2020 | C2: =+B2+Parameters!$B$14 -> 2025 | D2: =+C2+Parameters!$B$14 -> 2030 | E2: =+D2+Parameters!$B$14 -> 2035 | F2: =+E2+Parameters!$B$14 -> 2040 | G2: =+F2+Parameters!$B$14 -> 2045 | H2: =+G2+Parameters!$B$14 -> 2050 | I2: =+H2+Parameters!$B$14 -> 2055 | J2: =+I2+Parameters!$B$14 -> 2060 | ... CD2: =+CC2+Parameters!$B$14 -> 2420
A3: ECONOMIC MODULE
A4: ECONOMIC PARAMETERS | C4: parameters
A5: Capital share | B5: =+Parameters!B16 -> 0.3 | C5: FAIR
A6: Depreciation | B6: =+Parameters!B17 -> 0.1 | C6: formula base
A7: Initial output (2019 US International $, trillions) | B7: =+Parameters!B19 -> 135.7 | C7: Here
A8: Initial K | B8: =+Parameters!B25 -> 295 | C8: GAMS
A9: WELFARE | C9: Optimized
A10: Time preference plus risk (per year) | B10: =+Parameters!$B$5 -> 0.026341
A11: Elasticity of MU of consumption | B11: =+Parameters!B6 -> 0.95
A12: RR1 Social time preference factor no precaut | B12: 1 | C12: =B12/(1+$B$10)^5 -> 0.87809521 | D12: =C12/(1+$B$10)^5 -> 0.7710512 | E12: =D12/(1+$B$10)^5 -> 0.67705636 | F12: =E12/(1+$B$10)^5 -> 0.59451995 | G12: =F12/(1+$B$10)^5 -> 0.52204512 | H12: =G12/(1+$B$10)^5 -> 0.45840532 | I12: =H12/(1+$B$10)^5 -> 0.40252352 | J12: =I12/(1+$B$10)^5 -> 0.35345397 | ... CD12: =CC12/(1+$B$10)^5 -> 3.0431872e-05
A13: RR Social time preference factor WITH precaut | B13: 1 | C13: =+C12*(1+C159)^-(5*(C1-1)) -> 0.87908648 | D13: =+D12*(1+D159)^-(5*(D1-1)) -> 0.77453922 | E13: =+E12*(1+E159)^-(5*(E1-1)) -> 0.68396797 | F13: =+F12*(1+F159)^-(5*(F1-1)) -> 0.6053534 | G13: =+G12*(1+G159)^-(5*(G1-1)) -> 0.53698656 | H13: =+H12*(1+H159)^-(5*(H1-1)) -> 0.47741865 | I13: =+I12*(1+I159)^-(5*(I1-1)) -> 0.42541933 | J13: =+J12*(1+J159)^-(5*(J1-1)) -> 0.37994196 | ... R13: =+R12*(1+R159)^-(5*(R1-1)) -> 0.16684643 | S13: =R12/((1+$B$10)^5*(1+S159)^(R1*5)) -> 0.15207989 | T13: =S12/((1+$B$10)^5*(1+T159)^(S1*5)) -> 0.13893518 | U13: =T12/((1+$B$10)^5*(1+U159)^(T1*5)) -> 0.12721506 | V13: =U12/((1+$B$10)^5*(1+V159)^(U1*5)) -> 0.11674843 | W13: =V12/((1+$B$10)^5*(1+W159)^(V1*5)) -> 0.10738661 | X13: =W12/((1+$B$10)^5*(1+X159)^(W1*5)) -> 0.099000202 | Y13: =X12/((1+$B$10)^5*(1+Y159)^(X1*5)) -> 0.091476441 | Z13: =Y12/((1+$B$10)^5*(1+Z159)^(Y1*5)) -> 0.084716888 | ... CD13: =CC12/((1+$B$10)^5*(1+CD159)^(CC1*5)) -> 0.0021643845
A14: PRODUCTIVITY
A15: Total factor productivity | B15: =+B16 -> 5.84 | C15: =+B15/(1-B17) -> 6.2526767 | D15: =+C15/(1-C17) -> 6.6909818 | E15: =+D15/(1-D17) -> 7.1562634 | F15: =+E15/(1-E17) -> 7.6499251 | G15: =+F15/(1-F17) -> 8.1734284 | H15: =+G15/(1-G17) -> 8.7282932 | I15: =+H15/(1-H17) -> 9.3161003 | J15: =+I15/(1-I17) -> 9.9384923 | ... CD15: =+CC15/(1-CC17) -> 349.34982
A16: Initial level of TFP | B16: =+Parameters!$B$26 -> 5.84
A17: Rate of growth of TFP (/period, ln) | B17: =+Parameters!$B$27 -> 0.066 | C17: =+B17*EXP(-5*Parameters!$B$28) -> 0.065506852 | D17: =+C17*EXP(-5*Parameters!$B$28) -> 0.065017388 | E17: =+D17*EXP(-5*Parameters!$B$28) -> 0.064531582 | F17: =+E17*EXP(-5*Parameters!$B$28) -> 0.064049405 | G17: =+F17*EXP(-5*Parameters!$B$28) -> 0.063570832 | H17: =+G17*EXP(-5*Parameters!$B$28) -> 0.063095834 | I17: =+H17*EXP(-5*Parameters!$B$28) -> 0.062624385 | J17: =+I17*EXP(-5*Parameters!$B$28) -> 0.062156459 | ... CD17: =+CC17*EXP(-5*Parameters!$B$28) -> 0.036221568
A18: DAMAGE FUNCTION
A19: Linear damage coeff | B19: 0
A20: Quadratic damage coeff | B20: =+Parameters!B8 -> 0.003467
A21: Damage exponent | B21: =+Parameters!B9 -> 2
A22: ABATEMENT COST
A23: Abatement coefficient | B23: =+B147 -> 0.10906173 | C23: =+C147 -> 0.095430263 | D23: =+D147 -> 0.083747326 | E23: =+E147 -> 0.073701141 | F23: =+F147 -> 0.065034726 | G23: =+G147 -> 0.057535467 | H23: =+H147 -> 0.051026818 | I23: =+I147 -> 0.047449565 | ... CD23: =+CD147 -> 0.0036649978
A24: Backstop price, 2050 (2019$/tCO2) | B24: 515
A25: Backstop price (2019$ per ton CO2) | B25: =+C25*EXP(5*(0.01)) -> 695.17729 | C25: =+D25*EXP(5*(0.01)) -> 661.27309 | D25: =+E25*EXP(5*(0.01)) -> 629.02242 | E25: =+F25*EXP(5*(0.01)) -> 598.34464 | F25: =+G25*EXP(5*(0.01)) -> 569.16302 | G25: =+H25*EXP(5*(0.01)) -> 541.40461 | H25: =+B24 -> 515 | I25: =+H25*EXP(-5*(0.001)) -> 512.43143 | J25: =+I25*EXP(-5*(0.001)) -> 509.87566 | K25: =+J25*EXP(-5*(0.001)) -> 507.33265 | L25: =+K25*EXP(-5*(0.001)) -> 504.80232 | M25: =+L25*EXP(-5*(0.001)) -> 502.2846 | N25: =+M25*EXP(-5*(0.001)) -> 499.77945 | O25: =+N25*EXP(-5*(0.001)) -> 497.28679 | P25: =+O25*EXP(-5*(0.001)) -> 494.80656 | ... CD25: =+CC25*EXP(-5*(0.001)) -> 355.72818
A26: Upper limit of control rate | B26: 0.05 | C26: 0.1 | D26: 0.24 | E26: 0.36 | F26: 0.48 | G26: 0.6 | H26: 0.72 | I26: 0.84 | J26: 0.9 | K26: 0.95 | L26: 1 | M26: 1 | N26: 1 | O26: 1 | P26: 1 | Q26: 1 | R26: 1 | S26: 1 | T26: 1 | U26: 1 | V26: 1.1 | W26: 1.1 | X26: 1.1 | Y26: 1.1 | Z26: 1.1 | AA26: 1.1 | AB26: 1.1 | AC26: 1.1 | AD26: 1.1 | AE26: 1.1 | AF26: 1.1 | AG26: 1.1 | AH26: 1.1 | AI26: 1.1 | AJ26: 1.1 | AK26: 1.1 | AL26: 1.1 | AM26: 1.05 | AN26: 1.05 | AO26: 1.05 | AP26: 1.05 | AQ26: 1.05 | AR26: 1.05 | AS26: 1.05 | AT26: 1.05 | AU26: 1.05 | AV26: 1.05 | AW26: 1.05 | AX26: 1.05 | AY26: 1.05 | AZ26: 1.05 | BA26: 1.05 | BB26: 1.05 | BC26: 1.05 | BD26: 1.05 | BE26: 1.05 | BF26: 1.05 | BG26: 1 | BH26: 1 | BI26: 1 | BJ26: 1 | BK26: 1 | BL26: 1 | BM26: 1 | BN26: 1 | BO26: 1 | BP26: 1 | BQ26: 1 | BR26: 1 | BS26: 1 | BT26: 1 | BU26: 1 | BV26: 1 | BW26: 1 | BX26: 1 | BY26: 1 | BZ26: 1 | CA26: 1 | CB26: 1 | CC26: 1 | CD26: 1
A27: Exponent of control cost function | B27: =+Parameters!B11 -> 2.6
A28: EMISSIONS
A29: Sigma (industrial, MTCO2/$1000 2019 US$) | B29: =+B30 -> 0.29135477 | C29: =+B29*EXP(5*B31) -> 0.27030249 | D29: =+C29*EXP(5*C31) -> 0.25152482 | E29: =+D29*EXP(5*D31) -> 0.23472665 | F29: =+E29*EXP(5*E31) -> 0.21965683 | G29: =+F29*EXP(5*F31) -> 0.20610082 | H29: =+G29*EXP(5*G31) -> 0.19387479 | I29: =+H29*EXP(5*H31) -> 0.18282066 | J29: =+I29*EXP(I31*(J2-I2)) -> 0.17280212 | K29: =+J29*EXP(J31*(K2-J2)) -> 0.16370121 | L29: =+K29*EXP(K31*(L2-K2)) -> 0.15541561 | M29: =+L29*EXP(L31*(M2-L2)) -> 0.14785623 | N29: =+M29*EXP(M31*(N2-M2)) -> 0.14094538 | O29: =+N29*EXP(N31*(O2-N2)) -> 0.13461505 | P29: =+O29*EXP(O31*(P2-O2)) -> 0.12880558 | Q29: =+P29*EXP(P31*(Q2-P2)) -> 0.12346449 | ... CD29: =+CC29*EXP(CC31*(CD2-CC2)) -> 0.022138257
A30: Sigma, 2020 | B30: =+Parameters!D32 -> 0.29135477
A31: Growth rate of sigma (/yr, log) | B31: =+Parameters!B13 -> -0.015 | C31: =+B31*Parameters!$B$35 -> -0.0144 | D31: =+C31*Parameters!$B$35 -> -0.013824 | E31: =+D31*Parameters!$B$35 -> -0.01327104 | F31: =+MIN(-0.005,E31*Parameters!$B$35) -> -0.012740198 | G31: =+MIN(-0.005,F31*Parameters!$B$35) -> -0.01223059 | H31: =+MIN(-0.005,G31*Parameters!$B$35) -> -0.011741367 | I31: =+MIN(-0.005,H31*Parameters!$B$35) -> -0.011271712 | J31: =+MIN(-0.005,I31*Parameters!$B$35) -> -0.010820844 | K31: =+MIN(-0.005,J31*Parameters!$B$35) -> -0.01038801 | L31: =+MIN(-0.005,K31*Parameters!$B$35) -> -0.0099724895 | M31: =+MIN(-0.005,L31*Parameters!$B$35) -> -0.00957359 | ... CD31: =+MIN(-0.005,CC31*Parameters!$B$35) -> -0.005
A32: Land use (GTCO2 per year) | B32: =+B143 -> 5.8998033 | C32: =+C143 -> 5.31 | D32: =+D143 -> 4.779 | E32: =+E143 -> 4.3011 | F32: =+F143 -> 3.87099 | G32: =+G143 -> 3.483891 | H32: =+H143 -> 3.1355019 | I32: =+I143 -> 2.8219517 | ... CD32: =+CD143 -> 0.0012889996
A33: Scaling parameters (to ensure Obj Function = PDV Cons and MU(C) = 1)
A34: Multiplicative scaling coefficient in utility function | B34: 0.00891061
A35: Additive scaling coefficient in utility function | B35: -6275.91
A36: Hotelling on (1) or off(0) | B36: 0
A37: POPULATION
A38: Population (millions) | B38: =+Parameters!B21 -> 7752.9 | C38: =+B38*(Parameters!$B$23/B38)^Parameters!$B$22 -> 8137.3674 | D38: =+C38*(Parameters!$B$23/C38)^Parameters!$B$22 -> 8481.1706 | E38: =+D38*(Parameters!$B$23/D38)^Parameters!$B$22 -> 8786.6182 | F38: =+E38*(Parameters!$B$23/E38)^Parameters!$B$22 -> 9056.4845 | G38: =+F38*(Parameters!$B$23/F38)^Parameters!$B$22 -> 9293.7833 | H38: =+G38*(Parameters!$B$23/G38)^Parameters!$B$22 -> 9501.5984 | I38: =+H38*(Parameters!$B$23/H38)^Parameters!$B$22 -> 9682.9614 | J38: =+I38*(Parameters!$B$23/I38)^Parameters!$B$22 -> 9840.7695 | ... CD38: =+CC38*(Parameters!$B$23/CC38)^Parameters!$B$22 -> 10824.987
A39: Rate of pop growth (/ period) | C39: =+C38/B38-1 -> 0.049590134 | D39: =+D38/C38-1 -> 0.042249937 | E39: =+E38/D38-1 -> 0.03601479 | F39: =+F38/E38-1 -> 0.030713328 | G39: =+G38/F38-1 -> 0.026202096 | H39: =+H38/G38-1 -> 0.022360654 | I39: =+I38/H38-1 -> 0.019087627 | J39: =+J38/I38-1 -> 0.0162975 | ... CD39: =+CD38/CC38-1 -> 2.0425191e-07
A40: GLOBAL PARAMETERS (see * at line 102 below)
A41: Global Environmental Variables
A42: Atmospheric CO2 (ppm) | B42: =+B116 -> 416.20258 | C42: =+C116 -> 429.86938 | D42: =+D116 -> 441.16026 | E42: =+E116 -> 450.54886 | F42: =+F116 -> 459.5847 | G42: =+G116 -> 467.78788 | H42: =+H116 -> 474.73308 | I42: =+I116 -> 480.54017 | ... CD42: =+CD116 -> 288.99019
A43: Atmospheric temperature (degrees Celsius above preindustrial) | B43: =+B138 -> 1.247154 | C43: =+C138 -> 1.4246536 | D43: =+D138 -> 1.5460801 | E43: =+E138 -> 1.6387056 | F43: =+F138 -> 1.7178799 | G43: =+G138 -> 1.7886061 | H43: =+H138 -> 1.8506901 | I43: =+I138 -> 1.9043174 | ... CD43: =+CD138 -> 0.54956441
A44: ENDOGENOUS ECONOMIC VARIABLES
A45: OUTPUT (trillions of 2019$)
A46: Output gross of abatement and damages | B46: =B15*B58^$B5*(B38/1000)^(1-$B5) -> 134.89144 | C46: =C15*C58^$B5*(C38/1000)^(1-$B5) -> 156.52206 | D46: =D15*D58^$B5*(D38/1000)^(1-$B5) -> 180.2069 | E46: =E15*E58^$B5*(E38/1000)^(1-$B5) -> 205.9918 | F46: =F15*F58^$B5*(F38/1000)^(1-$B5) -> 233.92007 | G46: =G15*G58^$B5*(G38/1000)^(1-$B5) -> 264.32647 | H46: =H15*H58^$B5*(H38/1000)^(1-$B5) -> 297.3983 | I46: =I15*I58^$B5*(I38/1000)^(1-$B5) -> 333.31336 | ... CD46: =CD15*CD58^$B5*(CD38/1000)^(1-$B5) -> 74445.514
A47: Total damage (% gross output) | B47: =$B$20*(B43^$B$21) -> 0.0053925479 | C47: =$B$20*(C43^$B$21) -> 0.0070367541 | D47: =$B$20*(D43^$B$21) -> 0.0082873905 | E47: =E43*$B$19 +( $B$20*(E43^$B$21)) -> 0.0093101296 | F47: =F43*$B$19 +( $B$20*(F43^$B$21)) -> 0.010231503 | G47: =G43*$B$19 +( $B$20*(G43^$B$21)) -> 0.01109132 | H47: =H43*$B$19 +( $B$20*(H43^$B$21)) -> 0.011874662 | I47: =I43*$B$19 +( $B$20*(I43^$B$21)) -> 0.012572815 | J47: =J43*$B$19 +( $B$20*(J43^$B$21)) -> 0.013158034 | K47: =K43*$B$19 +( $B$20*(K43^$B$21)) -> 0.013588026 | L47: =L43*$B$19 +( $B$20*(L43^$B$21)) -> 0.013819447 | ... CD47: =CD43*$B$19 +( $B$20*(CD43^$B$21)) -> 0.0010471069
A48: Climate damages | B48: =B47*B46 -> 0.72740853 | C48: =C47*C46 -> 1.1014072 | D48: =D47*D46 -> 1.493445 | E48: =E47*E46 -> 1.9178103 | F48: =F47*F46 -> 2.393354 | G48: =G47*G46 -> 2.9317296 | H48: =H47*H46 -> 3.5315044 | I48: =I47*I46 -> 4.1906871 | ... CD48: =CD47*CD46 -> 77.952415
A49: Output after damages before abatement | B49: =+B46-B48 -> 134.16403 | C49: =+C46-C48 -> 155.42065 | D49: =+D46-D48 -> 178.71346 | E49: =+E46-E48 -> 204.07399 | F49: =+F46-F48 -> 231.52672 | G49: =+G46-G48 -> 261.39474 | H49: =+H46-H48 -> 293.8668 | I49: =+I46-I48 -> 329.12267 | ... CD49: =+CD46-CD48 -> 74367.562
A50: Abatement cost (% of output) | B50: =(B23*(B71)^$B27) -> 4.5185012e-05 | C50: =(C23*(C71)^$B27) -> 0.00023970998 | D50: =(D23*(D71)^$B27) -> 0.0020488973 | E50: =(E23*(E71)^$B27) -> 0.0051744085 | F50: =(F23*(F71)^$B27) -> 0.0067333353 | G50: =(G23*(G71)^$B27) -> 0.0085636371 | H50: =(H23*(H71)^$B27) -> 0.010929929 | I50: =(I23*(I71)^$B27) -> 0.01361125 | ... CD50: =(CD23*(CD71)^$B27) -> 0.0036649978
A51: Abatement cost | B51: =+B46*B50 -> 0.0060950712 | C51: =+C46*C50 -> 0.0375199 | D51: =+D46*D50 -> 0.36922543 | E51: =+E46*E50 -> 1.0658857 | F51: =+F46*F50 -> 1.5750623 | G51: =+G46*G50 -> 2.263596 | H51: =+H46*H50 -> 3.2505422 | I51: =+I46*I50 -> 4.5368116 | ... CD51: =+CD46*CD50 -> 272.84264
A52: Net output net of damages and abatement | B52: =+B49-B51 -> 134.15793 | C52: =+C49-C51 -> 155.38313 | D52: =+D49-D51 -> 178.34423 | E52: =+E49-E51 -> 203.0081 | F52: =+F49-F51 -> 229.95166 | G52: =+G49-G51 -> 259.13115 | H52: =+H49-H51 -> 290.61625 | I52: =+I49-I51 -> 324.58586 | ... CD52: =+CD49-CD51 -> 74094.719
A53: EMISSIONS
A54: Total carbon emissions (GTCO2 per year) | B54: =+B150 -> 42.941013 | C54: =+C150 -> 42.856471 | D54: =+D150 -> 38.080186 | E54: =+E150 -> 33.697834 | F54: =+F150 -> 32.156779 | G54: =+G150 -> 30.103263 | H54: =+H150 -> 27.182643 | I54: =+I150 -> 24.3175 | ... CD54: =+CD150 -> 0
A55: Industrial emissions (GTCO2 per year) | B55: =+B151 -> 37.3362 | C55: =+C151 -> 38.077471 | D55: =+D151 -> 34.448146 | E55: =+E151 -> 30.94513 | F55: =+F151 -> 29.903901 | G55: =+G151 -> 28.293856 | H55: =+H151 -> 25.780665 | I55: =+I151 -> 23.241207 | ... CD55: =+CD151 -> 0
A56: CAPITAL ACCUMULATION
A57: Gross investment ($trill per year, 2019$) | B57: =(B69)*B52 -> 34.068527 | C57: =(C69)*C52 -> 39.154128 | D57: =(D69)*D52 -> 44.614301 | E57: =(E69)*E52 -> 50.406475 | F57: =(F69)*F52 -> 56.918007 | G57: =(G69)*G52 -> 64.054852 | H57: =(H69)*H52 -> 71.829242 | I57: =(I69)*I52 -> 80.375395 | ... CD57: =(CD69)*CD52 -> 20746.521
A58: Capital ($trill, 2019$) | B58: =+B8 -> 295 | C58: =+B58*(1-$B$6)^5+B57*5 -> 344.53718 | D58: =+C58*(1-$B$6)^5+C57*5 -> 399.2164 | E58: =+D58*(1-$B$6)^5+D57*5 -> 458.8048 | F58: =+E58*(1-$B$6)^5+E57*5 -> 522.95202 | G58: =+F58*(1-$B$6)^5+F57*5 -> 593.38797 | H58: =+G58*(1-$B$6)^5+G57*5 -> 670.66392 | I58: =+H58*(1-$B$6)^5+H57*5 -> 755.16655 | J58: =+I58*(1-$B$6)^5+I57*5 -> 847.79527 | ... CD58: =+CC58*(1-$B$6)^5+CC57*5 -> 222978.41
A59: WELFARE
A60: Consumption ($trill per year) | B60: =B52-B57 -> 100.08941 | C60: =C52-C57 -> 116.229 | D60: =D52-D57 -> 133.72993 | E60: =E52-E57 -> 152.60163 | F60: =F52-F57 -> 173.03365 | G60: =G52-G57 -> 195.0763 | H60: =H52-H57 -> 218.78701 | I60: =I52-I57 -> 244.21047 | ... CD60: =CD52-CD57 -> 53348.198
A61: Net capital accumulation ($trill per year) | B61: =+C61 -> 9.9074368 | C61: =+(C58-B58)/(C2-B2) -> 9.9074368 | D61: =+(D58-C58)/(D2-C2) -> 10.935844 | E61: =+(E58-D58)/(E2-D2) -> 11.917679 | F61: =+(F58-E58)/(F2-E2) -> 12.829444 | G61: =+(G58-F58)/(G2-F2) -> 14.08719 | H61: =+(H58-G58)/(H2-G2) -> 15.45519 | I61: =+(I58-H58)/(I2-H2) -> 16.900526 | J61: =+(J58-I58)/(J2-I2) -> 18.525744 | ... CD61: =+(CD58-CC58)/(CD2-CC2) -> 2370.7668
A62: Net National Income (Consumption basis) | B62: =+SUM(B60:B61) -> 109.99684 | C62: =+SUM(C60:C61) -> 126.13644 | D62: =+SUM(D60:D61) -> 144.66578 | E62: =+SUM(E60:E61) -> 164.51931 | F62: =+SUM(F60:F61) -> 185.86309 | G62: =+SUM(G60:G61) -> 209.16349 | H62: =+SUM(H60:H61) -> 234.2422 | I62: =+SUM(I60:I61) -> 261.11099 | ... CD62: =+SUM(CD60:CD61) -> 55718.964
A63: Consumption per capita ($thous per year) | B63: =(B60/B38)*1000 -> 12.909931 | C63: =(C60/C38)*1000 -> 14.283367 | D63: =(D60/D38)*1000 -> 15.767862 | E63: =(E60/E38)*1000 -> 17.367504 | F63: =(F60/F38)*1000 -> 19.106051 | G63: =(G60/G38)*1000 -> 20.989977 | H63: =(H60/H38)*1000 -> 23.026337 | I63: =(I60/I38)*1000 -> 25.220638 | ... CD63: =(CD60/CD38)*1000 -> 4928.2459
A64: Utility of p. c. consumption | B64: =((B63)^(1-$B$11)-1)/(1-$B$11)-1 -> 1.7287835 | C64: =((C63)^(1-$B$11)-1)/(1-$B$11)-1 -> 1.843967 | D64: =((D63)^(1-$B$11)-1)/(1-$B$11)-1 -> 1.9571851 | E64: =((E63)^(1-$B$11)-1)/(1-$B$11)-1 -> 2.0683677 | F64: =((F63)^(1-$B$11)-1)/(1-$B$11)-1 -> 2.1786716 | G64: =((G63)^(1-$B$11)-1)/(1-$B$11)-1 -> 2.2879143 | H64: =((H63)^(1-$B$11)-1)/(1-$B$11)-1 -> 2.3959799 | I64: =((I63)^(1-$B$11)-1)/(1-$B$11)-1 -> 2.5027023 | ... CD64: =((CD63)^(1-$B$11)-1)/(1-$B$11)-1 -> 9.5959973
A65: Total period utility | B65: =+B64*B38*B13 -> 13403.086 | C65: =+C64*C38*C13 -> 13190.725 | D65: =+D64*D38*D13 -> 12856.748 | E65: =+E64*E38*E13 -> 12430.405 | F65: =+F64*F38*F13 -> 11944.292 | G65: =+G64*G38*G13 -> 11418.149 | H65: =+H64*H38*H13 -> 10868.74 | I65: =+I64*I38*I13 -> 10309.429 | ... CD65: =+CD64*CD38*CD13 -> 224.82879
A66: Discounted utility (in trillions 2019$) | B66: =SUM(B65:CD65)*5*B34+B35 -> 6647.0078 | C66: 6647.0075 | D66: =+B66-C66 -> 0.00031645968 | F66: GAMS | G66: =+B170 -> 6647.1152 | H66: =+B66-G66 -> -0.10737546 | AC66: =+AC65/AC59 -> #DIV/0! | AD66: =+AD65/AD59 -> #DIV/0! | AE66: =+AE65/AE59 -> #DIV/0! | AF66: =+AF65/AF59 -> #DIV/0! | AG66: =+AG65/AG59 -> #DIV/0! | AH66: =+AH65/AH59 -> #DIV/0! | AI66: =+AI65/AI59 -> #DIV/0! | AJ66: =+AJ65/AJ59 -> #DIV/0! | AK66: =+AK65/AK59 -> #DIV/0! | BG66: =+BG65/BG59 -> #DIV/0! | BH66: =+BH65/BH59 -> #DIV/0! | BI66: =+BI65/BI59 -> #DIV/0! | BJ66: =+BJ65/BJ59 -> #DIV/0! | BK66: =+BK65/BK59 -> #DIV/0! | BL66: =+BL65/BL59 -> #DIV/0!
A67: Control variables: Optimized for 2025 and beyond.
A68: Year | B68: 2020 | C68: 2025 | D68: 2030 | E68: 2035 | F68: 2040 | G68: 2045 | H68: 2050 | I68: 2055 | J68: 2060 | K68: 2065 | L68: 2070 | M68: 2075 | N68: 2080 | O68: 2085 | P68: 2090 | Q68: 2095 | R68: 2100 | S68: 2105 | T68: 2110 | U68: 2115 | V68: 2120 | W68: 2125 | X68: 2130 | Y68: 2135 | Z68: 2140 | AA68: 2145 | AB68: 2150 | AC68: 2155 | AD68: 2160 | AE68: 2165 | AF68: 2170 | AG68: 2175 | AH68: 2180 | AI68: 2185 | AJ68: 2190 | AK68: 2195 | AL68: 2200 | AM68: 2205 | AN68: 2210 | AO68: 2215 | AP68: 2220 | AQ68: 2225 | AR68: 2230 | AS68: 2235 | AT68: 2240 | AU68: 2245 | AV68: 2250 | AW68: 2255 | AX68: 2260 | AY68: 2265 | AZ68: 2270 | BA68: 2275 | BB68: 2280 | BC68: 2285 | BD68: 2290 | BE68: 2295 | BF68: 2300 | BG68: 2305 | BH68: 2310 | BI68: 2315 | BJ68: 2320 | BK68: 2325 | BL68: 2330 | BM68: 2335 | BN68: 2340 | BO68: 2345 | BP68: 2350 | BQ68: 2355 | BR68: 2360 | BS68: 2365 | BT68: 2370 | BU68: 2375 | BV68: 2380 | BW68: 2385 | BX68: 2390 | BY68: 2395 | BZ68: 2400 | CA68: 2405 | CB68: 2410 | CC68: 2415 | CD68: 2420
A69: Savings rate (optimized) | B69: 0.25394344 | C69: 0.25198442 | D69: 0.25015836 | E69: 0.24829785 | F69: 0.24752162 | G69: 0.24719086 | H69: 0.24716182 | I69: 0.24762445 | J69: 0.24838611 | K69: 0.24916244 | L69: 0.24943002 | M69: 0.24926201 | N69: 0.25074749 | O69: 0.25168508 | P69: 0.25249006 | Q69: 0.25320726 | R69: 0.25376202 | S69: 0.25522596 | T69: 0.25601408 | U69: 0.25704735 | V69: 0.25820429 | W69: 0.25960452 | X69: 0.26143793 | Y69: 0.26253767 | Z69: 0.26338841 | AA69: 0.26440935 | AB69: 0.26578752 | AC69: 0.26707803 | AD69: 0.26832399 | AE69: 0.26955374 | AF69: 0.27077502 | AG69: 0.27198708 | AH69: 0.27318062 | AI69: 0.27433389 | AJ69: 0.27540323 | AK69: 0.27630396 | AL69: 0.27687406 | AM69: 0.28 | AN69: 0.28 | AO69: 0.28 | AP69: 0.28 | AQ69: 0.28 | AR69: 0.28 | AS69: 0.28 | AT69: 0.28 | AU69: 0.28 | AV69: 0.28 | AW69: 0.28 | AX69: 0.28 | AY69: 0.28 | AZ69: 0.28 | BA69: 0.28 | BB69: 0.28 | BC69: 0.28 | BD69: 0.28 | BE69: 0.28 | BF69: 0.28 | BG69: 0.28 | BH69: 0.28 | BI69: 0.28 | BJ69: 0.28 | BK69: 0.28 | BL69: 0.28 | BM69: 0.28 | BN69: 0.28 | BO69: 0.28 | BP69: 0.28 | BQ69: 0.28 | BR69: 0.28 | BS69: 0.28 | BT69: 0.28 | BU69: 0.28 | BV69: 0.28 | BW69: 0.28 | BX69: 0.28 | BY69: 0.28 | BZ69: 0.28 | CA69: 0.28 | CB69: 0.28 | CC69: 0.28 | CD69: 0.28
A70: Savings rate (GAMS) | B70: =+B189 -> 0.25394344 | C70: =+C189 -> 0.25198442 | D70: =+D189 -> 0.25015836 | E70: =+E189 -> 0.24829785 | F70: =+F189 -> 0.24752162 | G70: =+G189 -> 0.24719086 | H70: =+H189 -> 0.24716182 | I70: =+I189 -> 0.24762445 | ... CD70: =+CD189 -> 0.28
A71: Emissions Control Rate (exogenous in baseline) | B71: 0.05 | C71: 0.1 | D71: 0.24 | E71: 0.36 | F71: 0.41800984 | G71: 0.4806361 | H71: 0.5528695 | I71: 0.6186 | J71: 0.6926182 | K71: 0.77540092 | L71: 0.86400555 | M71: 0.93529837 | N71: 0.94041092 | O71: 0.95483668 | P71: 0.96801245 | Q71: 0.97880296 | R71: 0.98787408 | S71: 0.96680534 | T71: 0.976094 | U71: 0.97973385 | V71: 0.98389791 | W71: 0.9873698 | X71: 0.99035125 | Y71: 1.0333685 | Z71: 1.0773958 | AA71: 1.1 | AB71: 1.1 | AC71: 1.1 | AD71: 1.1 | AE71: 1.1 | AF71: 1.1 | AG71: 1.1 | AH71: 1.1 | AI71: 1.1 | AJ71: 1.1 | AK71: 1.1 | AL71: 1.1 | AM71: 1.05 | AN71: 1.05 | AO71: 1.05 | AP71: 1.05 | AQ71: 1.05 | AR71: 1.05 | AS71: 1.05 | AT71: 1.05 | AU71: 1.05 | AV71: 1.05 | AW71: 1.05 | AX71: 1.05 | AY71: 1.05 | AZ71: 1.05 | BA71: 1.0399073 | BB71: 1.0122537 | BC71: 1.013636 | BD71: 1.0108502 | BE71: 0.9939828 | BF71: 1.0219528 | BG71: 1 | BH71: 1 | BI71: 1 | BJ71: 1 | BK71: 1 | BL71: 1 | BM71: 1 | BN71: 1 | BO71: 1 | BP71: 1 | BQ71: 1 | BR71: 1 | BS71: 1 | BT71: 1 | BU71: 1 | BV71: 1 | BW71: 1 | BX71: 1 | BY71: 1 | BZ71: 1 | CA71: 1 | CB71: 1 | CC71: 1 | CD71: 1
A72: Emissions Control Rate (GAMS from output) | B72: =+B180 -> 0.05 | C72: =+C180 -> 0.1 | D72: =+D180 -> 0.24 | E72: =+E180 -> 0.36 | F72: =+F180 -> 0.41800984 | G72: =+G180 -> 0.4806361 | H72: =+H180 -> 0.5528695 | I72: =+I180 -> 0.61863154 | ... CD72: =+CD180 -> 1
A73: Carbon price abate (function of ECR) | B73: =+B25*B71^($B$27-1) -> 5.7603329 | C73: =+C25*C71^($B$27-1) -> 16.610429 | D73: =+D25*D71^($B$27-1) -> 64.121565 | E73: =+E25*E71^($B$27-1) -> 116.69047 | F73: =+F25*F71^($B$27-1) -> 140.97272 | G73: =+G25*G71^($B$27-1) -> 167.6595 | H73: =+H25*H71^($B$27-1) -> 199.52781 | I73: =+I25*I71^($B$27-1) -> 237.62472 | ... CD73: =+CD25*CD71^($B$27-1) -> 355.72818
A74: Carbon price (Gams) | B74: =B179 -> 5.7603329 | C74: =C179 -> 16.610429 | D74: =D179 -> 64.121565 | E74: =E179 -> 116.69047 | F74: =F179 -> 140.97272 | G74: =G179 -> 167.6595 | H74: =H179 -> 199.52781 | I74: =I179 -> 237.64411 | ... CD74: =CD179 -> 355.72818
A75: SCC, From numberical (PV price), from delta E calc
A76: SCC, From optimized in BASE | B76: =-B75 -> 0 | C76: 39.293371 | D76: 49.083241 | E76: =-E75*(1.0445)^15 -> 0
A77: SCC (GAMS) | B77: =+B181 -> 75.678427 | C77: =+C181 -> 89.033444 | D77: =+D181 -> 106.86343 | E77: =+E181 -> 127.55307 | F77: =+F181 -> 151.71567 | G77: =+G181 -> 179.99932 | H77: =+H181 -> 213.1278 | I77: =+I181 -> 251.95336 | ... CD77: =+CD181 -> 449.00998
A78: DERIVATION OF DISCOUNT RATES
A79: Components of discount rate
A80: Time and risk preference | B80: =+(C13/B13)^-0.2 -> 1.0261094 | C80: =+(D13/C13)^-0.2 -> 1.0256463 | D80: =+(E13/D13)^-0.2 -> 1.0251833 | E80: =+(F13/E13)^-0.2 -> 1.0247203 | F80: =+(G13/F13)^-0.2 -> 1.0242574 | G80: =+(H13/G13)^-0.2 -> 1.0237945 | H80: =+(I13/H13)^-0.2 -> 1.0233317 | I80: =+(J13/I13)^-0.2 -> 1.0228689 | ... CD80: =+(CE13/CD13)^-0.2 -> #DIV/0!
A81: Ratio MU | B81: =+((C63/B63)^($B$11))^0.2 -> 1.0193944 | C81: =+((D63/C63)^($B$11))^0.2 -> 1.0189644 | D81: =+((E63/D63)^($B$11))^0.2 -> 1.0185287 | E81: =+((F63/E63)^($B$11))^0.2 -> 1.0182921 | F81: =+((G63/F63)^($B$11))^0.2 -> 1.0180282 | G81: =+((H63/G63)^($B$11))^0.2 -> 1.0177485 | H81: =+((I63/H63)^($B$11))^0.2 -> 1.017445 | I81: =+((J63/I63)^($B$11))^0.2 -> 1.017133 | ... CD81: =+((CE63/CD63)^($B$11))^0.2 -> 0
A82: Product | B82: =+B81*B80 -> 1.0460103 | C82: =+C81*C80 -> 1.0450971 | D82: =+D81*D80 -> 1.0441786 | E82: =+E81*E80 -> 1.0434646 | F82: =+F81*F80 -> 1.0427229 | G82: =+G81*G80 -> 1.0419653 | H82: =+H81*H80 -> 1.0411837 | I82: =+I81*I80 -> 1.0403938 | ... CD82: =+CD81*CD80 -> #DIV/0!
A83: Consumption discount rate | C83: =+B82-1 -> 0.046010259 | D83: =+D82-1 -> 0.044178632 | E83: =+E82-1 -> 0.043464606 | F83: =+F82-1 -> 0.042722898 | G83: =+G82-1 -> 0.041965306 | H83: =+H82-1 -> 0.041183704 | I83: =+I82-1 -> 0.040393769 | J83: =+J82-1 -> 0.039635666 | K83: =+K82-1 -> 0.038994809 | ... CD83: =+CD82-1 -> #DIV/0!
A84: Real interest rate GAMS | B84: =+B183 -> 0 | C84: =+C183 -> 0.04498297 | D84: =+D183 -> 0.044109983 | E84: =+E183 -> 0.043230922 | F84: =+F183 -> 0.042547053 | G84: =+G183 -> 0.041835632 | H84: =+H183 -> 0.04110841 | I84: =+I183 -> 0.040357457 | ... CD84: =+CD183 -> 0.0255372
